Workbook

Sheet Forside
B1: Budsjetteringsmaler Universitetet i Oslo
B2: Velg type mal i nedtrekksmenyene under og faner vises automatisk
B3: Kategorisering
B4: Oppdrag
B6: Søknadstype - oppdrag
B7: Konferansebudsjett
B9: Søknadstype - bidrag
B10: Ordinære NFR prosjekter
A40: 45686

Sheet Registrering
A2: Konferanseinformasjon:
A3: Navn på konferansen
A4: Ansvarlig for konferansen
A5: BDM for konferansen
A6: Koststed for konferansen
A7: Kort begrunnelse for prosjektes faglige interesse* (Manglende eller dårlig begrunnelse vil kunne medføre avvist prosjektoppretting)
A12: Kort begrunnelse for kategorisering (bidrag/oppdrag)* (Manglende eller dårlig begrunnelse vil kunne medføre avvist prosjektoppretting)
A17: Prosjektnummer (om opprettet)
A18: Saksnummer i ephorte (om opprettet)
A19: Prosjektperiode
A20: Prosjektstart (dd.mm.år)
A21: Prosjektets (avtaleperioden) start*
... A27: Prosjektkategorisering (Oppdrag eller Bidrag)*
A28: Finansieringstype* | H28: Legg inn prosentsats
A29: Prosjekttype (overheadkostnader)*
A30: Rebudsjettering
A31: Beskrivelse av endringer
A36: Fra når gjelder rebudsjetteringene
A37: Ny sluttdato
A38: Oppdrag/Salg
A39: Påslag uforutsette hendelser (%)
A40: Påslag fortjeneste (%) | B40: 0.1
A41: Merverdiavgift | B41: 0.25
A42: Hvis ikke merverdiavgift, angi årsak
A44: Konferanser
A45: Antall betalende deltakere
A46: Antall deltakere hvor UiO har utlegg på vegne av disse (f.eks overnatting, lunch, gallamiddag, eskursjoner o.l.)
A47: Eventuelle offentlig tilskudd til gjennomføring (F.eks fra NFR)
A48: Sponsorinntekter (fakturert ink. Mva)
A49: Påslag for indirekte kostnader | B49: 0.4
B50: Vitenskapelig | E50: Teknisk/administrativ
B51: =IF(B29="",0,VLOOKUP(B29,Tabeller!$G$8:$J$13,2,FALSE)) -> 0 | E51: =IF(B29="",0,VLOOKUP(B29,Tabeller!$G$8:$J$13,3,FALSE)) -> 0
A52: Pris- lønnsjustering
A53: Årlig lønnsjustering i hele prosjektperioden | B53: Ja
B54: År 1 | E54: År 2 | J54: Videre
B55: 0 | E55: =Tabeller!L32 -> 0.035 | J55: 0.035

Sheet Budsjett
A1: Alle beløp er angitt i hele kroner | C1: Prosjekttittel: | D1: =Registrering!B3 -> 0 | AR1: LØNNS- OG DRIFTSKOSTNADER | AX1: =AR4*K96 -> 0 | BF1: OVERHEADKOSTNADER | BU1: Eksternt finansiert overhead | CJ1: Internt finansiert overhead | CY1: Ekstern finansiering | DO1: NFR | EE1: Private | EU1: Internasjonale | FK1: Offentlige | GB1: Egenandel | GS1: Overhead i henhold til TDI
C2: =C8+C14 -> -514469.49 | D2: =D8+D14 -> 435848.41 | E2: =C2+D2 -> -78621.082 | F2: =E2/D2 -> -0.1803863 | K2: REGISTRER MÅNEDSVERK
B3: Prosjektansatte | C3: Inntekter | D3: Lønn og sos. kostn. | E3: Overhead | F3: Totalt | G3: Årsv | H3: Finansiør | I3: Årslønn | J3: Navn | K3: =Tabeller!D1 -> 1 | L3: =K3+1 -> 2 | M3: =L3+1 -> 3 | N3: =M3+1 -> 4 | O3: =N3+1 -> 5 | P3: =O3+1 -> 6 | Q3: =P3+1 -> 7 | R3: =Q3+1 -> 8 | S3: =R3+1 -> 9 | ... W3: =V3+1 -> 13 | AG3: Bruttolønn | AH3: inkl lønnsv. | AI3: Lønn | AJ3: Feriep | AK3: AGA | AL3: Pensjon | AM3: inkl sos.avg. | AN3: inkl. ind.kost. | AO3: Timesats | AR3: =K3 -> 1 | AS3: =L3 -> 2 | AT3: =M3 -> 3 | AU3: =N3 -> 4 | AV3: =O3 -> 5 | AW3: =P3 -> 6 | AX3: =Q3 -> 7 | AY3: =R3 -> 8 | ... BD3: =W3 -> 13 | BF3: =AR3 -> 1 | BG3: =AS3 -> 2 | BH3: =AT3 -> 3 | BI3: =AU3 -> 4 | BJ3: =AV3 -> 5 | BK3: =AW3 -> 6 | BL3: =AX3 -> 7 | BM3: =AY3 -> 8 | ... BR3: =BD3 -> 13 | BU3: =BF3 -> 1 | BV3: =BG3 -> 2 | BW3: =BH3 -> 3 | BX3: =BI3 -> 4 | BY3: =BJ3 -> 5 | BZ3: =BK3 -> 6 | CA3: =BL3 -> 7 | CB3: =BM3 -> 8 | ... CG3: =BR3 -> 13 | CJ3: =CY3 -> 1 | CK3: =CZ3 -> 2 | CL3: =DA3 -> 3 | CM3: =DB3 -> 4 | CN3: =DC3 -> 5 | CO3: =DD3 -> 6 | CP3: =DE3 -> 7 | CQ3: =DF3 -> 8 | ... CV3: =DK3 -> 13 | CY3: =BU3 -> 1 | CZ3: =BV3 -> 2 | DA3: =BW3 -> 3 | DB3: =BX3 -> 4 | DC3: =BY3 -> 5 | DD3: =BZ3 -> 6 | DE3: =CA3 -> 7 | DF3: =CB3 -> 8 | ... DK3: =CG3 -> 13 | DL3: Totalt | DP3: =BU3 -> 1 | DQ3: =BV3 -> 2 | DR3: =BW3 -> 3 | DS3: =BX3 -> 4 | DT3: =BY3 -> 5 | DU3: =BZ3 -> 6 | DV3: =CA3 -> 7 | DW3: =CB3 -> 8 | ... EB3: =CG3 -> 13 | EC3: Totalt | EF3: =CJ3 -> 1 | EG3: =CK3 -> 2 | EH3: =CL3 -> 3 | EI3: =CM3 -> 4 | EJ3: =CN3 -> 5 | EK3: =CO3 -> 6 | EL3: =CP3 -> 7 | EM3: =CQ3 -> 8 | ... ER3: =CV3 -> 13 | ES3: Totalt | EV3: =CY3 -> 1 | EW3: =CZ3 -> 2 | EX3: =DA3 -> 3 | EY3: =DB3 -> 4 | EZ3: =DC3 -> 5 | FA3: =DD3 -> 6 | FB3: =DE3 -> 7 | FC3: =DF3 -> 8 | ... FI3: =DL3 -> Totalt | FL3: =DP3 -> 1 | FM3: =DQ3 -> 2 | FN3: =DR3 -> 3 | FO3: =DS3 -> 4 | FP3: =DT3 -> 5 | FQ3: =DU3 -> 6 | FR3: =DV3 -> 7 | FS3: =DW3 -> 8 | ... FY3: =EC3 -> Totalt | GC3: =EF3 -> 1 | GD3: =EG3 -> 2 | GE3: =EH3 -> 3 | GF3: =EI3 -> 4 | GG3: =EJ3 -> 5 | GH3: =EK3 -> 6 | GI3: =EL3 -> 7 | GJ3: =EM3 -> 8 | ... GP3: =ES3 -> Totalt | GS3: =AR3 -> 1 | GT3: =AS3 -> 2 | GU3: =AT3 -> 3 | GV3: =AU3 -> 4 | GW3: =AV3 -> 5 | GX3: =AW3 -> 6 | GY3: =AX3 -> 7 | GZ3: =AY3 -> 8 | ... HE3: =BD3 -> 13
C4: =IF(Registrering!$B$28="Fast beløp",0,IF(Registrering!$B$28="Sats for ekst. fin. overhead",0,DL4)) -> 0 | D4: =SUM(AR4:BD4) -> 0 | E4: =IFERROR(SUM(BF4:BR4),0) -> 0 | F4: =SUM(D4:E4) -> 0 | G4: =SUM(K4:W4)/12 -> 0 | AG4: =I4 -> 0 | AH4: =AG4*Tabeller!$I$35 -> 0 | AI4: =IF(AG4>0,(AH4-400)/52*47,0) -> 0 | AJ4: =AI4*Tabeller!$H$26 -> 0 | AK4: =SUM(AI4:AJ4,AL4)*Tabeller!$H$27 -> 0 | AL4: =AH4*Tabeller!$H$28 -> 0 | AM4: =SUM(AI4:AL4) -> 0 | AN4: =AM4+(IF(B4="Teknisk adm bistand",Registrering!$E$51,Registrering!$B$51)) -> 0 | AO4: =AN4/Tabeller!$H$5 -> 0 | AR4: =((K4*Budsjett!$AM4))/12 -> 0 | AS4: =((L4*Budsjett!$AM4)*(Tabeller!J$35))/12 -> 0 | AT4: =((M4*Budsjett!$AM4)*(Tabeller!K$35))/12 -> 0 | AU4: =((N4*Budsjett!$AM4)*(Tabeller!L$35))/12 -> 0 | AV4: =((O4*Budsjett!$AM4)*(Tabeller!M$35))/12 -> 0 | AW4: =((P4*Budsjett!$AM4)*(Tabeller!N$35))/12 -> 0 | AX4: =((Q4*Budsjett!$AM4)*(Tabeller!O$35))/12 -> 0 | AY4: =((R4*Budsjett!$AM4)*(Tabeller!P$35))/12 -> 0 | AZ4: =((S4*Budsjett!$AM4)*(Tabeller!Q$35))/12 -> 0 | ... BD4: =((W4*Budsjett!$AM4)*(Tabeller!U$35))/12 -> 0 | BF4: =IFERROR(IF($E$83>$E$82,BU4,GS4),0) -> 0 | BG4: =IFERROR(IF($E$83>$E$82,BV4,GT4),0) -> 0 | BH4: =IFERROR(IF($E$83>$E$82,BW4,GU4),0) -> 0 | BI4: =IFERROR(IF($E$83>$E$82,BX4,GV4),0) -> 0 | BJ4: =IFERROR(IF($E$83>$E$82,BY4,GW4),0) -> 0 | BK4: =IFERROR(IF($E$83>$E$82,BZ4,GX4),0) -> 0 | BL4: =IFERROR(IF($E$83>$E$82,CA4,GY4),0) -> 0 | BM4: =IFERROR(IF($E$83>$E$82,CB4,GZ4),0) -> 0 | ... BR4: =IFERROR(IF($E$83>$E$82,CG4,HE4),0) -> 0 | BU4: =IFERROR(IF($E$85=$E$84,AR4*$E$85,AR4*Budsjett!$E$84),0) -> 0 | BV4: =IFERROR(IF($E$85=$E$84,AS4*$E$85,AS4*Budsjett!$E$84),0) -> 0 | BW4: =IFERROR(IF($E$85=$E$84,AT4*$E$85,AT4*Budsjett!$E$84),0) -> 0 | BX4: =IFERROR(IF($E$85=$E$84,AU4*$E$85,AU4*Budsjett!$E$84),0) -> 0 | BY4: =IFERROR(IF($E$85=$E$84,AV4*$E$85,AV4*Budsjett!$E$84),0) -> 0 | BZ4: =IFERROR(IF($E$85=$E$84,AW4*$E$85,AW4*Budsjett!$E$84),0) -> 0 | CA4: =IFERROR(IF($E$85=$E$84,AX4*$E$85,AX4*Budsjett!$E$84),0) -> 0 | CB4: =IFERROR(IF($E$85=$E$84,AY4*$E$85,AY4*Budsjett!$E$84),0) -> 0 | ... CG4: =IFERROR(IF($E$85=$E$84,BD4*$E$85,BD4*Budsjett!$E$84),0) -> 0 | CJ4: =BF4-BU4 -> 0 | CK4: =BG4-BV4 -> 0 | CL4: =BH4-BW4 -> 0 | CM4: =BI4-BX4 -> 0 | CN4: =BJ4-BY4 -> 0 | CO4: =BK4-BZ4 -> 0 | CP4: =BL4-CA4 -> 0 | CQ4: =BM4-CB4 -> 0 | ... CV4: =BR4-CG4 -> 0 | CX4: =B4 -> 0 | CY4: =-((IF($CX4="Teknisk/adm. bistand/Feltassistent",IF(Budsjett!AR4*(1+Tabeller!$I$62)>Tabeller!I$55,Tabeller!I$55,Budsjett!AR4*(1+Tabeller!$I$62)),0)+(IF($CX4="Forsker - professor",Tabeller!I$55*K4,0)+IF($CX4="Prosjektleder/adm.leder",Tabeller!I$54*K4,0)+IF($CX4="Forsker - 1.aman.",Tabeller!I$56*K4,0)+IF($CX4="Gjesteforsker",Tabeller!I$58*K4,0)+IF($CX4="Postdoktor / forsker",Tabeller!I$59*K4,0)+IF($CX4="Stipendiat",Tabeller!I$60*K4,0)+IF($CX4="Forsker (rundsum)",Tabeller!I$57*K4,0)+IF($CX4="Vit.ass",Tabeller!I$61*K4,0))/12)) -> 0 | CZ4: =-((IF($CX4="Teknisk/adm. bistand/Feltassistent",IF(Budsjett!AS4*(1+Tabeller!$I$62)>Tabeller!J$55,Tabeller!J$55,Budsjett!AS4*(1+Tabeller!$I$62)),0)+(IF($CX4="Forsker - professor",Tabeller!J$55*L4,0)+IF($CX4="Prosjektleder/adm.leder",Tabeller!J$54*L4,0)+IF($CX4="Forsker - 1.aman.",Tabeller!J$56*L4,0)+IF($CX4="Gjesteforsker",Tabeller!J$58*L4,0)+IF($CX4="Postdoktor / forsker",Tabeller!J$59*L4,0)+IF($CX4="Stipendiat",Tabeller!J$60*L4,0)+IF($CX4="Forsker (rundsum)",Tabeller!J$57*L4,0)+IF($CX4="Vit.ass",Tabeller!J$61*L4,0))/12)) -> 0 | DA4: =-((IF($CX4="Teknisk/adm. bistand/Feltassistent",IF(Budsjett!AT4*(1+Tabeller!$I$62)>Tabeller!K$55,Tabeller!K$55,Budsjett!AT4*(1+Tabeller!$I$62)),0)+(IF($CX4="Forsker - professor",Tabeller!K$55*M4,0)+IF($CX4="Prosjektleder/adm.leder",Tabeller!K$54*M4,0)+IF($CX4="Forsker - 1.aman.",Tabeller!K$56*M4,0)+IF($CX4="Gjesteforsker",Tabeller!K$58*M4,0)+IF($CX4="Postdoktor / forsker",Tabeller!K$59*M4,0)+IF($CX4="Stipendiat",Tabeller!K$60*M4,0)+IF($CX4="Forsker (rundsum)",Tabeller!K$57*M4,0)+IF($CX4="Vit.ass",Tabeller!K$61*M4,0))/12)) -> 0 | DB4: =-((IF($CX4="Teknisk/adm. bistand/Feltassistent",IF(Budsjett!AU4*(1+Tabeller!$I$62)>Tabeller!L$55,Tabeller!L$55,Budsjett!AU4*(1+Tabeller!$I$62)),0)+(IF($CX4="Forsker - professor",Tabeller!L$55*N4,0)+IF($CX4="Prosjektleder/adm.leder",Tabeller!L$54*N4,0)+IF($CX4="Forsker - 1.aman.",Tabeller!L$56*N4,0)+IF($CX4="Gjesteforsker",Tabeller!L$58*N4,0)+IF($CX4="Postdoktor / forsker",Tabeller!L$59*N4,0)+IF($CX4="Stipendiat",Tabeller!L$60*N4,0)+IF($CX4="Forsker (rundsum)",Tabeller!L$57*N4,0)+IF($CX4="Vit.ass",Tabeller!L$61*N4,0))/12)) -> 0 | DC4: =-((IF($CX4="Teknisk/adm. bistand/Feltassistent",IF(Budsjett!AV4*(1+Tabeller!$I$62)>Tabeller!M$55,Tabeller!M$55,Budsjett!AV4*(1+Tabeller!$I$62)),0)+(IF($CX4="Forsker - professor",Tabeller!M$55*O4,0)+IF($CX4="Prosjektleder/adm.leder",Tabeller!M$54*O4,0)+IF($CX4="Forsker - 1.aman.",Tabeller!M$56*O4,0)+IF($CX4="Gjesteforsker",Tabeller!M$58*O4,0)+IF($CX4="Postdoktor / forsker",Tabeller!M$59*O4,0)+IF($CX4="Stipendiat",Tabeller!M$60*O4,0)+IF($CX4="Forsker (rundsum)",Tabeller!M$57*O4,0)+IF($CX4="Vit.ass",Tabeller!M$61*O4,0))/12)) -> 0 | DD4: =-((IF($CX4="Teknisk/adm. bistand/Feltassistent",IF(Budsjett!AW4*(1+Tabeller!$I$62)>Tabeller!N$55,Tabeller!N$55,Budsjett!AW4*(1+Tabeller!$I$62)),0)+(IF($CX4="Forsker - professor",Tabeller!N$55*P4,0)+IF($CX4="Prosjektleder/adm.leder",Tabeller!N$54*P4,0)+IF($CX4="Forsker - 1.aman.",Tabeller!N$56*P4,0)+IF($CX4="Gjesteforsker",Tabeller!N$58*P4,0)+IF($CX4="Postdoktor / forsker",Tabeller!N$59*P4,0)+IF($CX4="Stipendiat",Tabeller!N$60*P4,0)+IF($CX4="Forsker (rundsum)",Tabeller!N$57*P4,0)+IF($CX4="Vit.ass",Tabeller!N$61*P4,0))/12)) -> 0 | DE4: =-((IF($CX4="Teknisk/adm. bistand/Feltassistent",IF(Budsjett!AX4*(1+Tabeller!$I$62)>Tabeller!O$55,Tabeller!O$55,Budsjett!AX4*(1+Tabeller!$I$62)),0)+(IF($CX4="Forsker - professor",Tabeller!O$55*Q4,0)+IF($CX4="Prosjektleder/adm.leder",Tabeller!O$54*Q4,0)+IF($CX4="Forsker - 1.aman.",Tabeller!O$56*Q4,0)+IF($CX4="Gjesteforsker",Tabeller!O$58*Q4,0)+IF($CX4="Postdoktor / forsker",Tabeller!O$59*Q4,0)+IF($CX4="Stipendiat",Tabeller!O$60*Q4,0)+IF($CX4="Forsker (rundsum)",Tabeller!O$57*Q4,0)+IF($CX4="Vit.ass",Tabeller!O$61*Q4,0))/12)) -> 0 | DF4: =-((IF($CX4="Teknisk/adm. bistand/Feltassistent",IF(Budsjett!AY4*(1+Tabeller!$I$62)>Tabeller!P$55,Tabeller!P$55,Budsjett!AY4*(1+Tabeller!$I$62)),0)+(IF($CX4="Forsker - professor",Tabeller!P$55*R4,0)+IF($CX4="Prosjektleder/adm.leder",Tabeller!P$54*R4,0)+IF($CX4="Forsker - 1.aman.",Tabeller!P$56*R4,0)+IF($CX4="Gjesteforsker",Tabeller!P$58*R4,0)+IF($CX4="Postdoktor / forsker",Tabeller!P$59*R4,0)+IF($CX4="Stipendiat",Tabeller!P$60*R4,0)+IF($CX4="Forsker (rundsum)",Tabeller!P$57*R4,0)+IF($CX4="Vit.ass",Tabeller!P$61*R4,0))/12)) -> 0 | ... DK4: =-((IF($CX4="Teknisk/adm. bistand/Feltassistent",IF(Budsjett!BD4*(1+Tabeller!$I$62)>Tabeller!U$55,Tabeller!U$55,Budsjett!BD4*(1+Tabeller!$I$62)),0)+(IF($CX4="Forsker - professor",Tabeller!U$55*W4,0)+IF($CX4="Prosjektleder/adm.leder",Tabeller!U$54*W4,0)+IF($CX4="Forsker - 1.aman.",Tabeller!U$56*W4,0)+IF($CX4="Gjesteforsker",Tabeller!U$58*W4,0)+IF($CX4="Postdoktor / forsker",Tabeller!U$59*W4,0)+IF($CX4="Stipendiat",Tabeller!U$60*W4,0)+IF($CX4="Forsker (rundsum)",Tabeller!U$57*W4,0)+IF($CX4="Vit.ass",Tabeller!U$61*W4,0))/12)) -> 0 | DL4: =SUM(CY4:DK4) -> 0 | DO4: =CX4 -> 0 | DP4: =IF($H4="NFR",CY4,0) -> 0 | DQ4: =IF($H4="NFR",CZ4,0) -> 0 | DR4: =IF($H4="NFR",DA4,0) -> 0 | DS4: =IF($H4="NFR",DB4,0) -> 0 | DT4: =IF($H4="NFR",DC4,0) -> 0 | DU4: =IF($H4="NFR",DD4,0) -> 0 | DV4: =IF($H4="NFR",DE4,0) -> 0 | DW4: =IF($H4="NFR",DF4,0) -> 0 | ... EB4: =IF($H4="NFR",DK4,0) -> 0 | EC4: =SUM(DP4:EB4) -> 0 | EE4: =DO4 -> 0 | EF4: =IF($H4=$EE$1,CY4,0) -> 0 | EG4: =IF($H4=$EE$1,CZ4,0) -> 0 | EH4: =IF($H4=$EE$1,DA4,0) -> 0 | EI4: =IF($H4=$EE$1,DB4,0) -> 0 | EJ4: =IF($H4=$EE$1,DC4,0) -> 0 | EK4: =IF($H4=$EE$1,DD4,0) -> 0 | EL4: =IF($H4=$EE$1,DE4,0) -> 0 | EM4: =IF($H4=$EE$1,DF4,0) -> 0 | ... ER4: =IF($H4=$EE$1,DK4,0) -> 0 | ES4: =SUM(EF4:ER4) -> 0 | EU4: =EE4 -> 0 | EV4: =IF($H4=$EU$1,CY4,0) -> 0 | EW4: =IF($H4=$EU$1,CZ4,0) -> 0 | EX4: =IF($H4=$EU$1,DA4,0) -> 0 | EY4: =IF($H4=$EU$1,DB4,0) -> 0 | EZ4: =IF($H4=$EU$1,DC4,0) -> 0 | FA4: =IF($H4=$EU$1,DD4,0) -> 0 | FB4: =IF($H4=$EU$1,DE4,0) -> 0 | FC4: =IF($H4=$EU$1,DF4,0) -> 0 | ... FH4: =IF($H4=$EU$1,DK4,0) -> 0 | FI4: =SUM(EV4:FH4) -> 0 | FK4: =EU4 -> 0 | FL4: =IF($H4=$FK$1,CY4,0) -> 0 | FM4: =IF($H4=$FK$1,CZ4,0) -> 0 | FN4: =IF($H4=$FK$1,DA4,0) -> 0 | FO4: =IF($H4=$FK$1,DB4,0) -> 0 | FP4: =IF($H4=$FK$1,DC4,0) -> 0 | FQ4: =IF($H4=$FK$1,DD4,0) -> 0 | FR4: =IF($H4=$FK$1,DE4,0) -> 0 | FS4: =IF($H4=$FK$1,DF4,0) -> 0 | ... FX4: =IF($H4=$FK$1,DK4,0) -> 0 | FY4: =SUM(FL4:FX4) -> 0 | GB4: =FK4 -> 0 | GP4: =SUM(GC4:GO4) -> 0 | GS4: =IF(Registrering!$B$29="Prosjekter som foregår i UiOs lokaler",IF($B4="Teknisk/adm. bistand/Feltassistent",(K4/12)*Tabeller!J$11,(K4/12)*Tabeller!J$10),IF($B4="Teknisk/adm. bistand/Feltassistent",(K4/12)*Tabeller!J$13,(K4/12)*Tabeller!J$12)) -> 0 | GT4: =IF(Registrering!$B$29="Prosjekter som foregår i UiOs lokaler",IF($B4="Teknisk/adm. bistand/Feltassistent",(L4/12)*Tabeller!K$11,(L4/12)*Tabeller!K$10),IF($B4="Teknisk/adm. bistand/Feltassistent",(L4/12)*Tabeller!K$13,(L4/12)*Tabeller!K$12)) -> 0 | GU4: =IF(Registrering!$B$29="Prosjekter som foregår i UiOs lokaler",IF($B4="Teknisk/adm. bistand/Feltassistent",(M4/12)*Tabeller!L$11,(M4/12)*Tabeller!L$10),IF($B4="Teknisk/adm. bistand/Feltassistent",(M4/12)*Tabeller!L$13,(M4/12)*Tabeller!L$12)) -> 0 | GV4: =IF(Registrering!$B$29="Prosjekter som foregår i UiOs lokaler",IF($B4="Teknisk/adm. bistand/Feltassistent",(N4/12)*Tabeller!M$11,(N4/12)*Tabeller!M$10),IF($B4="Teknisk/adm. bistand/Feltassistent",(N4/12)*Tabeller!M$13,(N4/12)*Tabeller!M$12)) -> 0 | GW4: =IF(Registrering!$B$29="Prosjekter som foregår i UiOs lokaler",IF($B4="Teknisk/adm. bistand/Feltassistent",(O4/12)*Tabeller!N$11,(O4/12)*Tabeller!N$10),IF($B4="Teknisk/adm. bistand/Feltassistent",(O4/12)*Tabeller!N$13,(O4/12)*Tabeller!N$12)) -> 0 | GX4: =IF(Registrering!$B$29="Prosjekter som foregår i UiOs lokaler",IF($B4="Teknisk/adm. bistand/Feltassistent",(P4/12)*Tabeller!O$11,(P4/12)*Tabeller!O$10),IF($B4="Teknisk/adm. bistand/Feltassistent",(P4/12)*Tabeller!O$13,(P4/12)*Tabeller!O$12)) -> 0 | GY4: =IF(Registrering!$B$29="Prosjekter som foregår i UiOs lokaler",IF($B4="Teknisk/adm. bistand/Feltassistent",(Q4/12)*Tabeller!P$11,(Q4/12)*Tabeller!P$10),IF($B4="Teknisk/adm. bistand/Feltassistent",(Q4/12)*Tabeller!P$13,(Q4/12)*Tabeller!P$12)) -> 0 | GZ4: =IF(Registrering!$B$29="Prosjekter som foregår i UiOs lokaler",IF($B4="Teknisk/adm. bistand/Feltassistent",(R4/12)*Tabeller!Q$11,(R4/12)*Tabeller!Q$10),IF($B4="Teknisk/adm. bistand/Feltassistent",(R4/12)*Tabeller!Q$13,(R4/12)*Tabeller!Q$12)) -> 0 | ... HE4: =IF(Registrering!$B$29="Prosjekter som foregår i UiOs lokaler",IF($B4="Teknisk/adm. bistand/Feltassistent",(W4/12)*Tabeller!V$11,(W4/12)*Tabeller!V$10),IF($B4="Teknisk/adm. bistand/Feltassistent",(W4/12)*Tabeller!V$13,(W4/12)*Tabeller!V$12)) -> 0
C5: =IF(Registrering!$B$28="Fast beløp",0,IF(Registrering!$B$28="Sats for ekst. fin. overhead",0,DL5)) -> 0 | D5: =SUM(AR5:BD5) -> 0 | E5: =IFERROR(SUM(BF5:BR5),0) -> 0 | F5: =SUM(D5:E5) -> 0 | G5: =SUM(K5:W5)/12 -> 0 | AG5: =I5 -> 0 | AH5: =AG5*Tabeller!$I$35 -> 0 | AI5: =IF(AG5>0,(AH5-400)/52*47,0) -> 0 | AJ5: =AI5*Tabeller!$H$26 -> 0 | AK5: =SUM(AI5:AJ5,AL5)*Tabeller!$H$28 -> 0 | AL5: =AH5*Tabeller!$H$27 -> 0 | AM5: =SUM(AI5:AL5) -> 0 | AN5: =AM5+(IF(B5="Teknisk adm bistand",Registrering!$E$51,Registrering!$B$51)) -> 0 | AO5: =AN5/Tabeller!$H$5 -> 0 | AR5: =((K5*Budsjett!$AM5))/12 -> 0 | AS5: =((L5*Budsjett!$AM5)*(Tabeller!J$35))/12 -> 0 | AT5: =((M5*Budsjett!$AM5)*(Tabeller!K$35))/12 -> 0 | AU5: =((N5*Budsjett!$AM5)*(Tabeller!L$35))/12 -> 0 | AV5: =((O5*Budsjett!$AM5)*(Tabeller!M$35))/12 -> 0 | AW5: =((P5*Budsjett!$AM5)*(Tabeller!N$35))/12 -> 0 | AX5: =((Q5*Budsjett!$AM5)*(Tabeller!O$35))/12 -> 0 | AY5: =((R5*Budsjett!$AM5)*(Tabeller!P$35))/12 -> 0 | AZ5: =((S5*Budsjett!$AM5)*(Tabeller!Q$35))/12 -> 0 | ... BD5: =((W5*Budsjett!$AM5)*(Tabeller!U$35))/12 -> 0 | BF5: =IFERROR(IF($E$83>$E$82,BU5,GS5),0) -> 0 | BG5: =IFERROR(IF($E$83>$E$82,BV5,GT5),0) -> 0 | BH5: =IFERROR(IF($E$83>$E$82,BW5,GU5),0) -> 0 | BI5: =IFERROR(IF($E$83>$E$82,BX5,GV5),0) -> 0 | BJ5: =IFERROR(IF($E$83>$E$82,BY5,GW5),0) -> 0 | BK5: =IFERROR(IF($E$83>$E$82,BZ5,GX5),0) -> 0 | BL5: =IFERROR(IF($E$83>$E$82,CA5,GY5),0) -> 0 | BM5: =IFERROR(IF($E$83>$E$82,CB5,GZ5),0) -> 0 | ... BR5: =IFERROR(IF($E$83>$E$82,CG5,HE5),0) -> 0 | BU5: =IFERROR(IF($E$85=$E$84,AR5*$E$85,AR5*Budsjett!$E$84),0) -> 0 | BV5: =IFERROR(IF($E$85=$E$84,AS5*$E$85,AS5*Budsjett!$E$84),0) -> 0 | BW5: =IFERROR(IF($E$85=$E$84,AT5*$E$85,AT5*Budsjett!$E$84),0) -> 0 | BX5: =IFERROR(IF($E$85=$E$84,AU5*$E$85,AU5*Budsjett!$E$84),0) -> 0 | BY5: =IFERROR(IF($E$85=$E$84,AV5*$E$85,AV5*Budsjett!$E$84),0) -> 0 | BZ5: =IFERROR(IF($E$85=$E$84,AW5*$E$85,AW5*Budsjett!$E$84),0) -> 0 | CA5: =IFERROR(IF($E$85=$E$84,AX5*$E$85,AX5*Budsjett!$E$84),0) -> 0 | CB5: =IFERROR(IF($E$85=$E$84,AY5*$E$85,AY5*Budsjett!$E$84),0) -> 0 | ... CG5: =IFERROR(IF($E$85=$E$84,BD5*$E$85,BD5*Budsjett!$E$84),0) -> 0 | CJ5: =BF5-BU5 -> 0 | CK5: =BG5-BV5 -> 0 | CL5: =BH5-BW5 -> 0 | CM5: =BI5-BX5 -> 0 | CN5: =BJ5-BY5 -> 0 | CO5: =BK5-BZ5 -> 0 | CP5: =BL5-CA5 -> 0 | CQ5: =BM5-CB5 -> 0 | ... CV5: =BR5-CG5 -> 0 | CX5: =B5 -> 0 | CY5: =-((IF($CX5="Teknisk/adm. bistand/Feltassistent",IF(Budsjett!AR5*(1+Tabeller!$I$62)>Tabeller!I$55,Tabeller!I$55,Budsjett!AR5*(1+Tabeller!$I$62)),0)+(IF($CX5="Forsker - professor",Tabeller!I$55*K5,0)+IF($CX5="Prosjektleder/adm.leder",Tabeller!I$54*K5,0)+IF($CX5="Forsker - 1.aman.",Tabeller!I$56*K5,0)+IF($CX5="Gjesteforsker",Tabeller!I$58*K5,0)+IF($CX5="Postdoktor / forsker",Tabeller!I$59*K5,0)+IF($CX5="Stipendiat",Tabeller!I$60*K5,0)+IF($CX5="Forsker (rundsum)",Tabeller!I$57*K5,0)+IF($CX5="Vit.ass",Tabeller!I$61*K5,0))/12)) -> 0 | CZ5: =-((IF($CX5="Teknisk/adm. bistand/Feltassistent",IF(Budsjett!AS5*(1+Tabeller!$I$62)>Tabeller!J$55,Tabeller!J$55,Budsjett!AS5*(1+Tabeller!$I$62)),0)+(IF($CX5="Forsker - professor",Tabeller!J$55*L5,0)+IF($CX5="Prosjektleder/adm.leder",Tabeller!J$54*L5,0)+IF($CX5="Forsker - 1.aman.",Tabeller!J$56*L5,0)+IF($CX5="Gjesteforsker",Tabeller!J$58*L5,0)+IF($CX5="Postdoktor / forsker",Tabeller!J$59*L5,0)+IF($CX5="Stipendiat",Tabeller!J$60*L5,0)+IF($CX5="Forsker (rundsum)",Tabeller!J$57*L5,0)+IF($CX5="Vit.ass",Tabeller!J$61*L5,0))/12)) -> 0 | DA5: =-((IF($CX5="Teknisk/adm. bistand/Feltassistent",IF(Budsjett!AT5*(1+Tabeller!$I$62)>Tabeller!K$55,Tabeller!K$55,Budsjett!AT5*(1+Tabeller!$I$62)),0)+(IF($CX5="Forsker - professor",Tabeller!K$55*M5,0)+IF($CX5="Prosjektleder/adm.leder",Tabeller!K$54*M5,0)+IF($CX5="Forsker - 1.aman.",Tabeller!K$56*M5,0)+IF($CX5="Gjesteforsker",Tabeller!K$58*M5,0)+IF($CX5="Postdoktor / forsker",Tabeller!K$59*M5,0)+IF($CX5="Stipendiat",Tabeller!K$60*M5,0)+IF($CX5="Forsker (rundsum)",Tabeller!K$57*M5,0)+IF($CX5="Vit.ass",Tabeller!K$61*M5,0))/12)) -> 0 | DB5: =-((IF($CX5="Teknisk/adm. bistand/Feltassistent",IF(Budsjett!AU5*(1+Tabeller!$I$62)>Tabeller!L$55,Tabeller!L$55,Budsjett!AU5*(1+Tabeller!$I$62)),0)+(IF($CX5="Forsker - professor",Tabeller!L$55*N5,0)+IF($CX5="Prosjektleder/adm.leder",Tabeller!L$54*N5,0)+IF($CX5="Forsker - 1.aman.",Tabeller!L$56*N5,0)+IF($CX5="Gjesteforsker",Tabeller!L$58*N5,0)+IF($CX5="Postdoktor / forsker",Tabeller!L$59*N5,0)+IF($CX5="Stipendiat",Tabeller!L$60*N5,0)+IF($CX5="Forsker (rundsum)",Tabeller!L$57*N5,0)+IF($CX5="Vit.ass",Tabeller!L$61*N5,0))/12)) -> 0 | DC5: =-((IF($CX5="Teknisk/adm. bistand/Feltassistent",IF(Budsjett!AV5*(1+Tabeller!$I$62)>Tabeller!M$55,Tabeller!M$55,Budsjett!AV5*(1+Tabeller!$I$62)),0)+(IF($CX5="Forsker - professor",Tabeller!M$55*O5,0)+IF($CX5="Prosjektleder/adm.leder",Tabeller!M$54*O5,0)+IF($CX5="Forsker - 1.aman.",Tabeller!M$56*O5,0)+IF($CX5="Gjesteforsker",Tabeller!M$58*O5,0)+IF($CX5="Postdoktor / forsker",Tabeller!M$59*O5,0)+IF($CX5="Stipendiat",Tabeller!M$60*O5,0)+IF($CX5="Forsker (rundsum)",Tabeller!M$57*O5,0)+IF($CX5="Vit.ass",Tabeller!M$61*O5,0))/12)) -> 0 | DD5: =-((IF($CX5="Teknisk/adm. bistand/Feltassistent",IF(Budsjett!AW5*(1+Tabeller!$I$62)>Tabeller!N$55,Tabeller!N$55,Budsjett!AW5*(1+Tabeller!$I$62)),0)+(IF($CX5="Forsker - professor",Tabeller!N$55*P5,0)+IF($CX5="Prosjektleder/adm.leder",Tabeller!N$54*P5,0)+IF($CX5="Forsker - 1.aman.",Tabeller!N$56*P5,0)+IF($CX5="Gjesteforsker",Tabeller!N$58*P5,0)+IF($CX5="Postdoktor / forsker",Tabeller!N$59*P5,0)+IF($CX5="Stipendiat",Tabeller!N$60*P5,0)+IF($CX5="Forsker (rundsum)",Tabeller!N$57*P5,0)+IF($CX5="Vit.ass",Tabeller!N$61*P5,0))/12)) -> 0 | DE5: =-((IF($CX5="Teknisk/adm. bistand/Feltassistent",IF(Budsjett!AX5*(1+Tabeller!$I$62)>Tabeller!O$55,Tabeller!O$55,Budsjett!AX5*(1+Tabeller!$I$62)),0)+(IF($CX5="Forsker - professor",Tabeller!O$55*Q5,0)+IF($CX5="Prosjektleder/adm.leder",Tabeller!O$54*Q5,0)+IF($CX5="Forsker - 1.aman.",Tabeller!O$56*Q5,0)+IF($CX5="Gjesteforsker",Tabeller!O$58*Q5,0)+IF($CX5="Postdoktor / forsker",Tabeller!O$59*Q5,0)+IF($CX5="Stipendiat",Tabeller!O$60*Q5,0)+IF($CX5="Forsker (rundsum)",Tabeller!O$57*Q5,0)+IF($CX5="Vit.ass",Tabeller!O$61*Q5,0))/12)) -> 0 | DF5: =-((IF($CX5="Teknisk/adm. bistand/Feltassistent",IF(Budsjett!AY5*(1+Tabeller!$I$62)>Tabeller!P$55,Tabeller!P$55,Budsjett!AY5*(1+Tabeller!$I$62)),0)+(IF($CX5="Forsker - professor",Tabeller!P$55*R5,0)+IF($CX5="Prosjektleder/adm.leder",Tabeller!P$54*R5,0)+IF($CX5="Forsker - 1.aman.",Tabeller!P$56*R5,0)+IF($CX5="Gjesteforsker",Tabeller!P$58*R5,0)+IF($CX5="Postdoktor / forsker",Tabeller!P$59*R5,0)+IF($CX5="Stipendiat",Tabeller!P$60*R5,0)+IF($CX5="Forsker (rundsum)",Tabeller!P$57*R5,0)+IF($CX5="Vit.ass",Tabeller!P$61*R5,0))/12)) -> 0 | ... DK5: =-((IF($CX5="Teknisk/adm. bistand/Feltassistent",IF(Budsjett!BD5*(1+Tabeller!$I$62)>Tabeller!U$55,Tabeller!U$55,Budsjett!BD5*(1+Tabeller!$I$62)),0)+(IF($CX5="Forsker - professor",Tabeller!U$55*W5,0)+IF($CX5="Prosjektleder/adm.leder",Tabeller!U$54*W5,0)+IF($CX5="Forsker - 1.aman.",Tabeller!U$56*W5,0)+IF($CX5="Gjesteforsker",Tabeller!U$58*W5,0)+IF($CX5="Postdoktor / forsker",Tabeller!U$59*W5,0)+IF($CX5="Stipendiat",Tabeller!U$60*W5,0)+IF($CX5="Forsker (rundsum)",Tabeller!U$57*W5,0)+IF($CX5="Vit.ass",Tabeller!U$61*W5,0))/12)) -> 0 | DL5: =SUM(CY5:DK5) -> 0 | DO5: =CX5 -> 0 | DP5: =IF($H5="NFR",CY5,0) -> 0 | DQ5: =IF($H5="NFR",CZ5,0) -> 0 | DR5: =IF($H5="NFR",DA5,0) -> 0 | DS5: =IF($H5="NFR",DB5,0) -> 0 | DT5: =IF($H5="NFR",DC5,0) -> 0 | DU5: =IF($H5="NFR",DD5,0) -> 0 | DV5: =IF($H5="NFR",DE5,0) -> 0 | DW5: =IF($H5="NFR",DF5,0) -> 0 | ... EB5: =IF($H5="NFR",DK5,0) -> 0 | EC5: =SUM(DP5:EB5) -> 0 | EE5: =DO5 -> 0 | EF5: =IF($H5=$EE$1,CY5,0) -> 0 | EG5: =IF($H5=$EE$1,CZ5,0) -> 0 | EH5: =IF($H5=$EE$1,DA5,0) -> 0 | EI5: =IF($H5=$EE$1,DB5,0) -> 0 | EJ5: =IF($H5=$EE$1,DC5,0) -> 0 | EK5: =IF($H5=$EE$1,DD5,0) -> 0 | EL5: =IF($H5=$EE$1,DE5,0) -> 0 | EM5: =IF($H5=$EE$1,DF5,0) -> 0 | ... ER5: =IF($H5=$EE$1,DK5,0) -> 0 | ES5: =SUM(EF5:ER5) -> 0 | EU5: =EE5 -> 0 | EV5: =IF($H5=$EU$1,CY5,0) -> 0 | EW5: =IF($H5=$EU$1,CZ5,0) -> 0 | EX5: =IF($H5=$EU$1,DA5,0) -> 0 | EY5: =IF($H5=$EU$1,DB5,0) -> 0 | EZ5: =IF($H5=$EU$1,DC5,0) -> 0 | FA5: =IF($H5=$EU$1,DD5,0) -> 0 | FB5: =IF($H5=$EU$1,DE5,0) -> 0 | FC5: =IF($H5=$EU$1,DF5,0) -> 0 | ... FH5: =IF($H5=$EU$1,DK5,0) -> 0 | FI5: =SUM(EV5:FH5) -> 0 | FK5: =EU5 -> 0 | FL5: =IF($H5=$FK$1,CY5,0) -> 0 | FM5: =IF($H5=$FK$1,CZ5,0) -> 0 | FN5: =IF($H5=$FK$1,DA5,0) -> 0 | FO5: =IF($H5=$FK$1,DB5,0) -> 0 | FP5: =IF($H5=$FK$1,DC5,0) -> 0 | FQ5: =IF($H5=$FK$1,DD5,0) -> 0 | FR5: =IF($H5=$FK$1,DE5,0) -> 0 | FS5: =IF($H5=$FK$1,DF5,0) -> 0 | ... FX5: =IF($H5=$FK$1,DK5,0) -> 0 | FY5: =SUM(FL5:FX5) -> 0 | GB5: =FK5 -> 0 | GP5: =SUM(GC5:GO5) -> 0 | GS5: =IF(Registrering!$B$29="Prosjekter som foregår i UiOs lokaler",IF($B5="Teknisk/adm. bistand/Feltassistent",(K5/12)*Tabeller!J$11,(K5/12)*Tabeller!J$10),IF($B5="Teknisk/adm. bistand/Feltassistent",(K5/12)*Tabeller!J$13,(K5/12)*Tabeller!J$12)) -> 0 | GT5: =IF(Registrering!$B$29="Prosjekter som foregår i UiOs lokaler",IF($B5="Teknisk/adm. bistand/Feltassistent",(L5/12)*Tabeller!K$11,(L5/12)*Tabeller!K$10),IF($B5="Teknisk/adm. bistand/Feltassistent",(L5/12)*Tabeller!K$13,(L5/12)*Tabeller!K$12)) -> 0 | GU5: =IF(Registrering!$B$29="Prosjekter som foregår i UiOs lokaler",IF($B5="Teknisk/adm. bistand/Feltassistent",(M5/12)*Tabeller!L$11,(M5/12)*Tabeller!L$10),IF($B5="Teknisk/adm. bistand/Feltassistent",(M5/12)*Tabeller!L$13,(M5/12)*Tabeller!L$12)) -> 0 | GV5: =IF(Registrering!$B$29="Prosjekter som foregår i UiOs lokaler",IF($B5="Teknisk/adm. bistand/Feltassistent",(N5/12)*Tabeller!M$11,(N5/12)*Tabeller!M$10),IF($B5="Teknisk/adm. bistand/Feltassistent",(N5/12)*Tabeller!M$13,(N5/12)*Tabeller!M$12)) -> 0 | GW5: =IF(Registrering!$B$29="Prosjekter som foregår i UiOs lokaler",IF($B5="Teknisk/adm. bistand/Feltassistent",(O5/12)*Tabeller!N$11,(O5/12)*Tabeller!N$10),IF($B5="Teknisk/adm. bistand/Feltassistent",(O5/12)*Tabeller!N$13,(O5/12)*Tabeller!N$12)) -> 0 | GX5: =IF(Registrering!$B$29="Prosjekter som foregår i UiOs lokaler",IF($B5="Teknisk/adm. bistand/Feltassistent",(P5/12)*Tabeller!O$11,(P5/12)*Tabeller!O$10),IF($B5="Teknisk/adm. bistand/Feltassistent",(P5/12)*Tabeller!O$13,(P5/12)*Tabeller!O$12)) -> 0 | GY5: =IF(Registrering!$B$29="Prosjekter som foregår i UiOs lokaler",IF($B5="Teknisk/adm. bistand/Feltassistent",(Q5/12)*Tabeller!P$11,(Q5/12)*Tabeller!P$10),IF($B5="Teknisk/adm. bistand/Feltassistent",(Q5/12)*Tabeller!P$13,(Q5/12)*Tabeller!P$12)) -> 0 | GZ5: =IF(Registrering!$B$29="Prosjekter som foregår i UiOs lokaler",IF($B5="Teknisk/adm. bistand/Feltassistent",(R5/12)*Tabeller!Q$11,(R5/12)*Tabeller!Q$10),IF($B5="Teknisk/adm. bistand/Feltassistent",(R5/12)*Tabeller!Q$13,(R5/12)*Tabeller!Q$12)) -> 0 | ... HE5: =IF(Registrering!$B$29="Prosjekter som foregår i UiOs lokaler",IF($B5="Teknisk/adm. bistand/Feltassistent",(W5/12)*Tabeller!V$11,(W5/12)*Tabeller!V$10),IF($B5="Teknisk/adm. bistand/Feltassistent",(W5/12)*Tabeller!V$13,(W5/12)*Tabeller!V$12)) -> 0
C6: =IF(Registrering!$B$28="Fast beløp",0,IF(Registrering!$B$28="Sats for ekst. fin. overhead",0,DL6)) -> 0 | D6: =SUM(AR6:BD6) -> 0 | E6: =IFERROR(SUM(BF6:BR6),0) -> 0 | F6: =SUM(D6:E6) -> 0 | G6: =SUM(K6:W6)/12 -> 0 | AG6: =I6 -> 0 | AH6: =AG6*Tabeller!$I$35 -> 0 | AI6: =IF(AG6>0,(AH6-400)/52*47,0) -> 0 | AJ6: =AI6*Tabeller!$H$26 -> 0 | AK6: =SUM(AI6:AJ6,AL6)*Tabeller!$H$28 -> 0 | AL6: =AH6*Tabeller!$H$27 -> 0 | AM6: =SUM(AI6:AL6) -> 0 | AN6: =AM6+(IF(B6="Teknisk adm bistand",Registrering!$E$51,Registrering!$B$51)) -> 0 | AO6: =AN6/Tabeller!$H$5 -> 0 | AR6: =((K6*Budsjett!$AM6))/12 -> 0 | AS6: =((L6*Budsjett!$AM6)*(Tabeller!J$35))/12 -> 0 | AT6: =((M6*Budsjett!$AM6)*(Tabeller!K$35))/12 -> 0 | AU6: =((N6*Budsjett!$AM6)*(Tabeller!L$35))/12 -> 0 | AV6: =((O6*Budsjett!$AM6)*(Tabeller!M$35))/12 -> 0 | AW6: =((P6*Budsjett!$AM6)*(Tabeller!N$35))/12 -> 0 | AX6: =((Q6*Budsjett!$AM6)*(Tabeller!O$35))/12 -> 0 | AY6: =((R6*Budsjett!$AM6)*(Tabeller!P$35))/12 -> 0 | AZ6: =((S6*Budsjett!$AM6)*(Tabeller!Q$35))/12 -> 0 | ... BD6: =((W6*Budsjett!$AM6)*(Tabeller!U$35))/12 -> 0 | BF6: =IFERROR(IF($E$83>$E$82,BU6,GS6),0) -> 0 | BG6: =IFERROR(IF($E$83>$E$82,BV6,GT6),0) -> 0 | BH6: =IFERROR(IF($E$83>$E$82,BW6,GU6),0) -> 0 | BI6: =IFERROR(IF($E$83>$E$82,BX6,GV6),0) -> 0 | BJ6: =IFERROR(IF($E$83>$E$82,BY6,GW6),0) -> 0 | BK6: =IFERROR(IF($E$83>$E$82,BZ6,GX6),0) -> 0 | BL6: =IFERROR(IF($E$83>$E$82,CA6,GY6),0) -> 0 | BM6: =IFERROR(IF($E$83>$E$82,CB6,GZ6),0) -> 0 | ... BR6: =IFERROR(IF($E$83>$E$82,CG6,HE6),0) -> 0 | BU6: =IFERROR(IF($E$85=$E$84,AR6*$E$85,AR6*Budsjett!$E$84),0) -> 0 | BV6: =IFERROR(IF($E$85=$E$84,AS6*$E$85,AS6*Budsjett!$E$84),0) -> 0 | BW6: =IFERROR(IF($E$85=$E$84,AT6*$E$85,AT6*Budsjett!$E$84),0) -> 0 | BX6: =IFERROR(IF($E$85=$E$84,AU6*$E$85,AU6*Budsjett!$E$84),0) -> 0 | BY6: =IFERROR(IF($E$85=$E$84,AV6*$E$85,AV6*Budsjett!$E$84),0) -> 0 | BZ6: =IFERROR(IF($E$85=$E$84,AW6*$E$85,AW6*Budsjett!$E$84),0) -> 0 | CA6: =IFERROR(IF($E$85=$E$84,AX6*$E$85,AX6*Budsjett!$E$84),0) -> 0 | CB6: =IFERROR(IF($E$85=$E$84,AY6*$E$85,AY6*Budsjett!$E$84),0) -> 0 | ... CG6: =IFERROR(IF($E$85=$E$84,BD6*$E$85,BD6*Budsjett!$E$84),0) -> 0 | CJ6: =BF6-BU6 -> 0 | CK6: =BG6-BV6 -> 0 | CL6: =BH6-BW6 -> 0 | CM6: =BI6-BX6 -> 0 | CN6: =BJ6-BY6 -> 0 | CO6: =BK6-BZ6 -> 0 | CP6: =BL6-CA6 -> 0 | CQ6: =BM6-CB6 -> 0 | ... CV6: =BR6-CG6 -> 0 | CX6: =B6 -> 0 | CY6: =-((IF($CX6="Teknisk/adm. bistand/Feltassistent",IF(Budsjett!AR6*(1+Tabeller!$I$62)>Tabeller!I$55,Tabeller!I$55,Budsjett!AR6*(1+Tabeller!$I$62)),0)+(IF($CX6="Forsker - professor",Tabeller!I$55*K6,0)+IF($CX6="Prosjektleder/adm.leder",Tabeller!I$54*K6,0)+IF($CX6="Forsker - 1.aman.",Tabeller!I$56*K6,0)+IF($CX6="Gjesteforsker",Tabeller!I$58*K6,0)+IF($CX6="Postdoktor / forsker",Tabeller!I$59*K6,0)+IF($CX6="Stipendiat",Tabeller!I$60*K6,0)+IF($CX6="Forsker (rundsum)",Tabeller!I$57*K6,0)+IF($CX6="Vit.ass",Tabeller!I$61*K6,0))/12)) -> 0 | CZ6: =-((IF($CX6="Teknisk/adm. bistand/Feltassistent",IF(Budsjett!AS6*(1+Tabeller!$I$62)>Tabeller!J$55,Tabeller!J$55,Budsjett!AS6*(1+Tabeller!$I$62)),0)+(IF($CX6="Forsker - professor",Tabeller!J$55*L6,0)+IF($CX6="Prosjektleder/adm.leder",Tabeller!J$54*L6,0)+IF($CX6="Forsker - 1.aman.",Tabeller!J$56*L6,0)+IF($CX6="Gjesteforsker",Tabeller!J$58*L6,0)+IF($CX6="Postdoktor / forsker",Tabeller!J$59*L6,0)+IF($CX6="Stipendiat",Tabeller!J$60*L6,0)+IF($CX6="Forsker (rundsum)",Tabeller!J$57*L6,0)+IF($CX6="Vit.ass",Tabeller!J$61*L6,0))/12)) -> 0 | DA6: =-((IF($CX6="Teknisk/adm. bistand/Feltassistent",IF(Budsjett!AT6*(1+Tabeller!$I$62)>Tabeller!K$55,Tabeller!K$55,Budsjett!AT6*(1+Tabeller!$I$62)),0)+(IF($CX6="Forsker - professor",Tabeller!K$55*M6,0)+IF($CX6="Prosjektleder/adm.leder",Tabeller!K$54*M6,0)+IF($CX6="Forsker - 1.aman.",Tabeller!K$56*M6,0)+IF($CX6="Gjesteforsker",Tabeller!K$58*M6,0)+IF($CX6="Postdoktor / forsker",Tabeller!K$59*M6,0)+IF($CX6="Stipendiat",Tabeller!K$60*M6,0)+IF($CX6="Forsker (rundsum)",Tabeller!K$57*M6,0)+IF($CX6="Vit.ass",Tabeller!K$61*M6,0))/12)) -> 0 | DB6: =-((IF($CX6="Teknisk/adm. bistand/Feltassistent",IF(Budsjett!AU6*(1+Tabeller!$I$62)>Tabeller!L$55,Tabeller!L$55,Budsjett!AU6*(1+Tabeller!$I$62)),0)+(IF($CX6="Forsker - professor",Tabeller!L$55*N6,0)+IF($CX6="Prosjektleder/adm.leder",Tabeller!L$54*N6,0)+IF($CX6="Forsker - 1.aman.",Tabeller!L$56*N6,0)+IF($CX6="Gjesteforsker",Tabeller!L$58*N6,0)+IF($CX6="Postdoktor / forsker",Tabeller!L$59*N6,0)+IF($CX6="Stipendiat",Tabeller!L$60*N6,0)+IF($CX6="Forsker (rundsum)",Tabeller!L$57*N6,0)+IF($CX6="Vit.ass",Tabeller!L$61*N6,0))/12)) -> 0 | DC6: =-((IF($CX6="Teknisk/adm. bistand/Feltassistent",IF(Budsjett!AV6*(1+Tabeller!$I$62)>Tabeller!M$55,Tabeller!M$55,Budsjett!AV6*(1+Tabeller!$I$62)),0)+(IF($CX6="Forsker - professor",Tabeller!M$55*O6,0)+IF($CX6="Prosjektleder/adm.leder",Tabeller!M$54*O6,0)+IF($CX6="Forsker - 1.aman.",Tabeller!M$56*O6,0)+IF($CX6="Gjesteforsker",Tabeller!M$58*O6,0)+IF($CX6="Postdoktor / forsker",Tabeller!M$59*O6,0)+IF($CX6="Stipendiat",Tabeller!M$60*O6,0)+IF($CX6="Forsker (rundsum)",Tabeller!M$57*O6,0)+IF($CX6="Vit.ass",Tabeller!M$61*O6,0))/12)) -> 0 | DD6: =-((IF($CX6="Teknisk/adm. bistand/Feltassistent",IF(Budsjett!AW6*(1+Tabeller!$I$62)>Tabeller!N$55,Tabeller!N$55,Budsjett!AW6*(1+Tabeller!$I$62)),0)+(IF($CX6="Forsker - professor",Tabeller!N$55*P6,0)+IF($CX6="Prosjektleder/adm.leder",Tabeller!N$54*P6,0)+IF($CX6="Forsker - 1.aman.",Tabeller!N$56*P6,0)+IF($CX6="Gjesteforsker",Tabeller!N$58*P6,0)+IF($CX6="Postdoktor / forsker",Tabeller!N$59*P6,0)+IF($CX6="Stipendiat",Tabeller!N$60*P6,0)+IF($CX6="Forsker (rundsum)",Tabeller!N$57*P6,0)+IF($CX6="Vit.ass",Tabeller!N$61*P6,0))/12)) -> 0 | DE6: =-((IF($CX6="Teknisk/adm. bistand/Feltassistent",IF(Budsjett!AX6*(1+Tabeller!$I$62)>Tabeller!O$55,Tabeller!O$55,Budsjett!AX6*(1+Tabeller!$I$62)),0)+(IF($CX6="Forsker - professor",Tabeller!O$55*Q6,0)+IF($CX6="Prosjektleder/adm.leder",Tabeller!O$54*Q6,0)+IF($CX6="Forsker - 1.aman.",Tabeller!O$56*Q6,0)+IF($CX6="Gjesteforsker",Tabeller!O$58*Q6,0)+IF($CX6="Postdoktor / forsker",Tabeller!O$59*Q6,0)+IF($CX6="Stipendiat",Tabeller!O$60*Q6,0)+IF($CX6="Forsker (rundsum)",Tabeller!O$57*Q6,0)+IF($CX6="Vit.ass",Tabeller!O$61*Q6,0))/12)) -> 0 | DF6: =-((IF($CX6="Teknisk/adm. bistand/Feltassistent",IF(Budsjett!AY6*(1+Tabeller!$I$62)>Tabeller!P$55,Tabeller!P$55,Budsjett!AY6*(1+Tabeller!$I$62)),0)+(IF($CX6="Forsker - professor",Tabeller!P$55*R6,0)+IF($CX6="Prosjektleder/adm.leder",Tabeller!P$54*R6,0)+IF($CX6="Forsker - 1.aman.",Tabeller!P$56*R6,0)+IF($CX6="Gjesteforsker",Tabeller!P$58*R6,0)+IF($CX6="Postdoktor / forsker",Tabeller!P$59*R6,0)+IF($CX6="Stipendiat",Tabeller!P$60*R6,0)+IF($CX6="Forsker (rundsum)",Tabeller!P$57*R6,0)+IF($CX6="Vit.ass",Tabeller!P$61*R6,0))/12)) -> 0 | ... DK6: =-((IF($CX6="Teknisk/adm. bistand/Feltassistent",IF(Budsjett!BD6*(1+Tabeller!$I$62)>Tabeller!U$55,Tabeller!U$55,Budsjett!BD6*(1+Tabeller!$I$62)),0)+(IF($CX6="Forsker - professor",Tabeller!U$55*W6,0)+IF($CX6="Prosjektleder/adm.leder",Tabeller!U$54*W6,0)+IF($CX6="Forsker - 1.aman.",Tabeller!U$56*W6,0)+IF($CX6="Gjesteforsker",Tabeller!U$58*W6,0)+IF($CX6="Postdoktor / forsker",Tabeller!U$59*W6,0)+IF($CX6="Stipendiat",Tabeller!U$60*W6,0)+IF($CX6="Forsker (rundsum)",Tabeller!U$57*W6,0)+IF($CX6="Vit.ass",Tabeller!U$61*W6,0))/12)) -> 0 | DL6: =SUM(CY6:DK6) -> 0 | DO6: =CX6 -> 0 | DP6: =IF($H6="NFR",CY6,0) -> 0 | DQ6: =IF($H6="NFR",CZ6,0) -> 0 | DR6: =IF($H6="NFR",DA6,0) -> 0 | DS6: =IF($H6="NFR",DB6,0) -> 0 | DT6: =IF($H6="NFR",DC6,0) -> 0 | DU6: =IF($H6="NFR",DD6,0) -> 0 | DV6: =IF($H6="NFR",DE6,0) -> 0 | DW6: =IF($H6="NFR",DF6,0) -> 0 | ... EB6: =IF($H6="NFR",DK6,0) -> 0 | EC6: =SUM(DP6:EB6) -> 0 | EE6: =DO6 -> 0 | EF6: =IF($H6=$EE$1,CY6,0) -> 0 | EG6: =IF($H6=$EE$1,CZ6,0) -> 0 | EH6: =IF($H6=$EE$1,DA6,0) -> 0 | EI6: =IF($H6=$EE$1,DB6,0) -> 0 | EJ6: =IF($H6=$EE$1,DC6,0) -> 0 | EK6: =IF($H6=$EE$1,DD6,0) -> 0 | EL6: =IF($H6=$EE$1,DE6,0) -> 0 | EM6: =IF($H6=$EE$1,DF6,0) -> 0 | ... ER6: =IF($H6=$EE$1,DK6,0) -> 0 | ES6: =SUM(EF6:ER6) -> 0 | EU6: =EE6 -> 0 | EV6: =IF($H6=$EU$1,CY6,0) -> 0 | EW6: =IF($H6=$EU$1,CZ6,0) -> 0 | EX6: =IF($H6=$EU$1,DA6,0) -> 0 | EY6: =IF($H6=$EU$1,DB6,0) -> 0 | EZ6: =IF($H6=$EU$1,DC6,0) -> 0 | FA6: =IF($H6=$EU$1,DD6,0) -> 0 | FB6: =IF($H6=$EU$1,DE6,0) -> 0 | FC6: =IF($H6=$EU$1,DF6,0) -> 0 | ... FH6: =IF($H6=$EU$1,DK6,0) -> 0 | FI6: =SUM(EV6:FH6) -> 0 | FK6: =EU6 -> 0 | FL6: =IF($H6=$FK$1,CY6,0) -> 0 | FM6: =IF($H6=$FK$1,CZ6,0) -> 0 | FN6: =IF($H6=$FK$1,DA6,0) -> 0 | FO6: =IF($H6=$FK$1,DB6,0) -> 0 | FP6: =IF($H6=$FK$1,DC6,0) -> 0 | FQ6: =IF($H6=$FK$1,DD6,0) -> 0 | FR6: =IF($H6=$FK$1,DE6,0) -> 0 | FS6: =IF($H6=$FK$1,DF6,0) -> 0 | ... FX6: =IF($H6=$FK$1,DK6,0) -> 0 | FY6: =SUM(FL6:FX6) -> 0 | GB6: =FK6 -> 0 | GP6: =SUM(GC6:GO6) -> 0 | GS6: =IF(Registrering!$B$29="Prosjekter som foregår i UiOs lokaler",IF($B6="Teknisk/adm. bistand/Feltassistent",(K6/12)*Tabeller!J$11,(K6/12)*Tabeller!J$10),IF($B6="Teknisk/adm. bistand/Feltassistent",(K6/12)*Tabeller!J$13,(K6/12)*Tabeller!J$12)) -> 0 | GT6: =IF(Registrering!$B$29="Prosjekter som foregår i UiOs lokaler",IF($B6="Teknisk/adm. bistand/Feltassistent",(L6/12)*Tabeller!K$11,(L6/12)*Tabeller!K$10),IF($B6="Teknisk/adm. bistand/Feltassistent",(L6/12)*Tabeller!K$13,(L6/12)*Tabeller!K$12)) -> 0 | GU6: =IF(Registrering!$B$29="Prosjekter som foregår i UiOs lokaler",IF($B6="Teknisk/adm. bistand/Feltassistent",(M6/12)*Tabeller!L$11,(M6/12)*Tabeller!L$10),IF($B6="Teknisk/adm. bistand/Feltassistent",(M6/12)*Tabeller!L$13,(M6/12)*Tabeller!L$12)) -> 0 | GV6: =IF(Registrering!$B$29="Prosjekter som foregår i UiOs lokaler",IF($B6="Teknisk/adm. bistand/Feltassistent",(N6/12)*Tabeller!M$11,(N6/12)*Tabeller!M$10),IF($B6="Teknisk/adm. bistand/Feltassistent",(N6/12)*Tabeller!M$13,(N6/12)*Tabeller!M$12)) -> 0 | GW6: =IF(Registrering!$B$29="Prosjekter som foregår i UiOs lokaler",IF($B6="Teknisk/adm. bistand/Feltassistent",(O6/12)*Tabeller!N$11,(O6/12)*Tabeller!N$10),IF($B6="Teknisk/adm. bistand/Feltassistent",(O6/12)*Tabeller!N$13,(O6/12)*Tabeller!N$12)) -> 0 | GX6: =IF(Registrering!$B$29="Prosjekter som foregår i UiOs lokaler",IF($B6="Teknisk/adm. bistand/Feltassistent",(P6/12)*Tabeller!O$11,(P6/12)*Tabeller!O$10),IF($B6="Teknisk/adm. bistand/Feltassistent",(P6/12)*Tabeller!O$13,(P6/12)*Tabeller!O$12)) -> 0 | GY6: =IF(Registrering!$B$29="Prosjekter som foregår i UiOs lokaler",IF($B6="Teknisk/adm. bistand/Feltassistent",(Q6/12)*Tabeller!P$11,(Q6/12)*Tabeller!P$10),IF($B6="Teknisk/adm. bistand/Feltassistent",(Q6/12)*Tabeller!P$13,(Q6/12)*Tabeller!P$12)) -> 0 | GZ6: =IF(Registrering!$B$29="Prosjekter som foregår i UiOs lokaler",IF($B6="Teknisk/adm. bistand/Feltassistent",(R6/12)*Tabeller!Q$11,(R6/12)*Tabeller!Q$10),IF($B6="Teknisk/adm. bistand/Feltassistent",(R6/12)*Tabeller!Q$13,(R6/12)*Tabeller!Q$12)) -> 0 | ... HE6: =IF(Registrering!$B$29="Prosjekter som foregår i UiOs lokaler",IF($B6="Teknisk/adm. bistand/Feltassistent",(W6/12)*Tabeller!V$11,(W6/12)*Tabeller!V$10),IF($B6="Teknisk/adm. bistand/Feltassistent",(W6/12)*Tabeller!V$13,(W6/12)*Tabeller!V$12)) -> 0
C7: =IF(Registrering!$B$28="Fast beløp",0,IF(Registrering!$B$28="Sats for ekst. fin. overhead",0,DL7)) -> 0 | D7: =SUM(AR7:BD7) -> 0 | E7: =IFERROR(SUM(BF7:BR7),0) -> 0 | F7: =SUM(D7:E7) -> 0 | G7: =SUM(K7:W7)/12 -> 0 | AG7: =I7 -> 0 | AH7: =AG7*Tabeller!$I$35 -> 0 | AI7: =IF(AG7>0,(AH7-400)/52*47,0) -> 0 | AJ7: =AI7*Tabeller!$H$26 -> 0 | AK7: =SUM(AI7:AJ7,AL7)*Tabeller!$H$28 -> 0 | AL7: =AH7*Tabeller!$H$27 -> 0 | AM7: =SUM(AI7:AL7) -> 0 | AN7: =AM7+(IF(B7="Teknisk adm bistand",Registrering!$E$51,Registrering!$B$51)) -> 0 | AO7: =AN7/Tabeller!$H$5 -> 0 | AR7: =((K7*Budsjett!$AM7))/12 -> 0 | AS7: =((L7*Budsjett!$AM7)*(Tabeller!J$35))/12 -> 0 | AT7: =((M7*Budsjett!$AM7)*(Tabeller!K$35))/12 -> 0 | AU7: =((N7*Budsjett!$AM7)*(Tabeller!L$35))/12 -> 0 | AV7: =((O7*Budsjett!$AM7)*(Tabeller!M$35))/12 -> 0 | AW7: =((P7*Budsjett!$AM7)*(Tabeller!N$35))/12 -> 0 | AX7: =((Q7*Budsjett!$AM7)*(Tabeller!O$35))/12 -> 0 | AY7: =((R7*Budsjett!$AM7)*(Tabeller!P$35))/12 -> 0 | AZ7: =((S7*Budsjett!$AM7)*(Tabeller!Q$35))/12 -> 0 | ... BD7: =((W7*Budsjett!$AM7)*(Tabeller!U$35))/12 -> 0 | BF7: =IFERROR(IF($E$83>$E$82,BU7,GS7),0) -> 0 | BG7: =IFERROR(IF($E$83>$E$82,BV7,GT7),0) -> 0 | BH7: =IFERROR(IF($E$83>$E$82,BW7,GU7),0) -> 0 | BI7: =IFERROR(IF($E$83>$E$82,BX7,GV7),0) -> 0 | BJ7: =IFERROR(IF($E$83>$E$82,BY7,GW7),0) -> 0 | BK7: =IFERROR(IF($E$83>$E$82,BZ7,GX7),0) -> 0 | BL7: =IFERROR(IF($E$83>$E$82,CA7,GY7),0) -> 0 | BM7: =IFERROR(IF($E$83>$E$82,CB7,GZ7),0) -> 0 | ... BR7: =IFERROR(IF($E$83>$E$82,CG7,HE7),0) -> 0 | BU7: =IFERROR(IF($E$85=$E$84,AR7*$E$85,AR7*Budsjett!$E$84),0) -> 0 | BV7: =IFERROR(IF($E$85=$E$84,AS7*$E$85,AS7*Budsjett!$E$84),0) -> 0 | BW7: =IFERROR(IF($E$85=$E$84,AT7*$E$85,AT7*Budsjett!$E$84),0) -> 0 | BX7: =IFERROR(IF($E$85=$E$84,AU7*$E$85,AU7*Budsjett!$E$84),0) -> 0 | BY7: =IFERROR(IF($E$85=$E$84,AV7*$E$85,AV7*Budsjett!$E$84),0) -> 0 | BZ7: =IFERROR(IF($E$85=$E$84,AW7*$E$85,AW7*Budsjett!$E$84),0) -> 0 | CA7: =IFERROR(IF($E$85=$E$84,AX7*$E$85,AX7*Budsjett!$E$84),0) -> 0 | CB7: =IFERROR(IF($E$85=$E$84,AY7*$E$85,AY7*Budsjett!$E$84),0) -> 0 | ... CG7: =IFERROR(IF($E$85=$E$84,BD7*$E$85,BD7*Budsjett!$E$84),0) -> 0 | CJ7: =BF7-BU7 -> 0 | CK7: =BG7-BV7 -> 0 | CL7: =BH7-BW7 -> 0 | CM7: =BI7-BX7 -> 0 | CN7: =BJ7-BY7 -> 0 | CO7: =BK7-BZ7 -> 0 | CP7: =BL7-CA7 -> 0 | CQ7: =BM7-CB7 -> 0 | ... CV7: =BR7-CG7 -> 0 | CX7: =B7 -> 0 | CY7: =-((IF($CX7="Teknisk/adm. bistand/Feltassistent",IF(Budsjett!AR7*(1+Tabeller!$I$62)>Tabeller!I$55,Tabeller!I$55,Budsjett!AR7*(1+Tabeller!$I$62)),0)+(IF($CX7="Forsker - professor",Tabeller!I$55*K7,0)+IF($CX7="Prosjektleder/adm.leder",Tabeller!I$54*K7,0)+IF($CX7="Forsker - 1.aman.",Tabeller!I$56*K7,0)+IF($CX7="Gjesteforsker",Tabeller!I$58*K7,0)+IF($CX7="Postdoktor / forsker",Tabeller!I$59*K7,0)+IF($CX7="Stipendiat",Tabeller!I$60*K7,0)+IF($CX7="Forsker (rundsum)",Tabeller!I$57*K7,0)+IF($CX7="Vit.ass",Tabeller!I$61*K7,0))/12)) -> 0 | CZ7: =-((IF($CX7="Teknisk/adm. bistand/Feltassistent",IF(Budsjett!AS7*(1+Tabeller!$I$62)>Tabeller!J$55,Tabeller!J$55,Budsjett!AS7*(1+Tabeller!$I$62)),0)+(IF($CX7="Forsker - professor",Tabeller!J$55*L7,0)+IF($CX7="Prosjektleder/adm.leder",Tabeller!J$54*L7,0)+IF($CX7="Forsker - 1.aman.",Tabeller!J$56*L7,0)+IF($CX7="Gjesteforsker",Tabeller!J$58*L7,0)+IF($CX7="Postdoktor / forsker",Tabeller!J$59*L7,0)+IF($CX7="Stipendiat",Tabeller!J$60*L7,0)+IF($CX7="Forsker (rundsum)",Tabeller!J$57*L7,0)+IF($CX7="Vit.ass",Tabeller!J$61*L7,0))/12)) -> 0 | DA7: =-((IF($CX7="Teknisk/adm. bistand/Feltassistent",IF(Budsjett!AT7*(1+Tabeller!$I$62)>Tabeller!K$55,Tabeller!K$55,Budsjett!AT7*(1+Tabeller!$I$62)),0)+(IF($CX7="Forsker - professor",Tabeller!K$55*M7,0)+IF($CX7="Prosjektleder/adm.leder",Tabeller!K$54*M7,0)+IF($CX7="Forsker - 1.aman.",Tabeller!K$56*M7,0)+IF($CX7="Gjesteforsker",Tabeller!K$58*M7,0)+IF($CX7="Postdoktor / forsker",Tabeller!K$59*M7,0)+IF($CX7="Stipendiat",Tabeller!K$60*M7,0)+IF($CX7="Forsker (rundsum)",Tabeller!K$57*M7,0)+IF($CX7="Vit.ass",Tabeller!K$61*M7,0))/12)) -> 0 | DB7: =-((IF($CX7="Teknisk/adm. bistand/Feltassistent",IF(Budsjett!AU7*(1+Tabeller!$I$62)>Tabeller!L$55,Tabeller!L$55,Budsjett!AU7*(1+Tabeller!$I$62)),0)+(IF($CX7="Forsker - professor",Tabeller!L$55*N7,0)+IF($CX7="Prosjektleder/adm.leder",Tabeller!L$54*N7,0)+IF($CX7="Forsker - 1.aman.",Tabeller!L$56*N7,0)+IF($CX7="Gjesteforsker",Tabeller!L$58*N7,0)+IF($CX7="Postdoktor / forsker",Tabeller!L$59*N7,0)+IF($CX7="Stipendiat",Tabeller!L$60*N7,0)+IF($CX7="Forsker (rundsum)",Tabeller!L$57*N7,0)+IF($CX7="Vit.ass",Tabeller!L$61*N7,0))/12)) -> 0 | DC7: =-((IF($CX7="Teknisk/adm. bistand/Feltassistent",IF(Budsjett!AV7*(1+Tabeller!$I$62)>Tabeller!M$55,Tabeller!M$55,Budsjett!AV7*(1+Tabeller!$I$62)),0)+(IF($CX7="Forsker - professor",Tabeller!M$55*O7,0)+IF($CX7="Prosjektleder/adm.leder",Tabeller!M$54*O7,0)+IF($CX7="Forsker - 1.aman.",Tabeller!M$56*O7,0)+IF($CX7="Gjesteforsker",Tabeller!M$58*O7,0)+IF($CX7="Postdoktor / forsker",Tabeller!M$59*O7,0)+IF($CX7="Stipendiat",Tabeller!M$60*O7,0)+IF($CX7="Forsker (rundsum)",Tabeller!M$57*O7,0)+IF($CX7="Vit.ass",Tabeller!M$61*O7,0))/12)) -> 0 | DD7: =-((IF($CX7="Teknisk/adm. bistand/Feltassistent",IF(Budsjett!AW7*(1+Tabeller!$I$62)>Tabeller!N$55,Tabeller!N$55,Budsjett!AW7*(1+Tabeller!$I$62)),0)+(IF($CX7="Forsker - professor",Tabeller!N$55*P7,0)+IF($CX7="Prosjektleder/adm.leder",Tabeller!N$54*P7,0)+IF($CX7="Forsker - 1.aman.",Tabeller!N$56*P7,0)+IF($CX7="Gjesteforsker",Tabeller!N$58*P7,0)+IF($CX7="Postdoktor / forsker",Tabeller!N$59*P7,0)+IF($CX7="Stipendiat",Tabeller!N$60*P7,0)+IF($CX7="Forsker (rundsum)",Tabeller!N$57*P7,0)+IF($CX7="Vit.ass",Tabeller!N$61*P7,0))/12)) -> 0 | DE7: =-((IF($CX7="Teknisk/adm. bistand/Feltassistent",IF(Budsjett!AX7*(1+Tabeller!$I$62)>Tabeller!O$55,Tabeller!O$55,Budsjett!AX7*(1+Tabeller!$I$62)),0)+(IF($CX7="Forsker - professor",Tabeller!O$55*Q7,0)+IF($CX7="Prosjektleder/adm.leder",Tabeller!O$54*Q7,0)+IF($CX7="Forsker - 1.aman.",Tabeller!O$56*Q7,0)+IF($CX7="Gjesteforsker",Tabeller!O$58*Q7,0)+IF($CX7="Postdoktor / forsker",Tabeller!O$59*Q7,0)+IF($CX7="Stipendiat",Tabeller!O$60*Q7,0)+IF($CX7="Forsker (rundsum)",Tabeller!O$57*Q7,0)+IF($CX7="Vit.ass",Tabeller!O$61*Q7,0))/12)) -> 0 | DF7: =-((IF($CX7="Teknisk/adm. bistand/Feltassistent",IF(Budsjett!AY7*(1+Tabeller!$I$62)>Tabeller!P$55,Tabeller!P$55,Budsjett!AY7*(1+Tabeller!$I$62)),0)+(IF($CX7="Forsker - professor",Tabeller!P$55*R7,0)+IF($CX7="Prosjektleder/adm.leder",Tabeller!P$54*R7,0)+IF($CX7="Forsker - 1.aman.",Tabeller!P$56*R7,0)+IF($CX7="Gjesteforsker",Tabeller!P$58*R7,0)+IF($CX7="Postdoktor / forsker",Tabeller!P$59*R7,0)+IF($CX7="Stipendiat",Tabeller!P$60*R7,0)+IF($CX7="Forsker (rundsum)",Tabeller!P$57*R7,0)+IF($CX7="Vit.ass",Tabeller!P$61*R7,0))/12)) -> 0 | ... DK7: =-((IF($CX7="Teknisk/adm. bistand/Feltassistent",IF(Budsjett!BD7*(1+Tabeller!$I$62)>Tabeller!U$55,Tabeller!U$55,Budsjett!BD7*(1+Tabeller!$I$62)),0)+(IF($CX7="Forsker - professor",Tabeller!U$55*W7,0)+IF($CX7="Prosjektleder/adm.leder",Tabeller!U$54*W7,0)+IF($CX7="Forsker - 1.aman.",Tabeller!U$56*W7,0)+IF($CX7="Gjesteforsker",Tabeller!U$58*W7,0)+IF($CX7="Postdoktor / forsker",Tabeller!U$59*W7,0)+IF($CX7="Stipendiat",Tabeller!U$60*W7,0)+IF($CX7="Forsker (rundsum)",Tabeller!U$57*W7,0)+IF($CX7="Vit.ass",Tabeller!U$61*W7,0))/12)) -> 0 | DL7: =SUM(CY7:DK7) -> 0 | DO7: =CX7 -> 0 | DP7: =IF($H7="NFR",CY7,0) -> 0 | DQ7: =IF($H7="NFR",CZ7,0) -> 0 | DR7: =IF($H7="NFR",DA7,0) -> 0 | DS7: =IF($H7="NFR",DB7,0) -> 0 | DT7: =IF($H7="NFR",DC7,0) -> 0 | DU7: =IF($H7="NFR",DD7,0) -> 0 | DV7: =IF($H7="NFR",DE7,0) -> 0 | DW7: =IF($H7="NFR",DF7,0) -> 0 | ... EB7: =IF($H7="NFR",DK7,0) -> 0 | EC7: =SUM(DP7:EB7) -> 0 | EE7: =DO7 -> 0 | EF7: =IF($H7=$EE$1,CY7,0) -> 0 | EG7: =IF($H7=$EE$1,CZ7,0) -> 0 | EH7: =IF($H7=$EE$1,DA7,0) -> 0 | EI7: =IF($H7=$EE$1,DB7,0) -> 0 | EJ7: =IF($H7=$EE$1,DC7,0) -> 0 | EK7: =IF($H7=$EE$1,DD7,0) -> 0 | EL7: =IF($H7=$EE$1,DE7,0) -> 0 | EM7: =IF($H7=$EE$1,DF7,0) -> 0 | ... ER7: =IF($H7=$EE$1,DK7,0) -> 0 | ES7: =SUM(EF7:ER7) -> 0 | EU7: =EE7 -> 0 | EV7: =IF($H7=$EU$1,CY7,0) -> 0 | EW7: =IF($H7=$EU$1,CZ7,0) -> 0 | EX7: =IF($H7=$EU$1,DA7,0) -> 0 | EY7: =IF($H7=$EU$1,DB7,0) -> 0 | EZ7: =IF($H7=$EU$1,DC7,0) -> 0 | FA7: =IF($H7=$EU$1,DD7,0) -> 0 | FB7: =IF($H7=$EU$1,DE7,0) -> 0 | FC7: =IF($H7=$EU$1,DF7,0) -> 0 | ... FH7: =IF($H7=$EU$1,DK7,0) -> 0 | FI7: =SUM(EV7:FH7) -> 0 | FK7: =EU7 -> 0 | FL7: =IF($H7=$FK$1,CY7,0) -> 0 | FM7: =IF($H7=$FK$1,CZ7,0) -> 0 | FN7: =IF($H7=$FK$1,DA7,0) -> 0 | FO7: =IF($H7=$FK$1,DB7,0) -> 0 | FP7: =IF($H7=$FK$1,DC7,0) -> 0 | FQ7: =IF($H7=$FK$1,DD7,0) -> 0 | FR7: =IF($H7=$FK$1,DE7,0) -> 0 | FS7: =IF($H7=$FK$1,DF7,0) -> 0 | ... FX7: =IF($H7=$FK$1,DK7,0) -> 0 | FY7: =SUM(FL7:FX7) -> 0 | GB7: =FK7 -> 0 | GP7: =SUM(GC7:GO7) -> 0 | GS7: =IF(Registrering!$B$29="Prosjekter som foregår i UiOs lokaler",IF($B7="Teknisk/adm. bistand/Feltassistent",(K7/12)*Tabeller!J$11,(K7/12)*Tabeller!J$10),IF($B7="Teknisk/adm. bistand/Feltassistent",(K7/12)*Tabeller!J$13,(K7/12)*Tabeller!J$12)) -> 0 | GT7: =IF(Registrering!$B$29="Prosjekter som foregår i UiOs lokaler",IF($B7="Teknisk/adm. bistand/Feltassistent",(L7/12)*Tabeller!K$11,(L7/12)*Tabeller!K$10),IF($B7="Teknisk/adm. bistand/Feltassistent",(L7/12)*Tabeller!K$13,(L7/12)*Tabeller!K$12)) -> 0 | GU7: =IF(Registrering!$B$29="Prosjekter som foregår i UiOs lokaler",IF($B7="Teknisk/adm. bistand/Feltassistent",(M7/12)*Tabeller!L$11,(M7/12)*Tabeller!L$10),IF($B7="Teknisk/adm. bistand/Feltassistent",(M7/12)*Tabeller!L$13,(M7/12)*Tabeller!L$12)) -> 0 | GV7: =IF(Registrering!$B$29="Prosjekter som foregår i UiOs lokaler",IF($B7="Teknisk/adm. bistand/Feltassistent",(N7/12)*Tabeller!M$11,(N7/12)*Tabeller!M$10),IF($B7="Teknisk/adm. bistand/Feltassistent",(N7/12)*Tabeller!M$13,(N7/12)*Tabeller!M$12)) -> 0 | GW7: =IF(Registrering!$B$29="Prosjekter som foregår i UiOs lokaler",IF($B7="Teknisk/adm. bistand/Feltassistent",(O7/12)*Tabeller!N$11,(O7/12)*Tabeller!N$10),IF($B7="Teknisk/adm. bistand/Feltassistent",(O7/12)*Tabeller!N$13,(O7/12)*Tabeller!N$12)) -> 0 | GX7: =IF(Registrering!$B$29="Prosjekter som foregår i UiOs lokaler",IF($B7="Teknisk/adm. bistand/Feltassistent",(P7/12)*Tabeller!O$11,(P7/12)*Tabeller!O$10),IF($B7="Teknisk/adm. bistand/Feltassistent",(P7/12)*Tabeller!O$13,(P7/12)*Tabeller!O$12)) -> 0 | GY7: =IF(Registrering!$B$29="Prosjekter som foregår i UiOs lokaler",IF($B7="Teknisk/adm. bistand/Feltassistent",(Q7/12)*Tabeller!P$11,(Q7/12)*Tabeller!P$10),IF($B7="Teknisk/adm. bistand/Feltassistent",(Q7/12)*Tabeller!P$13,(Q7/12)*Tabeller!P$12)) -> 0 | GZ7: =IF(Registrering!$B$29="Prosjekter som foregår i UiOs lokaler",IF($B7="Teknisk/adm. bistand/Feltassistent",(R7/12)*Tabeller!Q$11,(R7/12)*Tabeller!Q$10),IF($B7="Teknisk/adm. bistand/Feltassistent",(R7/12)*Tabeller!Q$13,(R7/12)*Tabeller!Q$12)) -> 0 | ... HE7: =IF(Registrering!$B$29="Prosjekter som foregår i UiOs lokaler",IF($B7="Teknisk/adm. bistand/Feltassistent",(W7/12)*Tabeller!V$11,(W7/12)*Tabeller!V$10),IF($B7="Teknisk/adm. bistand/Feltassistent",(W7/12)*Tabeller!V$13,(W7/12)*Tabeller!V$12)) -> 0
B8: Sum ansatte | C8: =SUM(C4:C7) -> 0 | D8: =SUM(D4:D7) -> 0 | E8: =SUM(E4:E7) -> 0 | F8: =SUM(F4:F7) -> 0 | G8: =SUM(G4:G7) -> 0 | K8: =SUM(K4:K7) -> 0 | L8: =SUM(L4:L7) -> 0 | M8: =SUM(M4:M7) -> 0 | N8: =SUM(N4:N7) -> 0 | O8: =SUM(O4:O7) -> 0 | P8: =SUM(P4:P7) -> 0 | Q8: =SUM(Q4:Q7) -> 0 | R8: =SUM(R4:R7) -> 0 | ... W8: =SUM(W4:W7) -> 0 | AR8: =SUM(AR4:AR7) -> 0 | AS8: =SUM(AS4:AS7) -> 0 | AT8: =SUM(AT4:AT7) -> 0 | AU8: =SUM(AU4:AU7) -> 0 | AV8: =SUM(AV4:AV7) -> 0 | AW8: =SUM(AW4:AW7) -> 0 | AX8: =SUM(AX4:AX7) -> 0 | AY8: =SUM(AY4:AY7) -> 0 | ... BD8: =SUM(BD4:BD7) -> 0 | BE8: =SUM(AR8:BD8) -> 0 | BF8: =SUM(BF4:BF7) -> 0 | BG8: =SUM(BG4:BG7) -> 0 | BH8: =SUM(BH4:BH7) -> 0 | BI8: =SUM(BI4:BI7) -> 0 | BJ8: =SUM(BJ4:BJ7) -> 0 | BK8: =SUM(BK4:BK7) -> 0 | BL8: =SUM(BL4:BL7) -> 0 | BM8: =SUM(BM4:BM7) -> 0 | ... BR8: =SUM(BR4:BR7) -> 0 | BS8: =SUM(BF8:BR8) -> 0 | BU8: =SUM(BU4:BU7) -> 0 | BV8: =SUM(BV4:BV7) -> 0 | BW8: =SUM(BW4:BW7) -> 0 | BX8: =SUM(BX4:BX7) -> 0 | BY8: =SUM(BY4:BY7) -> 0 | BZ8: =SUM(BZ4:BZ7) -> 0 | CA8: =SUM(CA4:CA7) -> 0 | CB8: =SUM(CB4:CB7) -> 0 | ... CG8: =SUM(CG4:CG7) -> 0 | CJ8: =SUM(CJ4:CJ7) -> 0 | CK8: =SUM(CK4:CK7) -> 0 | CL8: =SUM(CL4:CL7) -> 0 | CM8: =SUM(CM4:CM7) -> 0 | CN8: =SUM(CN4:CN7) -> 0 | CO8: =SUM(CO4:CO7) -> 0 | CP8: =SUM(CP4:CP7) -> 0 | CQ8: =SUM(CQ4:CQ7) -> 0 | ... CV8: =SUM(CV4:CV7) -> 0 | CY8: =SUM(CY4:CY7) -> 0 | CZ8: =SUM(CZ4:CZ7) -> 0 | DA8: =SUM(DA4:DA7) -> 0 | DB8: =SUM(DB4:DB7) -> 0 | DC8: =SUM(DC4:DC7) -> 0 | DD8: =SUM(DD4:DD7) -> 0 | DE8: =SUM(DE4:DE7) -> 0 | DF8: =SUM(DF4:DF7) -> 0 | ... DK8: =SUM(DK4:DK7) -> 0 | DL8: =SUM(CY8:DK8) -> 0 | DP8: =SUM(DP4:DP7) -> 0 | DQ8: =SUM(DQ4:DQ7) -> 0 | DR8: =SUM(DR4:DR7) -> 0 | DS8: =SUM(DS4:DS7) -> 0 | DT8: =SUM(DT4:DT7) -> 0 | DU8: =SUM(DU4:DU7) -> 0 | DV8: =SUM(DV4:DV7) -> 0 | DW8: =SUM(DW4:DW7) -> 0 | ... EB8: =SUM(EB4:EB7) -> 0 | EC8: =SUM(DP8:EB8) -> 0 | EE8: =DO8 -> 0 | EF8: =SUM(EF4:EF7) -> 0 | EG8: =SUM(EG4:EG7) -> 0 | EH8: =SUM(EH4:EH7) -> 0 | EI8: =SUM(EI4:EI7) -> 0 | EJ8: =SUM(EJ4:EJ7) -> 0 | EK8: =SUM(EK4:EK7) -> 0 | EL8: =SUM(EL4:EL7) -> 0 | EM8: =SUM(EM4:EM7) -> 0 | ... ER8: =SUM(ER4:ER7) -> 0 | ES8: =SUM(EF8:ER8) -> 0 | EU8: =EE8 -> 0 | EV8: =SUM(EV4:EV7) -> 0 | EW8: =SUM(EW4:EW7) -> 0 | EX8: =SUM(EX4:EX7) -> 0 | EY8: =SUM(EY4:EY7) -> 0 | EZ8: =SUM(EZ4:EZ7) -> 0 | FA8: =SUM(FA4:FA7) -> 0 | FB8: =SUM(FB4:FB7) -> 0 | FC8: =SUM(FC4:FC7) -> 0 | ... FH8: =SUM(FH4:FH7) -> 0 | FI8: =SUM(EV8:FH8) -> 0 | FK8: =EU8 -> 0 | FL8: =SUM(FL4:FL7) -> 0 | FM8: =SUM(FM4:FM7) -> 0 | FN8: =SUM(FN4:FN7) -> 0 | FO8: =SUM(FO4:FO7) -> 0 | FP8: =SUM(FP4:FP7) -> 0 | FQ8: =SUM(FQ4:FQ7) -> 0 | FR8: =SUM(FR4:FR7) -> 0 | FS8: =SUM(FS4:FS7) -> 0 | ... FX8: =SUM(FX4:FX7) -> 0 | FY8: =SUM(FL8:FX8) -> 0 | GB8: =FK8 -> 0 | GC8: =SUM(GC4:GC7) -> 0 | GD8: =SUM(GD4:GD7) -> 0 | GE8: =SUM(GE4:GE7) -> 0 | GF8: =SUM(GF4:GF7) -> 0 | GG8: =SUM(GG4:GG7) -> 0 | GH8: =SUM(GH4:GH7) -> 0 | GI8: =SUM(GI4:GI7) -> 0 | GJ8: =SUM(GJ4:GJ7) -> 0 | ... GO8: =SUM(GO4:GO7) -> 0 | GP8: =SUM(GC8:GO8) -> 0 | GS8: =SUM(GS4:GS7) -> 0 | GT8: =SUM(GT4:GT7) -> 0 | GU8: =SUM(GU4:GU7) -> 0 | GV8: =SUM(GV4:GV7) -> 0 | GW8: =SUM(GW4:GW7) -> 0 | GX8: =SUM(GX4:GX7) -> 0 | GY8: =SUM(GY4:GY7) -> 0 | GZ8: =SUM(GZ4:GZ7) -> 0 | ... HE8: =SUM(HE4:HE7) -> 0
K9: ÅRSVERK | EE9: =DO9 -> 0 | EU9: =EE9 -> 0 | FK9: =EU9 -> 0 | GB9: =FK9 -> 0
B10: Eksternt frikjøp | C10: Inntekter | D10: Lønn og sos. kostn. | E10: Overhead | F10: Totalt | G10: Årsv | H10: Finansiør | I10: Årslønn | J10: Navn | K10: =K3 -> 1 | L10: =L3 -> 2 | M10: =M3 -> 3 | N10: =N3 -> 4 | O10: =O3 -> 5 | P10: =P3 -> 6 | Q10: =Q3 -> 7 | R10: =R3 -> 8 | ... W10: =W3 -> 13 | AG10: Bruttolønn | AH10: inkl lønnsv. | AI10: Lønn | AJ10: Feriep | AK10: AGA | AL10: Pensjon | AM10: inkl sos.avg. | AN10: inkl. ind.kost. | AO10: Timesats | AR10: =K10 -> 1 | AS10: =L10 -> 2 | AT10: =M10 -> 3 | AU10: =N10 -> 4 | AV10: =O10 -> 5 | AW10: =P10 -> 6 | AX10: =Q10 -> 7 | AY10: =R10 -> 8 | ... BD10: =W10 -> 13 | BF10: =AR10 -> 1 | BG10: =AS10 -> 2 | BH10: =AT10 -> 3 | BI10: =AU10 -> 4 | BJ10: =AV10 -> 5 | BK10: =AW10 -> 6 | BL10: =AX10 -> 7 | BM10: =AY10 -> 8 | ... BR10: =BD10 -> 13 | BU10: =BF10 -> 1 | BV10: =BG10 -> 2 | BW10: =BH10 -> 3 | BX10: =BI10 -> 4 | BY10: =BJ10 -> 5 | BZ10: =BK10 -> 6 | CA10: =BL10 -> 7 | CB10: =BM10 -> 8 | ... CG10: =BR10 -> 13 | CJ10: =CY10 -> 1 | CK10: =CZ10 -> 2 | CL10: =DA10 -> 3 | CM10: =DB10 -> 4 | CN10: =DC10 -> 5 | CO10: =DD10 -> 6 | CP10: =DE10 -> 7 | CQ10: =DF10 -> 8 | ... CV10: =DK10 -> 13 | CY10: =BU10 -> 1 | CZ10: =BV10 -> 2 | DA10: =BW10 -> 3 | DB10: =BX10 -> 4 | DC10: =BY10 -> 5 | DD10: =BZ10 -> 6 | DE10: =CA10 -> 7 | DF10: =CB10 -> 8 | ... DK10: =CG10 -> 13 | DL10: Totalt | DP10: =BU10 -> 1 | DQ10: =BV10 -> 2 | DR10: =BW10 -> 3 | DS10: =BX10 -> 4 | DT10: =BY10 -> 5 | DU10: =BZ10 -> 6 | DV10: =CA10 -> 7 | DW10: =CB10 -> 8 | ... EB10: =CG10 -> 13 | EC10: =EC3 -> Totalt | EE10: =DO10 -> 0 | EF10: =EF3 -> 1 | EG10: =EG3 -> 2 | EH10: =EH3 -> 3 | EI10: =EI3 -> 4 | EJ10: =EJ3 -> 5 | EK10: =EK3 -> 6 | EL10: =EL3 -> 7 | EM10: =EM3 -> 8 | ... ES10: =ES3 -> Totalt | EU10: =EE10 -> 0 | EV10: =EV3 -> 1 | EW10: =EW3 -> 2 | EX10: =EX3 -> 3 | EY10: =EY3 -> 4 | EZ10: =EZ3 -> 5 | FA10: =FA3 -> 6 | FB10: =FB3 -> 7 | FC10: =FC3 -> 8 | ... FI10: =FI3 -> Totalt | FK10: =EU10 -> 0 | FL10: =FL3 -> 1 | FM10: =FM3 -> 2 | FN10: =FN3 -> 3 | FO10: =FO3 -> 4 | FP10: =FP3 -> 5 | FQ10: =FQ3 -> 6 | FR10: =FR3 -> 7 | FS10: =FS3 -> 8 | ... FY10: =FY3 -> Totalt | GB10: =FK10 -> 0 | GC10: =GC3 -> 1 | GD10: =GD3 -> 2 | GE10: =GE3 -> 3 | GF10: =GF3 -> 4 | GG10: =GG3 -> 5 | GH10: =GH3 -> 6 | GI10: =GI3 -> 7 | GJ10: =GJ3 -> 8 | ... GP10: =GP3 -> Totalt | GS10: =AR10 -> 1 | GT10: =AS10 -> 2 | GU10: =AT10 -> 3 | GV10: =AU10 -> 4 | GW10: =AV10 -> 5 | GX10: =AW10 -> 6 | GY10: =AX10 -> 7 | GZ10: =AY10 -> 8 | ... HE10: =BD10 -> 13
B11: Teknisk/adm. bistand/Feltassistent | C11: =IF(Registrering!$B$28="Fast beløp",0,IF(Registrering!$B$28="Sats for ekst. fin. overhead",0,DL11)) -> -188634.74 | D11: =SUM(AR11:BD11) -> 150907.8 | E11: =IFERROR(SUM(BF11:BR11),0) -> 35811 | F11: =SUM(D11:E11) -> 186718.8 | G11: =SUM(K11:W11) -> 0.2 | H11: Offentlige | I11: 580000 | J11: dScience | L11: 0.2 | AG11: =I11 -> 580000 | AH11: =AG11*Tabeller!$I$35 -> 580000 | AI11: =IF(AG11>0,(AH11-400)/52*47,0) -> 523869.23 | AJ11: =AI11*Tabeller!$H$26 -> 62864.308 | AK11: =SUM(AI11:AJ11,AL11)*Tabeller!$H$28 -> 90089.629 | AL11: =AH11*Tabeller!$H$27 -> 52200 | AM11: =SUM(AI11:AL11) -> 729023.17 | AN11: =AM11+(IF(B11="Teknisk adm bistand",Registrering!$E$51,Registrering!$B$51)) -> 729023.17 | AO11: =AN11/Tabeller!$H$5 -> 447.80293 | AR11: =((K11*Budsjett!$AM11)) -> 0 | AS11: =((L11*Budsjett!$AM11)*(Tabeller!J$35)) -> 150907.8 | AT11: =((M11*Budsjett!$AM11)*(Tabeller!K$35)) -> 0 | AU11: =((N11*Budsjett!$AM11)*(Tabeller!L$35)) -> 0 | AV11: =((O11*Budsjett!$AM11)*(Tabeller!M$35)) -> 0 | AW11: =((P11*Budsjett!$AM11)*(Tabeller!N$35)) -> 0 | AX11: =((Q11*Budsjett!$AM11)*(Tabeller!O$35)) -> 0 | AY11: =((R11*Budsjett!$AM11)*(Tabeller!P$35)) -> 0 | AZ11: =((S11*Budsjett!$AM11)*(Tabeller!Q$35)) -> 0 | ... BD11: =((W11*Budsjett!$AM11)*(Tabeller!U$35)) -> 0 | BF11: =IFERROR(IF($E$83>$E$82,BU11,GS11),0) -> 0 | BG11: =IFERROR(IF($E$83>$E$82,BV11,GT11),0) -> 35811 | BH11: =IFERROR(IF($E$83>$E$82,BW11,GU11),0) -> 0 | BI11: =IFERROR(IF($E$83>$E$82,BX11,GV11),0) -> 0 | BJ11: =IFERROR(IF($E$83>$E$82,BY11,GW11),0) -> 0 | BK11: =IFERROR(IF($E$83>$E$82,BZ11,GX11),0) -> 0 | BL11: =IFERROR(IF($E$83>$E$82,CA11,GY11),0) -> 0 | BM11: =IFERROR(IF($E$83>$E$82,CB11,GZ11),0) -> 0 | ... BR11: =IFERROR(IF($E$83>$E$82,CG11,HE11),0) -> 0 | BU11: =IFERROR(IF($F$93=$M$93,AR11*$E$84,AR11*Budsjett!$E$85),0) -> 0 | BV11: =IFERROR(IF($F$93=$M$93,AS11*$E$84,AS11*Budsjett!$E$85),0) -> -528070.89 | BW11: =IFERROR(IF($F$93=$M$93,AT11*$E$84,AT11*Budsjett!$E$85),0) -> 0 | BX11: =IFERROR(IF($F$93=$M$93,AU11*$E$84,AU11*Budsjett!$E$85),0) -> 0 | BY11: =IFERROR(IF($F$93=$M$93,AV11*$E$84,AV11*Budsjett!$E$85),0) -> 0 | BZ11: =IFERROR(IF($F$93=$M$93,AW11*$E$84,AW11*Budsjett!$E$85),0) -> 0 | CA11: =IFERROR(IF($F$93=$M$93,AX11*$E$84,AX11*Budsjett!$E$85),0) -> 0 | CB11: =IFERROR(IF($F$93=$M$93,AY11*$E$84,AY11*Budsjett!$E$85),0) -> 0 | ... CG11: =IFERROR(IF($F$93=$M$93,BD11*$E$84,BD11*Budsjett!$E$85),0) -> 0 | CJ11: =BF11-BU11 -> 0 | CK11: =BG11-BV11 -> 563881.89 | CL11: =BH11-BW11 -> 0 | CM11: =BI11-BX11 -> 0 | CN11: =BJ11-BY11 -> 0 | CO11: =BK11-BZ11 -> 0 | CP11: =BL11-CA11 -> 0 | CQ11: =BM11-CB11 -> 0 | ... CV11: =BR11-CG11 -> 0 | CX11: =B11 -> Teknisk/adm. bistand/Feltassistent | CY11: =-((IF($CX11="Teknisk/adm. bistand/Feltassistent",IF(Budsjett!AR11*(1+Tabeller!$I$62)>Tabeller!I$55,Tabeller!I$55,Budsjett!AR11*(1+Tabeller!$I$62)),0)+(IF($CX11="Forsker - professor",Tabeller!I$55*K11,0)+IF($CX11="Prosjektleder/adm.leder",Tabeller!I$54*K11,0)+IF($CX11="Forsker - 1.aman.",Tabeller!I$56*K11,0)+IF($CX11="Gjesteforsker",Tabeller!I$58*K11,0)+IF($CX11="Postdoktor / forsker",Tabeller!I$59*K11,0)+IF($CX11="Stipendiat",Tabeller!I$60*K11,0)+IF($CX11="Forsker (rundsum)",Tabeller!I$57*K11,0)+IF($CX11="Vit.ass",Tabeller!I$61*K11,0))/1)) -> 0 | CZ11: =-((IF($CX11="Teknisk/adm. bistand/Feltassistent",IF(Budsjett!AS11*(1+Tabeller!$I$62)>Tabeller!J$55,Tabeller!J$55,Budsjett!AS11*(1+Tabeller!$I$62)),0)+(IF($CX11="Forsker - professor",Tabeller!J$55*L11,0)+IF($CX11="Prosjektleder/adm.leder",Tabeller!J$54*L11,0)+IF($CX11="Forsker - 1.aman.",Tabeller!J$56*L11,0)+IF($CX11="Gjesteforsker",Tabeller!J$58*L11,0)+IF($CX11="Postdoktor / forsker",Tabeller!J$59*L11,0)+IF($CX11="Stipendiat",Tabeller!J$60*L11,0)+IF($CX11="Forsker (rundsum)",Tabeller!J$57*L11,0)+IF($CX11="Vit.ass",Tabeller!J$61*L11,0))/1)) -> -188634.74 | DA11: =-((IF($CX11="Teknisk/adm. bistand/Feltassistent",IF(Budsjett!AT11*(1+Tabeller!$I$62)>Tabeller!K$55,Tabeller!K$55,Budsjett!AT11*(1+Tabeller!$I$62)),0)+(IF($CX11="Forsker - professor",Tabeller!K$55*M11,0)+IF($CX11="Prosjektleder/adm.leder",Tabeller!K$54*M11,0)+IF($CX11="Forsker - 1.aman.",Tabeller!K$56*M11,0)+IF($CX11="Gjesteforsker",Tabeller!K$58*M11,0)+IF($CX11="Postdoktor / forsker",Tabeller!K$59*M11,0)+IF($CX11="Stipendiat",Tabeller!K$60*M11,0)+IF($CX11="Forsker (rundsum)",Tabeller!K$57*M11,0)+IF($CX11="Vit.ass",Tabeller!K$61*M11,0))/1)) -> 0 | DB11: =-((IF($CX11="Teknisk/adm. bistand/Feltassistent",IF(Budsjett!AU11*(1+Tabeller!$I$62)>Tabeller!L$55,Tabeller!L$55,Budsjett!AU11*(1+Tabeller!$I$62)),0)+(IF($CX11="Forsker - professor",Tabeller!L$55*N11,0)+IF($CX11="Prosjektleder/adm.leder",Tabeller!L$54*N11,0)+IF($CX11="Forsker - 1.aman.",Tabeller!L$56*N11,0)+IF($CX11="Gjesteforsker",Tabeller!L$58*N11,0)+IF($CX11="Postdoktor / forsker",Tabeller!L$59*N11,0)+IF($CX11="Stipendiat",Tabeller!L$60*N11,0)+IF($CX11="Forsker (rundsum)",Tabeller!L$57*N11,0)+IF($CX11="Vit.ass",Tabeller!L$61*N11,0))/1)) -> 0 | DC11: =-((IF($CX11="Teknisk/adm. bistand/Feltassistent",IF(Budsjett!AV11*(1+Tabeller!$I$62)>Tabeller!M$55,Tabeller!M$55,Budsjett!AV11*(1+Tabeller!$I$62)),0)+(IF($CX11="Forsker - professor",Tabeller!M$55*O11,0)+IF($CX11="Prosjektleder/adm.leder",Tabeller!M$54*O11,0)+IF($CX11="Forsker - 1.aman.",Tabeller!M$56*O11,0)+IF($CX11="Gjesteforsker",Tabeller!M$58*O11,0)+IF($CX11="Postdoktor / forsker",Tabeller!M$59*O11,0)+IF($CX11="Stipendiat",Tabeller!M$60*O11,0)+IF($CX11="Forsker (rundsum)",Tabeller!M$57*O11,0)+IF($CX11="Vit.ass",Tabeller!M$61*O11,0))/1)) -> 0 | DD11: =-((IF($CX11="Teknisk/adm. bistand/Feltassistent",IF(Budsjett!AW11*(1+Tabeller!$I$62)>Tabeller!N$55,Tabeller!N$55,Budsjett!AW11*(1+Tabeller!$I$62)),0)+(IF($CX11="Forsker - professor",Tabeller!N$55*P11,0)+IF($CX11="Prosjektleder/adm.leder",Tabeller!N$54*P11,0)+IF($CX11="Forsker - 1.aman.",Tabeller!N$56*P11,0)+IF($CX11="Gjesteforsker",Tabeller!N$58*P11,0)+IF($CX11="Postdoktor / forsker",Tabeller!N$59*P11,0)+IF($CX11="Stipendiat",Tabeller!N$60*P11,0)+IF($CX11="Forsker (rundsum)",Tabeller!N$57*P11,0)+IF($CX11="Vit.ass",Tabeller!N$61*P11,0))/1)) -> 0 | DE11: =-((IF($CX11="Teknisk/adm. bistand/Feltassistent",IF(Budsjett!AX11*(1+Tabeller!$I$62)>Tabeller!O$55,Tabeller!O$55,Budsjett!AX11*(1+Tabeller!$I$62)),0)+(IF($CX11="Forsker - professor",Tabeller!O$55*Q11,0)+IF($CX11="Prosjektleder/adm.leder",Tabeller!O$54*Q11,0)+IF($CX11="Forsker - 1.aman.",Tabeller!O$56*Q11,0)+IF($CX11="Gjesteforsker",Tabeller!O$58*Q11,0)+IF($CX11="Postdoktor / forsker",Tabeller!O$59*Q11,0)+IF($CX11="Stipendiat",Tabeller!O$60*Q11,0)+IF($CX11="Forsker (rundsum)",Tabeller!O$57*Q11,0)+IF($CX11="Vit.ass",Tabeller!O$61*Q11,0))/1)) -> 0 | DF11: =-((IF($CX11="Teknisk/adm. bistand/Feltassistent",IF(Budsjett!AY11*(1+Tabeller!$I$62)>Tabeller!P$55,Tabeller!P$55,Budsjett!AY11*(1+Tabeller!$I$62)),0)+(IF($CX11="Forsker - professor",Tabeller!P$55*R11,0)+IF($CX11="Prosjektleder/adm.leder",Tabeller!P$54*R11,0)+IF($CX11="Forsker - 1.aman.",Tabeller!P$56*R11,0)+IF($CX11="Gjesteforsker",Tabeller!P$58*R11,0)+IF($CX11="Postdoktor / forsker",Tabeller!P$59*R11,0)+IF($CX11="Stipendiat",Tabeller!P$60*R11,0)+IF($CX11="Forsker (rundsum)",Tabeller!P$57*R11,0)+IF($CX11="Vit.ass",Tabeller!P$61*R11,0))/1)) -> 0 | ... DK11: =-((IF($CX11="Teknisk/adm. bistand/Feltassistent",IF(Budsjett!BD11*(1+Tabeller!$I$62)>Tabeller!U$55,Tabeller!U$55,Budsjett!BD11*(1+Tabeller!$I$62)),0)+(IF($CX11="Forsker - professor",Tabeller!U$55*W11,0)+IF($CX11="Prosjektleder/adm.leder",Tabeller!U$54*W11,0)+IF($CX11="Forsker - 1.aman.",Tabeller!U$56*W11,0)+IF($CX11="Gjesteforsker",Tabeller!U$58*W11,0)+IF($CX11="Postdoktor / forsker",Tabeller!U$59*W11,0)+IF($CX11="Stipendiat",Tabeller!U$60*W11,0)+IF($CX11="Forsker (rundsum)",Tabeller!U$57*W11,0)+IF($CX11="Vit.ass",Tabeller!U$61*W11,0))/1)) -> 0 | DL11: =SUM(CY11:DK11) -> -188634.74 | DO11: =CX11 -> Teknisk/adm. bistand/Feltassistent | DP11: =IF($H11="NFR",CY11,0) -> 0 | DQ11: =IF($H11="NFR",CZ11,0) -> 0 | DR11: =IF($H11="NFR",DA11,0) -> 0 | DS11: =IF($H11="NFR",DB11,0) -> 0 | DT11: =IF($H11="NFR",DC11,0) -> 0 | DU11: =IF($H11="NFR",DD11,0) -> 0 | DV11: =IF($H11="NFR",DE11,0) -> 0 | DW11: =IF($H11="NFR",DF11,0) -> 0 | ... EB11: =IF($H11="NFR",DK11,0) -> 0 | EC11: =SUM(DP11:EB11) -> 0 | EE11: =DO11 -> Teknisk/adm. bistand/Feltassistent | EF11: =IF($H11=$EE$1,CY11,0) -> 0 | EG11: =IF($H11=$EE$1,CZ11,0) -> 0 | EH11: =IF($H11=$EE$1,DA11,0) -> 0 | EI11: =IF($H11=$EE$1,DB11,0) -> 0 | EJ11: =IF($H11=$EE$1,DC11,0) -> 0 | EK11: =IF($H11=$EE$1,DD11,0) -> 0 | EL11: =IF($H11=$EE$1,DE11,0) -> 0 | EM11: =IF($H11=$EE$1,DF11,0) -> 0 | ... ER11: =IF($H11=$EE$1,DK11,0) -> 0 | ES11: =SUM(EF11:ER11) -> 0 | EU11: =EE11 -> Teknisk/adm. bistand/Feltassistent | EV11: =IF($H11=$EU$1,CY11,0) -> 0 | EW11: =IF($H11=$EU$1,CZ11,0) -> 0 | EX11: =IF($H11=$EU$1,DA11,0) -> 0 | EY11: =IF($H11=$EU$1,DB11,0) -> 0 | EZ11: =IF($H11=$EU$1,DC11,0) -> 0 | FA11: =IF($H11=$EU$1,DD11,0) -> 0 | FB11: =IF($H11=$EU$1,DE11,0) -> 0 | FC11: =IF($H11=$EU$1,DF11,0) -> 0 | ... FH11: =IF($H11=$EU$1,DK11,0) -> 0 | FI11: =SUM(EV11:FH11) -> 0 | FK11: =EU11 -> Teknisk/adm. bistand/Feltassistent | FL11: =IF($H11=$FK$1,CY11,0) -> 0 | FM11: =IF($H11=$FK$1,CZ11,0) -> -188634.74 | FN11: =IF($H11=$FK$1,DA11,0) -> 0 | FO11: =IF($H11=$FK$1,DB11,0) -> 0 | FP11: =IF($H11=$FK$1,DC11,0) -> 0 | FQ11: =IF($H11=$FK$1,DD11,0) -> 0 | FR11: =IF($H11=$FK$1,DE11,0) -> 0 | FS11: =IF($H11=$FK$1,DF11,0) -> 0 | ... FX11: =IF($H11=$FK$1,DK11,0) -> 0 | FY11: =SUM(FL11:FX11) -> -188634.74 | GB11: =FK11 -> Teknisk/adm. bistand/Feltassistent | GP11: =SUM(GC11:GO11) -> 0 | GS11: =IF(Registrering!$B$29="Prosjekter som foregår i UiOs lokaler",IF($B11="Teknisk/adm. bistand/Feltassistent",K11*Tabeller!J$11,K11*Tabeller!J$10),IF($B11="Teknisk/adm. bistand/Feltassistent",K11*Tabeller!J$13,K11*Tabeller!J$12)) -> 0 | GT11: =IF(Registrering!$B$29="Prosjekter som foregår i UiOs lokaler",IF($B11="Teknisk/adm. bistand/Feltassistent",L11*Tabeller!K$11,L11*Tabeller!K$10),IF($B11="Teknisk/adm. bistand/Feltassistent",L11*Tabeller!K$13,L11*Tabeller!K$12)) -> 35811 | GU11: =IF(Registrering!$B$29="Prosjekter som foregår i UiOs lokaler",IF($B11="Teknisk/adm. bistand/Feltassistent",M11*Tabeller!L$11,M11*Tabeller!L$10),IF($B11="Teknisk/adm. bistand/Feltassistent",M11*Tabeller!L$13,M11*Tabeller!L$12)) -> 0 | GV11: =IF(Registrering!$B$29="Prosjekter som foregår i UiOs lokaler",IF($B11="Teknisk/adm. bistand/Feltassistent",N11*Tabeller!M$11,N11*Tabeller!M$10),IF($B11="Teknisk/adm. bistand/Feltassistent",N11*Tabeller!M$13,N11*Tabeller!M$12)) -> 0 | GW11: =IF(Registrering!$B$29="Prosjekter som foregår i UiOs lokaler",IF($B11="Teknisk/adm. bistand/Feltassistent",O11*Tabeller!N$11,O11*Tabeller!N$10),IF($B11="Teknisk/adm. bistand/Feltassistent",O11*Tabeller!N$13,O11*Tabeller!N$12)) -> 0 | GX11: =IF(Registrering!$B$29="Prosjekter som foregår i UiOs lokaler",IF($B11="Teknisk/adm. bistand/Feltassistent",P11*Tabeller!O$11,P11*Tabeller!O$10),IF($B11="Teknisk/adm. bistand/Feltassistent",P11*Tabeller!O$13,P11*Tabeller!O$12)) -> 0 | GY11: =IF(Registrering!$B$29="Prosjekter som foregår i UiOs lokaler",IF($B11="Teknisk/adm. bistand/Feltassistent",Q11*Tabeller!P$11,Q11*Tabeller!P$10),IF($B11="Teknisk/adm. bistand/Feltassistent",Q11*Tabeller!P$13,Q11*Tabeller!P$12)) -> 0 | GZ11: =IF(Registrering!$B$29="Prosjekter som foregår i UiOs lokaler",IF($B11="Teknisk/adm. bistand/Feltassistent",R11*Tabeller!Q$11,R11*Tabeller!Q$10),IF($B11="Teknisk/adm. bistand/Feltassistent",R11*Tabeller!Q$13,R11*Tabeller!Q$12)) -> 0 | ... HE11: =IF(Registrering!$B$29="Prosjekter som foregår i UiOs lokaler",IF($B11="Teknisk/adm. bistand/Feltassistent",W11*Tabeller!V$11,W11*Tabeller!V$10),IF($B11="Teknisk/adm. bistand/Feltassistent",W11*Tabeller!V$13,W11*Tabeller!V$12)) -> 0
B12: Teknisk/adm. bistand/Feltassistent | C12: =IF(Registrering!$B$28="Fast beløp",0,IF(Registrering!$B$28="Sats for ekst. fin. overhead",0,DL12)) -> -188634.74 | D12: =SUM(AR12:BD12) -> 150907.8 | E12: =IFERROR(SUM(BF12:BR12),0) -> 35811 | F12: =SUM(D12:E12) -> 186718.8 | G12: =SUM(K12:W12) -> 0.2 | H12: Offentlige | I12: 580000 | J12: dScience | L12: 0.2 | AG12: =I12 -> 580000 | AH12: =AG12*Tabeller!$I$35 -> 580000 | AI12: =IF(AG12>0,(AH12-400)/52*47,0) -> 523869.23 | AJ12: =AI12*Tabeller!$H$26 -> 62864.308 | AK12: =SUM(AI12:AJ12,AL12)*Tabeller!$H$28 -> 90089.629 | AL12: =AH12*Tabeller!$H$27 -> 52200 | AM12: =SUM(AI12:AL12) -> 729023.17 | AN12: =AM12+(IF(B12="Teknisk adm bistand",Registrering!$E$51,Registrering!$B$51)) -> 729023.17 | AO12: =AN12/Tabeller!$H$5 -> 447.80293 | AR12: =((K12*Budsjett!$AM12)) -> 0 | AS12: =((L12*Budsjett!$AM12)*(Tabeller!J$35)) -> 150907.8 | AT12: =((M12*Budsjett!$AM12)*(Tabeller!K$35)) -> 0 | AU12: =((N12*Budsjett!$AM12)*(Tabeller!L$35)) -> 0 | AV12: =((O12*Budsjett!$AM12)*(Tabeller!M$35)) -> 0 | AW12: =((P12*Budsjett!$AM12)*(Tabeller!N$35)) -> 0 | AX12: =((Q12*Budsjett!$AM12)*(Tabeller!O$35)) -> 0 | AY12: =((R12*Budsjett!$AM12)*(Tabeller!P$35)) -> 0 | AZ12: =((S12*Budsjett!$AM12)*(Tabeller!Q$35)) -> 0 | ... BD12: =((W12*Budsjett!$AM12)*(Tabeller!U$35)) -> 0 | BF12: =IFERROR(IF($E$83>$E$82,BU12,GS12),0) -> 0 | BG12: =IFERROR(IF($E$83>$E$82,BV12,GT12),0) -> 35811 | BH12: =IFERROR(IF($E$83>$E$82,BW12,GU12),0) -> 0 | BI12: =IFERROR(IF($E$83>$E$82,BX12,GV12),0) -> 0 | BJ12: =IFERROR(IF($E$83>$E$82,BY12,GW12),0) -> 0 | BK12: =IFERROR(IF($E$83>$E$82,BZ12,GX12),0) -> 0 | BL12: =IFERROR(IF($E$83>$E$82,CA12,GY12),0) -> 0 | BM12: =IFERROR(IF($E$83>$E$82,CB12,GZ12),0) -> 0 | ... BR12: =IFERROR(IF($E$83>$E$82,CG12,HE12),0) -> 0 | BU12: =IFERROR(IF($F$93=$M$93,AR12*$E$84,AR12*Budsjett!$E$85),0) -> 0 | BV12: =IFERROR(IF($F$93=$M$93,AS12*$E$84,AS12*Budsjett!$E$85),0) -> -528070.89 | BW12: =IFERROR(IF($F$93=$M$93,AT12*$E$84,AT12*Budsjett!$E$85),0) -> 0 | BX12: =IFERROR(IF($F$93=$M$93,AU12*$E$84,AU12*Budsjett!$E$85),0) -> 0 | BY12: =IFERROR(IF($F$93=$M$93,AV12*$E$84,AV12*Budsjett!$E$85),0) -> 0 | BZ12: =IFERROR(IF($F$93=$M$93,AW12*$E$84,AW12*Budsjett!$E$85),0) -> 0 | CA12: =IFERROR(IF($F$93=$M$93,AX12*$E$84,AX12*Budsjett!$E$85),0) -> 0 | CB12: =IFERROR(IF($F$93=$M$93,AY12*$E$84,AY12*Budsjett!$E$85),0) -> 0 | ... CG12: =IFERROR(IF($F$93=$M$93,BD12*$E$84,BD12*Budsjett!$E$85),0) -> 0 | CJ12: =BF12-BU12 -> 0 | CK12: =BG12-BV12 -> 563881.89 | CL12: =BH12-BW12 -> 0 | CM12: =BI12-BX12 -> 0 | CN12: =BJ12-BY12 -> 0 | CO12: =BK12-BZ12 -> 0 | CP12: =BL12-CA12 -> 0 | CQ12: =BM12-CB12 -> 0 | ... CV12: =BR12-CG12 -> 0 | CX12: =B12 -> Teknisk/adm. bistand/Feltassistent | CY12: =-((IF($CX12="Teknisk/adm. bistand/Feltassistent",IF(Budsjett!AR12*(1+Tabeller!$I$62)>Tabeller!I$55,Tabeller!I$55,Budsjett!AR12*(1+Tabeller!$I$62)),0)+(IF($CX12="Forsker - professor",Tabeller!I$55*K12,0)+IF($CX12="Prosjektleder/adm.leder",Tabeller!I$54*K12,0)+IF($CX12="Forsker - 1.aman.",Tabeller!I$56*K12,0)+IF($CX12="Gjesteforsker",Tabeller!I$58*K12,0)+IF($CX12="Postdoktor / forsker",Tabeller!I$59*K12,0)+IF($CX12="Stipendiat",Tabeller!I$60*K12,0)+IF($CX12="Forsker (rundsum)",Tabeller!I$57*K12,0)+IF($CX12="Vit.ass",Tabeller!I$61*K12,0))/1)) -> 0 | CZ12: =-((IF($CX12="Teknisk/adm. bistand/Feltassistent",IF(Budsjett!AS12*(1+Tabeller!$I$62)>Tabeller!J$55,Tabeller!J$55,Budsjett!AS12*(1+Tabeller!$I$62)),0)+(IF($CX12="Forsker - professor",Tabeller!J$55*L12,0)+IF($CX12="Prosjektleder/adm.leder",Tabeller!J$54*L12,0)+IF($CX12="Forsker - 1.aman.",Tabeller!J$56*L12,0)+IF($CX12="Gjesteforsker",Tabeller!J$58*L12,0)+IF($CX12="Postdoktor / forsker",Tabeller!J$59*L12,0)+IF($CX12="Stipendiat",Tabeller!J$60*L12,0)+IF($CX12="Forsker (rundsum)",Tabeller!J$57*L12,0)+IF($CX12="Vit.ass",Tabeller!J$61*L12,0))/1)) -> -188634.74 | DA12: =-((IF($CX12="Teknisk/adm. bistand/Feltassistent",IF(Budsjett!AT12*(1+Tabeller!$I$62)>Tabeller!K$55,Tabeller!K$55,Budsjett!AT12*(1+Tabeller!$I$62)),0)+(IF($CX12="Forsker - professor",Tabeller!K$55*M12,0)+IF($CX12="Prosjektleder/adm.leder",Tabeller!K$54*M12,0)+IF($CX12="Forsker - 1.aman.",Tabeller!K$56*M12,0)+IF($CX12="Gjesteforsker",Tabeller!K$58*M12,0)+IF($CX12="Postdoktor / forsker",Tabeller!K$59*M12,0)+IF($CX12="Stipendiat",Tabeller!K$60*M12,0)+IF($CX12="Forsker (rundsum)",Tabeller!K$57*M12,0)+IF($CX12="Vit.ass",Tabeller!K$61*M12,0))/1)) -> 0 | DB12: =-((IF($CX12="Teknisk/adm. bistand/Feltassistent",IF(Budsjett!AU12*(1+Tabeller!$I$62)>Tabeller!L$55,Tabeller!L$55,Budsjett!AU12*(1+Tabeller!$I$62)),0)+(IF($CX12="Forsker - professor",Tabeller!L$55*N12,0)+IF($CX12="Prosjektleder/adm.leder",Tabeller!L$54*N12,0)+IF($CX12="Forsker - 1.aman.",Tabeller!L$56*N12,0)+IF($CX12="Gjesteforsker",Tabeller!L$58*N12,0)+IF($CX12="Postdoktor / forsker",Tabeller!L$59*N12,0)+IF($CX12="Stipendiat",Tabeller!L$60*N12,0)+IF($CX12="Forsker (rundsum)",Tabeller!L$57*N12,0)+IF($CX12="Vit.ass",Tabeller!L$61*N12,0))/1)) -> 0 | DC12: =-((IF($CX12="Teknisk/adm. bistand/Feltassistent",IF(Budsjett!AV12*(1+Tabeller!$I$62)>Tabeller!M$55,Tabeller!M$55,Budsjett!AV12*(1+Tabeller!$I$62)),0)+(IF($CX12="Forsker - professor",Tabeller!M$55*O12,0)+IF($CX12="Prosjektleder/adm.leder",Tabeller!M$54*O12,0)+IF($CX12="Forsker - 1.aman.",Tabeller!M$56*O12,0)+IF($CX12="Gjesteforsker",Tabeller!M$58*O12,0)+IF($CX12="Postdoktor / forsker",Tabeller!M$59*O12,0)+IF($CX12="Stipendiat",Tabeller!M$60*O12,0)+IF($CX12="Forsker (rundsum)",Tabeller!M$57*O12,0)+IF($CX12="Vit.ass",Tabeller!M$61*O12,0))/1)) -> 0 | DD12: =-((IF($CX12="Teknisk/adm. bistand/Feltassistent",IF(Budsjett!AW12*(1+Tabeller!$I$62)>Tabeller!N$55,Tabeller!N$55,Budsjett!AW12*(1+Tabeller!$I$62)),0)+(IF($CX12="Forsker - professor",Tabeller!N$55*P12,0)+IF($CX12="Prosjektleder/adm.leder",Tabeller!N$54*P12,0)+IF($CX12="Forsker - 1.aman.",Tabeller!N$56*P12,0)+IF($CX12="Gjesteforsker",Tabeller!N$58*P12,0)+IF($CX12="Postdoktor / forsker",Tabeller!N$59*P12,0)+IF($CX12="Stipendiat",Tabeller!N$60*P12,0)+IF($CX12="Forsker (rundsum)",Tabeller!N$57*P12,0)+IF($CX12="Vit.ass",Tabeller!N$61*P12,0))/1)) -> 0 | DE12: =-((IF($CX12="Teknisk/adm. bistand/Feltassistent",IF(Budsjett!AX12*(1+Tabeller!$I$62)>Tabeller!O$55,Tabeller!O$55,Budsjett!AX12*(1+Tabeller!$I$62)),0)+(IF($CX12="Forsker - professor",Tabeller!O$55*Q12,0)+IF($CX12="Prosjektleder/adm.leder",Tabeller!O$54*Q12,0)+IF($CX12="Forsker - 1.aman.",Tabeller!O$56*Q12,0)+IF($CX12="Gjesteforsker",Tabeller!O$58*Q12,0)+IF($CX12="Postdoktor / forsker",Tabeller!O$59*Q12,0)+IF($CX12="Stipendiat",Tabeller!O$60*Q12,0)+IF($CX12="Forsker (rundsum)",Tabeller!O$57*Q12,0)+IF($CX12="Vit.ass",Tabeller!O$61*Q12,0))/1)) -> 0 | DF12: =-((IF($CX12="Teknisk/adm. bistand/Feltassistent",IF(Budsjett!AY12*(1+Tabeller!$I$62)>Tabeller!P$55,Tabeller!P$55,Budsjett!AY12*(1+Tabeller!$I$62)),0)+(IF($CX12="Forsker - professor",Tabeller!P$55*R12,0)+IF($CX12="Prosjektleder/adm.leder",Tabeller!P$54*R12,0)+IF($CX12="Forsker - 1.aman.",Tabeller!P$56*R12,0)+IF($CX12="Gjesteforsker",Tabeller!P$58*R12,0)+IF($CX12="Postdoktor / forsker",Tabeller!P$59*R12,0)+IF($CX12="Stipendiat",Tabeller!P$60*R12,0)+IF($CX12="Forsker (rundsum)",Tabeller!P$57*R12,0)+IF($CX12="Vit.ass",Tabeller!P$61*R12,0))/1)) -> 0 | ... DK12: =-((IF($CX12="Teknisk/adm. bistand/Feltassistent",IF(Budsjett!BD12*(1+Tabeller!$I$62)>Tabeller!U$55,Tabeller!U$55,Budsjett!BD12*(1+Tabeller!$I$62)),0)+(IF($CX12="Forsker - professor",Tabeller!U$55*W12,0)+IF($CX12="Prosjektleder/adm.leder",Tabeller!U$54*W12,0)+IF($CX12="Forsker - 1.aman.",Tabeller!U$56*W12,0)+IF($CX12="Gjesteforsker",Tabeller!U$58*W12,0)+IF($CX12="Postdoktor / forsker",Tabeller!U$59*W12,0)+IF($CX12="Stipendiat",Tabeller!U$60*W12,0)+IF($CX12="Forsker (rundsum)",Tabeller!U$57*W12,0)+IF($CX12="Vit.ass",Tabeller!U$61*W12,0))/1)) -> 0 | DL12: =SUM(CY12:DK12) -> -188634.74 | DO12: =CX12 -> Teknisk/adm. bistand/Feltassistent | DP12: =IF($H12="NFR",CY12,0) -> 0 | DQ12: =IF($H12="NFR",CZ12,0) -> 0 | DR12: =IF($H12="NFR",DA12,0) -> 0 | DS12: =IF($H12="NFR",DB12,0) -> 0 | DT12: =IF($H12="NFR",DC12,0) -> 0 | DU12: =IF($H12="NFR",DD12,0) -> 0 | DV12: =IF($H12="NFR",DE12,0) -> 0 | DW12: =IF($H12="NFR",DF12,0) -> 0 | ... EB12: =IF($H12="NFR",DK12,0) -> 0 | EC12: =SUM(DP12:EB12) -> 0 | EE12: =DO12 -> Teknisk/adm. bistand/Feltassistent | EF12: =IF($H12=$EE$1,CY12,0) -> 0 | EG12: =IF($H12=$EE$1,CZ12,0) -> 0 | EH12: =IF($H12=$EE$1,DA12,0) -> 0 | EI12: =IF($H12=$EE$1,DB12,0) -> 0 | EJ12: =IF($H12=$EE$1,DC12,0) -> 0 | EK12: =IF($H12=$EE$1,DD12,0) -> 0 | EL12: =IF($H12=$EE$1,DE12,0) -> 0 | EM12: =IF($H12=$EE$1,DF12,0) -> 0 | ... ER12: =IF($H12=$EE$1,DK12,0) -> 0 | ES12: =SUM(EF12:ER12) -> 0 | EU12: =EE12 -> Teknisk/adm. bistand/Feltassistent | EV12: =IF($H12=$EU$1,CY12,0) -> 0 | EW12: =IF($H12=$EU$1,CZ12,0) -> 0 | EX12: =IF($H12=$EU$1,DA12,0) -> 0 | EY12: =IF($H12=$EU$1,DB12,0) -> 0 | EZ12: =IF($H12=$EU$1,DC12,0) -> 0 | FA12: =IF($H12=$EU$1,DD12,0) -> 0 | FB12: =IF($H12=$EU$1,DE12,0) -> 0 | FC12: =IF($H12=$EU$1,DF12,0) -> 0 | ... FH12: =IF($H12=$EU$1,DK12,0) -> 0 | FI12: =SUM(EV12:FH12) -> 0 | FK12: =EU12 -> Teknisk/adm. bistand/Feltassistent | FL12: =IF($H12=$FK$1,CY12,0) -> 0 | FM12: =IF($H12=$FK$1,CZ12,0) -> -188634.74 | FN12: =IF($H12=$FK$1,DA12,0) -> 0 | FO12: =IF($H12=$FK$1,DB12,0) -> 0 | FP12: =IF($H12=$FK$1,DC12,0) -> 0 | FQ12: =IF($H12=$FK$1,DD12,0) -> 0 | FR12: =IF($H12=$FK$1,DE12,0) -> 0 | FS12: =IF($H12=$FK$1,DF12,0) -> 0 | ... FX12: =IF($H12=$FK$1,DK12,0) -> 0 | FY12: =SUM(FL12:FX12) -> -188634.74 | GB12: =FK12 -> Teknisk/adm. bistand/Feltassistent | GP12: =SUM(GC12:GO12) -> 0 | GS12: =IF(Registrering!$B$29="Prosjekter som foregår i UiOs lokaler",IF($B12="Teknisk/adm. bistand/Feltassistent",K12*Tabeller!J$11,K12*Tabeller!J$10),IF($B12="Teknisk/adm. bistand/Feltassistent",K12*Tabeller!J$13,K12*Tabeller!J$12)) -> 0 | GT12: =IF(Registrering!$B$29="Prosjekter som foregår i UiOs lokaler",IF($B12="Teknisk/adm. bistand/Feltassistent",L12*Tabeller!K$11,L12*Tabeller!K$10),IF($B12="Teknisk/adm. bistand/Feltassistent",L12*Tabeller!K$13,L12*Tabeller!K$12)) -> 35811 | GU12: =IF(Registrering!$B$29="Prosjekter som foregår i UiOs lokaler",IF($B12="Teknisk/adm. bistand/Feltassistent",M12*Tabeller!L$11,M12*Tabeller!L$10),IF($B12="Teknisk/adm. bistand/Feltassistent",M12*Tabeller!L$13,M12*Tabeller!L$12)) -> 0 | GV12: =IF(Registrering!$B$29="Prosjekter som foregår i UiOs lokaler",IF($B12="Teknisk/adm. bistand/Feltassistent",N12*Tabeller!M$11,N12*Tabeller!M$10),IF($B12="Teknisk/adm. bistand/Feltassistent",N12*Tabeller!M$13,N12*Tabeller!M$12)) -> 0 | GW12: =IF(Registrering!$B$29="Prosjekter som foregår i UiOs lokaler",IF($B12="Teknisk/adm. bistand/Feltassistent",O12*Tabeller!N$11,O12*Tabeller!N$10),IF($B12="Teknisk/adm. bistand/Feltassistent",O12*Tabeller!N$13,O12*Tabeller!N$12)) -> 0 | GX12: =IF(Registrering!$B$29="Prosjekter som foregår i UiOs lokaler",IF($B12="Teknisk/adm. bistand/Feltassistent",P12*Tabeller!O$11,P12*Tabeller!O$10),IF($B12="Teknisk/adm. bistand/Feltassistent",P12*Tabeller!O$13,P12*Tabeller!O$12)) -> 0 | GY12: =IF(Registrering!$B$29="Prosjekter som foregår i UiOs lokaler",IF($B12="Teknisk/adm. bistand/Feltassistent",Q12*Tabeller!P$11,Q12*Tabeller!P$10),IF($B12="Teknisk/adm. bistand/Feltassistent",Q12*Tabeller!P$13,Q12*Tabeller!P$12)) -> 0 | GZ12: =IF(Registrering!$B$29="Prosjekter som foregår i UiOs lokaler",IF($B12="Teknisk/adm. bistand/Feltassistent",R12*Tabeller!Q$11,R12*Tabeller!Q$10),IF($B12="Teknisk/adm. bistand/Feltassistent",R12*Tabeller!Q$13,R12*Tabeller!Q$12)) -> 0 | ... HE12: =IF(Registrering!$B$29="Prosjekter som foregår i UiOs lokaler",IF($B12="Teknisk/adm. bistand/Feltassistent",W12*Tabeller!V$11,W12*Tabeller!V$10),IF($B12="Teknisk/adm. bistand/Feltassistent",W12*Tabeller!V$13,W12*Tabeller!V$12)) -> 0
B13: Forsker - professor | C13: =IF(Registrering!$B$28="Fast beløp",0,IF(Registrering!$B$28="Sats for ekst. fin. overhead",0,DL13)) -> -137200 | D13: =SUM(AR13:BD13) -> 134032.82 | E13: =IFERROR(SUM(BF13:BR13),0) -> 53406 | F13: =SUM(D13:E13) -> 187438.82 | G13: =SUM(K13:W13) -> 0.1 | H13: Offentlige | I13: 1030000 | J13: Marianne Fyhn | L13: 0.1 | AG13: =I13 -> 1030000 | AH13: =AG13*Tabeller!$I$35 -> 1030000 | AI13: =IF(AG13>0,(AH13-400)/52*47,0) -> 930600 | AJ13: =AI13*Tabeller!$H$26 -> 111672 | AK13: =SUM(AI13:AJ13,AL13)*Tabeller!$H$28 -> 160031.05 | AL13: =AH13*Tabeller!$H$27 -> 92700 | AM13: =SUM(AI13:AL13) -> 1295003.1 | AN13: =AM13+(IF(B13="Teknisk adm bistand",Registrering!$E$51,Registrering!$B$51)) -> 1295003.1 | AO13: =AN13/Tabeller!$H$5 -> 795.45642 | AR13: =((K13*Budsjett!$AM13)) -> 0 | AS13: =((L13*Budsjett!$AM13)*(Tabeller!J$35)) -> 134032.82 | AT13: =((M13*Budsjett!$AM13)*(Tabeller!K$35)) -> 0 | AU13: =((N13*Budsjett!$AM13)*(Tabeller!L$35)) -> 0 | AV13: =((O13*Budsjett!$AM13)*(Tabeller!M$35)) -> 0 | AW13: =((P13*Budsjett!$AM13)*(Tabeller!N$35)) -> 0 | AX13: =((Q13*Budsjett!$AM13)*(Tabeller!O$35)) -> 0 | AY13: =((R13*Budsjett!$AM13)*(Tabeller!P$35)) -> 0 | AZ13: =((S13*Budsjett!$AM13)*(Tabeller!Q$35)) -> 0 | ... BD13: =((W13*Budsjett!$AM13)*(Tabeller!U$35)) -> 0 | BF13: =IFERROR(IF($E$83>$E$82,BU13,GS13),0) -> 0 | BG13: =IFERROR(IF($E$83>$E$82,BV13,GT13),0) -> 53406 | BH13: =IFERROR(IF($E$83>$E$82,BW13,GU13),0) -> 0 | BI13: =IFERROR(IF($E$83>$E$82,BX13,GV13),0) -> 0 | BJ13: =IFERROR(IF($E$83>$E$82,BY13,GW13),0) -> 0 | BK13: =IFERROR(IF($E$83>$E$82,BZ13,GX13),0) -> 0 | BL13: =IFERROR(IF($E$83>$E$82,CA13,GY13),0) -> 0 | BM13: =IFERROR(IF($E$83>$E$82,CB13,GZ13),0) -> 0 | ... BR13: =IFERROR(IF($E$83>$E$82,CG13,HE13),0) -> 0 | BU13: =IFERROR(IF($F$93=$M$93,AR13*$E$84,AR13*Budsjett!$E$85),0) -> 0 | BV13: =IFERROR(IF($F$93=$M$93,AS13*$E$84,AS13*Budsjett!$E$85),0) -> -469020.36 | BW13: =IFERROR(IF($F$93=$M$93,AT13*$E$84,AT13*Budsjett!$E$85),0) -> 0 | BX13: =IFERROR(IF($F$93=$M$93,AU13*$E$84,AU13*Budsjett!$E$85),0) -> 0 | BY13: =IFERROR(IF($F$93=$M$93,AV13*$E$84,AV13*Budsjett!$E$85),0) -> 0 | BZ13: =IFERROR(IF($F$93=$M$93,AW13*$E$84,AW13*Budsjett!$E$85),0) -> 0 | CA13: =IFERROR(IF($F$93=$M$93,AX13*$E$84,AX13*Budsjett!$E$85),0) -> 0 | CB13: =IFERROR(IF($F$93=$M$93,AY13*$E$84,AY13*Budsjett!$E$85),0) -> 0 | ... CG13: =IFERROR(IF($F$93=$M$93,BD13*$E$84,BD13*Budsjett!$E$85),0) -> 0 | CJ13: =BF13-BU13 -> 0 | CK13: =BG13-BV13 -> 522426.36 | CL13: =BH13-BW13 -> 0 | CM13: =BI13-BX13 -> 0 | CN13: =BJ13-BY13 -> 0 | CO13: =BK13-BZ13 -> 0 | CP13: =BL13-CA13 -> 0 | CQ13: =BM13-CB13 -> 0 | ... CV13: =BR13-CG13 -> 0 | CX13: =B13 -> Forsker - professor | CY13: =-((IF($CX13="Teknisk/adm. bistand/Feltassistent",IF(Budsjett!AR13*(1+Tabeller!$I$62)>Tabeller!I$55,Tabeller!I$55,Budsjett!AR13*(1+Tabeller!$I$62)),0)+(IF($CX13="Forsker - professor",Tabeller!I$55*K13,0)+IF($CX13="Prosjektleder/adm.leder",Tabeller!I$54*K13,0)+IF($CX13="Forsker - 1.aman.",Tabeller!I$56*K13,0)+IF($CX13="Gjesteforsker",Tabeller!I$58*K13,0)+IF($CX13="Postdoktor / forsker",Tabeller!I$59*K13,0)+IF($CX13="Stipendiat",Tabeller!I$60*K13,0)+IF($CX13="Forsker (rundsum)",Tabeller!I$57*K13,0)+IF($CX13="Vit.ass",Tabeller!I$61*K13,0))/1)) -> 0 | CZ13: =-((IF($CX13="Teknisk/adm. bistand/Feltassistent",IF(Budsjett!AS13*(1+Tabeller!$I$62)>Tabeller!J$55,Tabeller!J$55,Budsjett!AS13*(1+Tabeller!$I$62)),0)+(IF($CX13="Forsker - professor",Tabeller!J$55*L13,0)+IF($CX13="Prosjektleder/adm.leder",Tabeller!J$54*L13,0)+IF($CX13="Forsker - 1.aman.",Tabeller!J$56*L13,0)+IF($CX13="Gjesteforsker",Tabeller!J$58*L13,0)+IF($CX13="Postdoktor / forsker",Tabeller!J$59*L13,0)+IF($CX13="Stipendiat",Tabeller!J$60*L13,0)+IF($CX13="Forsker (rundsum)",Tabeller!J$57*L13,0)+IF($CX13="Vit.ass",Tabeller!J$61*L13,0))/1)) -> -137200 | DA13: =-((IF($CX13="Teknisk/adm. bistand/Feltassistent",IF(Budsjett!AT13*(1+Tabeller!$I$62)>Tabeller!K$55,Tabeller!K$55,Budsjett!AT13*(1+Tabeller!$I$62)),0)+(IF($CX13="Forsker - professor",Tabeller!K$55*M13,0)+IF($CX13="Prosjektleder/adm.leder",Tabeller!K$54*M13,0)+IF($CX13="Forsker - 1.aman.",Tabeller!K$56*M13,0)+IF($CX13="Gjesteforsker",Tabeller!K$58*M13,0)+IF($CX13="Postdoktor / forsker",Tabeller!K$59*M13,0)+IF($CX13="Stipendiat",Tabeller!K$60*M13,0)+IF($CX13="Forsker (rundsum)",Tabeller!K$57*M13,0)+IF($CX13="Vit.ass",Tabeller!K$61*M13,0))/1)) -> 0 | DB13: =-((IF($CX13="Teknisk/adm. bistand/Feltassistent",IF(Budsjett!AU13*(1+Tabeller!$I$62)>Tabeller!L$55,Tabeller!L$55,Budsjett!AU13*(1+Tabeller!$I$62)),0)+(IF($CX13="Forsker - professor",Tabeller!L$55*N13,0)+IF($CX13="Prosjektleder/adm.leder",Tabeller!L$54*N13,0)+IF($CX13="Forsker - 1.aman.",Tabeller!L$56*N13,0)+IF($CX13="Gjesteforsker",Tabeller!L$58*N13,0)+IF($CX13="Postdoktor / forsker",Tabeller!L$59*N13,0)+IF($CX13="Stipendiat",Tabeller!L$60*N13,0)+IF($CX13="Forsker (rundsum)",Tabeller!L$57*N13,0)+IF($CX13="Vit.ass",Tabeller!L$61*N13,0))/1)) -> 0 | DC13: =-((IF($CX13="Teknisk/adm. bistand/Feltassistent",IF(Budsjett!AV13*(1+Tabeller!$I$62)>Tabeller!M$55,Tabeller!M$55,Budsjett!AV13*(1+Tabeller!$I$62)),0)+(IF($CX13="Forsker - professor",Tabeller!M$55*O13,0)+IF($CX13="Prosjektleder/adm.leder",Tabeller!M$54*O13,0)+IF($CX13="Forsker - 1.aman.",Tabeller!M$56*O13,0)+IF($CX13="Gjesteforsker",Tabeller!M$58*O13,0)+IF($CX13="Postdoktor / forsker",Tabeller!M$59*O13,0)+IF($CX13="Stipendiat",Tabeller!M$60*O13,0)+IF($CX13="Forsker (rundsum)",Tabeller!M$57*O13,0)+IF($CX13="Vit.ass",Tabeller!M$61*O13,0))/1)) -> 0 | DD13: =-((IF($CX13="Teknisk/adm. bistand/Feltassistent",IF(Budsjett!AW13*(1+Tabeller!$I$62)>Tabeller!N$55,Tabeller!N$55,Budsjett!AW13*(1+Tabeller!$I$62)),0)+(IF($CX13="Forsker - professor",Tabeller!N$55*P13,0)+IF($CX13="Prosjektleder/adm.leder",Tabeller!N$54*P13,0)+IF($CX13="Forsker - 1.aman.",Tabeller!N$56*P13,0)+IF($CX13="Gjesteforsker",Tabeller!N$58*P13,0)+IF($CX13="Postdoktor / forsker",Tabeller!N$59*P13,0)+IF($CX13="Stipendiat",Tabeller!N$60*P13,0)+IF($CX13="Forsker (rundsum)",Tabeller!N$57*P13,0)+IF($CX13="Vit.ass",Tabeller!N$61*P13,0))/1)) -> 0 | DE13: =-((IF($CX13="Teknisk/adm. bistand/Feltassistent",IF(Budsjett!AX13*(1+Tabeller!$I$62)>Tabeller!O$55,Tabeller!O$55,Budsjett!AX13*(1+Tabeller!$I$62)),0)+(IF($CX13="Forsker - professor",Tabeller!O$55*Q13,0)+IF($CX13="Prosjektleder/adm.leder",Tabeller!O$54*Q13,0)+IF($CX13="Forsker - 1.aman.",Tabeller!O$56*Q13,0)+IF($CX13="Gjesteforsker",Tabeller!O$58*Q13,0)+IF($CX13="Postdoktor / forsker",Tabeller!O$59*Q13,0)+IF($CX13="Stipendiat",Tabeller!O$60*Q13,0)+IF($CX13="Forsker (rundsum)",Tabeller!O$57*Q13,0)+IF($CX13="Vit.ass",Tabeller!O$61*Q13,0))/1)) -> 0 | DF13: =-((IF($CX13="Teknisk/adm. bistand/Feltassistent",IF(Budsjett!AY13*(1+Tabeller!$I$62)>Tabeller!P$55,Tabeller!P$55,Budsjett!AY13*(1+Tabeller!$I$62)),0)+(IF($CX13="Forsker - professor",Tabeller!P$55*R13,0)+IF($CX13="Prosjektleder/adm.leder",Tabeller!P$54*R13,0)+IF($CX13="Forsker - 1.aman.",Tabeller!P$56*R13,0)+IF($CX13="Gjesteforsker",Tabeller!P$58*R13,0)+IF($CX13="Postdoktor / forsker",Tabeller!P$59*R13,0)+IF($CX13="Stipendiat",Tabeller!P$60*R13,0)+IF($CX13="Forsker (rundsum)",Tabeller!P$57*R13,0)+IF($CX13="Vit.ass",Tabeller!P$61*R13,0))/1)) -> 0 | ... DK13: =-((IF($CX13="Teknisk/adm. bistand/Feltassistent",IF(Budsjett!BD13*(1+Tabeller!$I$62)>Tabeller!U$55,Tabeller!U$55,Budsjett!BD13*(1+Tabeller!$I$62)),0)+(IF($CX13="Forsker - professor",Tabeller!U$55*W13,0)+IF($CX13="Prosjektleder/adm.leder",Tabeller!U$54*W13,0)+IF($CX13="Forsker - 1.aman.",Tabeller!U$56*W13,0)+IF($CX13="Gjesteforsker",Tabeller!U$58*W13,0)+IF($CX13="Postdoktor / forsker",Tabeller!U$59*W13,0)+IF($CX13="Stipendiat",Tabeller!U$60*W13,0)+IF($CX13="Forsker (rundsum)",Tabeller!U$57*W13,0)+IF($CX13="Vit.ass",Tabeller!U$61*W13,0))/1)) -> 0 | DL13: =SUM(CY13:DK13) -> -137200 | DO13: =CX13 -> Forsker - professor | DP13: =IF($H13="NFR",CY13,0) -> 0 | DQ13: =IF($H13="NFR",CZ13,0) -> 0 | DR13: =IF($H13="NFR",DA13,0) -> 0 | DS13: =IF($H13="NFR",DB13,0) -> 0 | DT13: =IF($H13="NFR",DC13,0) -> 0 | DU13: =IF($H13="NFR",DD13,0) -> 0 | DV13: =IF($H13="NFR",DE13,0) -> 0 | DW13: =IF($H13="NFR",DF13,0) -> 0 | ... EB13: =IF($H13="NFR",DK13,0) -> 0 | EC13: =SUM(DP13:EB13) -> 0 | EE13: =DO13 -> Forsker - professor | EF13: =IF($H13=$EE$1,CY13,0) -> 0 | EG13: =IF($H13=$EE$1,CZ13,0) -> 0 | EH13: =IF($H13=$EE$1,DA13,0) -> 0 | EI13: =IF($H13=$EE$1,DB13,0) -> 0 | EJ13: =IF($H13=$EE$1,DC13,0) -> 0 | EK13: =IF($H13=$EE$1,DD13,0) -> 0 | EL13: =IF($H13=$EE$1,DE13,0) -> 0 | EM13: =IF($H13=$EE$1,DF13,0) -> 0 | ... ER13: =IF($H13=$EE$1,DK13,0) -> 0 | ES13: =SUM(EF13:ER13) -> 0 | EU13: =EE13 -> Forsker - professor | EV13: =IF($H13=$EU$1,CY13,0) -> 0 | EW13: =IF($H13=$EU$1,CZ13,0) -> 0 | EX13: =IF($H13=$EU$1,DA13,0) -> 0 | EY13: =IF($H13=$EU$1,DB13,0) -> 0 | EZ13: =IF($H13=$EU$1,DC13,0) -> 0 | FA13: =IF($H13=$EU$1,DD13,0) -> 0 | FB13: =IF($H13=$EU$1,DE13,0) -> 0 | FC13: =IF($H13=$EU$1,DF13,0) -> 0 | ... FH13: =IF($H13=$EU$1,DK13,0) -> 0 | FI13: =SUM(EV13:FH13) -> 0 | FK13: =EU13 -> Forsker - professor | FL13: =IF($H13=$FK$1,CY13,0) -> 0 | FM13: =IF($H13=$FK$1,CZ13,0) -> -137200 | FN13: =IF($H13=$FK$1,DA13,0) -> 0 | FO13: =IF($H13=$FK$1,DB13,0) -> 0 | FP13: =IF($H13=$FK$1,DC13,0) -> 0 | FQ13: =IF($H13=$FK$1,DD13,0) -> 0 | FR13: =IF($H13=$FK$1,DE13,0) -> 0 | FS13: =IF($H13=$FK$1,DF13,0) -> 0 | ... FX13: =IF($H13=$FK$1,DK13,0) -> 0 | FY13: =SUM(FL13:FX13) -> -137200 | GB13: =FK13 -> Forsker - professor | GP13: =SUM(GC13:GO13) -> 0 | GS13: =IF(Registrering!$B$29="Prosjekter som foregår i UiOs lokaler",IF($B13="Teknisk/adm. bistand/Feltassistent",K13*Tabeller!J$11,K13*Tabeller!J$10),IF($B13="Teknisk/adm. bistand/Feltassistent",K13*Tabeller!J$13,K13*Tabeller!J$12)) -> 0 | GT13: =IF(Registrering!$B$29="Prosjekter som foregår i UiOs lokaler",IF($B13="Teknisk/adm. bistand/Feltassistent",L13*Tabeller!K$11,L13*Tabeller!K$10),IF($B13="Teknisk/adm. bistand/Feltassistent",L13*Tabeller!K$13,L13*Tabeller!K$12)) -> 53406 | GU13: =IF(Registrering!$B$29="Prosjekter som foregår i UiOs lokaler",IF($B13="Teknisk/adm. bistand/Feltassistent",M13*Tabeller!L$11,M13*Tabeller!L$10),IF($B13="Teknisk/adm. bistand/Feltassistent",M13*Tabeller!L$13,M13*Tabeller!L$12)) -> 0 | GV13: =IF(Registrering!$B$29="Prosjekter som foregår i UiOs lokaler",IF($B13="Teknisk/adm. bistand/Feltassistent",N13*Tabeller!M$11,N13*Tabeller!M$10),IF($B13="Teknisk/adm. bistand/Feltassistent",N13*Tabeller!M$13,N13*Tabeller!M$12)) -> 0 | GW13: =IF(Registrering!$B$29="Prosjekter som foregår i UiOs lokaler",IF($B13="Teknisk/adm. bistand/Feltassistent",O13*Tabeller!N$11,O13*Tabeller!N$10),IF($B13="Teknisk/adm. bistand/Feltassistent",O13*Tabeller!N$13,O13*Tabeller!N$12)) -> 0 | GX13: =IF(Registrering!$B$29="Prosjekter som foregår i UiOs lokaler",IF($B13="Teknisk/adm. bistand/Feltassistent",P13*Tabeller!O$11,P13*Tabeller!O$10),IF($B13="Teknisk/adm. bistand/Feltassistent",P13*Tabeller!O$13,P13*Tabeller!O$12)) -> 0 | GY13: =IF(Registrering!$B$29="Prosjekter som foregår i UiOs lokaler",IF($B13="Teknisk/adm. bistand/Feltassistent",Q13*Tabeller!P$11,Q13*Tabeller!P$10),IF($B13="Teknisk/adm. bistand/Feltassistent",Q13*Tabeller!P$13,Q13*Tabeller!P$12)) -> 0 | GZ13: =IF(Registrering!$B$29="Prosjekter som foregår i UiOs lokaler",IF($B13="Teknisk/adm. bistand/Feltassistent",R13*Tabeller!Q$11,R13*Tabeller!Q$10),IF($B13="Teknisk/adm. bistand/Feltassistent",R13*Tabeller!Q$13,R13*Tabeller!Q$12)) -> 0 | ... HE13: =IF(Registrering!$B$29="Prosjekter som foregår i UiOs lokaler",IF($B13="Teknisk/adm. bistand/Feltassistent",W13*Tabeller!V$11,W13*Tabeller!V$10),IF($B13="Teknisk/adm. bistand/Feltassistent",W13*Tabeller!V$13,W13*Tabeller!V$12)) -> 0
B14: Sum frikjøp art 5892 | C14: =SUM(C11:C13) -> -514469.49 | D14: =SUM(D11:D13) -> 435848.41 | E14: =SUM(E11:E13) -> 125028 | F14: =SUM(F11:F13) -> 560876.41 | G14: =SUM(G11:G13) -> 0.5 | K14: =SUM(K11:K13) -> 0 | L14: =SUM(L11:L13) -> 0.5 | M14: =SUM(M11:M13) -> 0 | N14: =SUM(N11:N13) -> 0 | O14: =SUM(O11:O13) -> 0 | P14: =SUM(P11:P13) -> 0 | Q14: =SUM(Q11:Q13) -> 0 | R14: =SUM(R11:R13) -> 0 | ... W14: =SUM(W11:W13) -> 0 | AR14: =SUM(AR11:AR13) -> 0 | AS14: =SUM(AS11:AS13) -> 435848.41 | AT14: =SUM(AT11:AT13) -> 0 | AU14: =SUM(AU11:AU13) -> 0 | AV14: =SUM(AV11:AV13) -> 0 | AW14: =SUM(AW11:AW13) -> 0 | AX14: =SUM(AX11:AX13) -> 0 | AY14: =SUM(AY11:AY13) -> 0 | ... BD14: =SUM(BD11:BD13) -> 0 | BE14: =SUM(AR14:BD14) -> 435848.41 | BF14: =SUM(BF11:BF13) -> 0 | BG14: =SUM(BG11:BG13) -> 125028 | BH14: =SUM(BH11:BH13) -> 0 | BI14: =SUM(BI11:BI13) -> 0 | BJ14: =SUM(BJ11:BJ13) -> 0 | BK14: =SUM(BK11:BK13) -> 0 | BL14: =SUM(BL11:BL13) -> 0 | BM14: =SUM(BM11:BM13) -> 0 | ... BR14: =SUM(BR11:BR13) -> 0 | BS14: =SUM(BF14:BR14) -> 125028 | BU14: =SUM(BU11:BU13) -> 0 | BV14: =SUM(BV11:BV13) -> -1525162.1 | BW14: =SUM(BW11:BW13) -> 0 | BX14: =SUM(BX11:BX13) -> 0 | BY14: =SUM(BY11:BY13) -> 0 | BZ14: =SUM(BZ11:BZ13) -> 0 | CA14: =SUM(CA11:CA13) -> 0 | CB14: =SUM(CB11:CB13) -> 0 | ... CG14: =SUM(CG11:CG13) -> 0 | CJ14: =SUM(CJ11:CJ13) -> 0 | CK14: =SUM(CK11:CK13) -> 1650190.1 | CL14: =SUM(CL11:CL13) -> 0 | CM14: =SUM(CM11:CM13) -> 0 | CN14: =SUM(CN11:CN13) -> 0 | CO14: =SUM(CO11:CO13) -> 0 | CP14: =SUM(CP11:CP13) -> 0 | CQ14: =SUM(CQ11:CQ13) -> 0 | ... CV14: =SUM(CV11:CV13) -> 0 | CY14: =SUM(CY11:CY13) -> 0 | CZ14: =SUM(CZ11:CZ13) -> -514469.49 | DA14: =SUM(DA11:DA13) -> 0 | DB14: =SUM(DB11:DB13) -> 0 | DC14: =SUM(DC11:DC13) -> 0 | DD14: =SUM(DD11:DD13) -> 0 | DE14: =SUM(DE11:DE13) -> 0 | DF14: =SUM(DF11:DF13) -> 0 | ... DK14: =SUM(DK11:DK13) -> 0 | DL14: =SUM(CY14:DK14) -> -514469.49 | DP14: =SUM(DP11:DP13) -> 0 | DQ14: =SUM(DQ11:DQ13) -> 0 | DR14: =SUM(DR11:DR13) -> 0 | DS14: =SUM(DS11:DS13) -> 0 | DT14: =SUM(DT11:DT13) -> 0 | DU14: =SUM(DU11:DU13) -> 0 | DV14: =SUM(DV11:DV13) -> 0 | DW14: =SUM(DW11:DW13) -> 0 | ... EB14: =SUM(EB11:EB13) -> 0 | EC14: =SUM(DP14:EB14) -> 0 | EE14: =DO14 -> 0 | EF14: =SUM(EF11:EF13) -> 0 | EG14: =SUM(EG11:EG13) -> 0 | EH14: =SUM(EH11:EH13) -> 0 | EI14: =SUM(EI11:EI13) -> 0 | EJ14: =SUM(EJ11:EJ13) -> 0 | EK14: =SUM(EK11:EK13) -> 0 | EL14: =SUM(EL11:EL13) -> 0 | EM14: =SUM(EM11:EM13) -> 0 | ... ER14: =SUM(ER11:ER13) -> 0 | ES14: =SUM(EF14:ER14) -> 0 | EU14: =EE14 -> 0 | EV14: =SUM(EV11:EV13) -> 0 | EW14: =SUM(EW11:EW13) -> 0 | EX14: =SUM(EX11:EX13) -> 0 | EY14: =SUM(EY11:EY13) -> 0 | EZ14: =SUM(EZ11:EZ13) -> 0 | FA14: =SUM(FA11:FA13) -> 0 | FB14: =SUM(FB11:FB13) -> 0 | FC14: =SUM(FC11:FC13) -> 0 | ... FH14: =SUM(FH11:FH13) -> 0 | FI14: =SUM(EV14:FH14) -> 0 | FK14: =EU14 -> 0 | FL14: =SUM(FL11:FL13) -> 0 | FM14: =SUM(FM11:FM13) -> -514469.49 | FN14: =SUM(FN11:FN13) -> 0 | FO14: =SUM(FO11:FO13) -> 0 | FP14: =SUM(FP11:FP13) -> 0 | FQ14: =SUM(FQ11:FQ13) -> 0 | FR14: =SUM(FR11:FR13) -> 0 | FS14: =SUM(FS11:FS13) -> 0 | ... FX14: =SUM(FX11:FX13) -> 0 | FY14: =SUM(FL14:FX14) -> -514469.49 | GB14: =FK14 -> 0 | GC14: =SUM(GC11:GC13) -> 0 | GD14: =SUM(GD11:GD13) -> 0 | GE14: =SUM(GE11:GE13) -> 0 | GF14: =SUM(GF11:GF13) -> 0 | GG14: =SUM(GG11:GG13) -> 0 | GH14: =SUM(GH11:GH13) -> 0 | GI14: =SUM(GI11:GI13) -> 0 | GJ14: =SUM(GJ11:GJ13) -> 0 | ... GO14: =SUM(GO11:GO13) -> 0 | GP14: =SUM(GC14:GO14) -> 0 | GS14: =SUM(GS11:GS13) -> 0 | GT14: =SUM(GT11:GT13) -> 125028 | GU14: =SUM(GU11:GU13) -> 0 | GV14: =SUM(GV11:GV13) -> 0 | GW14: =SUM(GW11:GW13) -> 0 | GX14: =SUM(GX11:GX13) -> 0 | GY14: =SUM(GY11:GY13) -> 0 | GZ14: =SUM(GZ11:GZ13) -> 0 | ... HE14: =SUM(HE11:HE13) -> 0
K15: ÅRSVERK | EE15: =DO15 -> 0 | EU15: =EE15 -> 0 | FK15: =EU15 -> 0 | GB15: =FK15 -> 0
B16: Internt frikjøp | C16: Inntekter | D16: Lønn og sos. kostn. | E16: Overhead | F16: Totalt | G16: Årsv | H16: Finansiør | I16: Årslønn | J16: Navn | K16: =K10 -> 1 | L16: =L10 -> 2 | M16: =M10 -> 3 | N16: =N10 -> 4 | O16: =O10 -> 5 | P16: =P10 -> 6 | Q16: =Q10 -> 7 | R16: =R10 -> 8 | ... W16: =W10 -> 13 | AG16: Bruttolønn | AH16: inkl lønnsv. | AI16: Lønn | AJ16: Feriep | AK16: AGA | AL16: Pensjon | AM16: inkl sos.avg. | AN16: inkl. ind.kost. | AO16: Timesats | AR16: =K16 -> 1 | AS16: =L16 -> 2 | AT16: =M16 -> 3 | AU16: =N16 -> 4 | AV16: =O16 -> 5 | AW16: =P16 -> 6 | AX16: =Q16 -> 7 | AY16: =R16 -> 8 | ... BD16: =W16 -> 13 | BF16: =AR16 -> 1 | BG16: =AS16 -> 2 | BH16: =AT16 -> 3 | BI16: =AU16 -> 4 | BJ16: =AV16 -> 5 | BK16: =AW16 -> 6 | BL16: =AX16 -> 7 | BM16: =AY16 -> 8 | ... BR16: =BD16 -> 13 | BU16: =BF16 -> 1 | BV16: =BG16 -> 2 | BW16: =BH16 -> 3 | BX16: =BI16 -> 4 | BY16: =BJ16 -> 5 | BZ16: =BK16 -> 6 | CA16: =BL16 -> 7 | CB16: =BM16 -> 8 | ... CG16: =BR16 -> 13 | CJ16: =CY16 -> 1 | CK16: =CZ16 -> 2 | CL16: =DA16 -> 3 | CM16: =DB16 -> 4 | CN16: =DC16 -> 5 | CO16: =DD16 -> 6 | CP16: =DE16 -> 7 | CQ16: =DF16 -> 8 | ... CV16: =DK16 -> 13 | CY16: =BU16 -> 1 | CZ16: =BV16 -> 2 | DA16: =BW16 -> 3 | DB16: =BX16 -> 4 | DC16: =BY16 -> 5 | DD16: =BZ16 -> 6 | DE16: =CA16 -> 7 | DF16: =CB16 -> 8 | ... DK16: =CG16 -> 13 | DL16: Totalt | DP16: =BU16 -> 1 | DQ16: =BV16 -> 2 | DR16: =BW16 -> 3 | DS16: =BX16 -> 4 | DT16: =BY16 -> 5 | DU16: =BZ16 -> 6 | DV16: =CA16 -> 7 | DW16: =CB16 -> 8 | ... EB16: =CG16 -> 13 | EC16: =EC3 -> Totalt | EE16: =DO16 -> 0 | EF16: =EF10 -> 1 | EG16: =EG10 -> 2 | EH16: =EH10 -> 3 | EI16: =EI10 -> 4 | EJ16: =EJ10 -> 5 | EK16: =EK10 -> 6 | EL16: =EL10 -> 7 | EM16: =EM10 -> 8 | ... ES16: =ES10 -> Totalt | EU16: =EE16 -> 0 | EV16: =EV10 -> 1 | EW16: =EW10 -> 2 | EX16: =EX10 -> 3 | EY16: =EY10 -> 4 | EZ16: =EZ10 -> 5 | FA16: =FA10 -> 6 | FB16: =FB10 -> 7 | FC16: =FC10 -> 8 | ... FI16: =FI10 -> Totalt | FK16: =EU16 -> 0 | FL16: =FL10 -> 1 | FM16: =FM10 -> 2 | FN16: =FN10 -> 3 | FO16: =FO10 -> 4 | FP16: =FP10 -> 5 | FQ16: =FQ10 -> 6 | FR16: =FR10 -> 7 | FS16: =FS10 -> 8 | ... FY16: =FY10 -> Totalt | GB16: =FK16 -> 0 | GC16: =GC10 -> 1 | GD16: =GD10 -> 2 | GE16: =GE10 -> 3 | GF16: =GF10 -> 4 | GG16: =GG10 -> 5 | GH16: =GH10 -> 6 | GI16: =GI10 -> 7 | GJ16: =GJ10 -> 8 | ... GP16: =GP10 -> Totalt | GS16: =AR16 -> 1 | GT16: =AS16 -> 2 | GU16: =AT16 -> 3 | GV16: =AU16 -> 4 | GW16: =AV16 -> 5 | GX16: =AW16 -> 6 | GY16: =AX16 -> 7 | GZ16: =AY16 -> 8 | ... HE16: =BD16 -> 13
C17: =DL17 -> 0 | D17: =SUM(AR17:BD17) -> 0 | E17: =IFERROR(SUM(BF17:BR17),0) -> 0 | F17: =SUM(D17:E17) -> 0 | G17: =SUM(K17:W17) -> 0 | H17: Egenandel | AG17: =I17 -> 0 | AH17: =AG17*Tabeller!$I$35 -> 0 | AI17: =IF(AG17>0,(AH17-400)/52*47,0) -> 0 | AJ17: =AI17*Tabeller!$H$26 -> 0 | AK17: =SUM(AI17:AJ17,AL17)*Tabeller!$H$28 -> 0 | AL17: =AH17*Tabeller!$H$27 -> 0 | AM17: =SUM(AI17:AL17) -> 0 | AN17: =AM17+(IF(B17="Teknisk adm bistand",Registrering!$E$51,Registrering!$B$51)) -> 0 | AO17: =AN17/Tabeller!$H$5 -> 0 | AR17: =((K17*Budsjett!$AM17)) -> 0 | AS17: =((L17*Budsjett!$AM17)*(Tabeller!J$35)) -> 0 | AT17: =((M17*Budsjett!$AM17)*(Tabeller!K$35)) -> 0 | AU17: =((N17*Budsjett!$AM17)*(Tabeller!L$35)) -> 0 | AV17: =((O17*Budsjett!$AM17)*(Tabeller!M$35)) -> 0 | AW17: =((P17*Budsjett!$AM17)*(Tabeller!N$35)) -> 0 | AX17: =((Q17*Budsjett!$AM17)*(Tabeller!O$35)) -> 0 | AY17: =((R17*Budsjett!$AM17)*(Tabeller!P$35)) -> 0 | AZ17: =((S17*Budsjett!$AM17)*(Tabeller!Q$35)) -> 0 | ... BD17: =((W17*Budsjett!$AM17)*(Tabeller!U$35)) -> 0 | BF17: =GS17 -> 0 | BG17: =GT17 -> 0 | BH17: =GU17 -> 0 | BI17: =GV17 -> 0 | BJ17: =GW17 -> 0 | BK17: =GX17 -> 0 | BL17: =GY17 -> 0 | BM17: =GZ17 -> 0 | ... BR17: =HE17 -> 0 | CJ17: =BF17 -> 0 | CK17: =BG17 -> 0 | CL17: =BH17 -> 0 | CM17: =BI17 -> 0 | CN17: =BJ17 -> 0 | CO17: =BK17 -> 0 | CP17: =BL17 -> 0 | CQ17: =BM17 -> 0 | ... CV17: =BR17 -> 0 | CX17: =B17 -> 0 | DL17: =SUM(CY17:DK17) -> 0 | DO17: =CX17 -> 0 | EC17: =SUM(DP17:EB17) -> 0 | EE17: =DO17 -> 0 | ES17: =SUM(EF17:ER17) -> 0 | EU17: =EE17 -> 0 | FI17: =SUM(EV17:FH17) -> 0 | FK17: =EU17 -> 0 | FY17: =SUM(FL17:FX17) -> 0 | GB17: =FK17 -> 0 | GC17: =IF($H17=$GB$1,AR17,0) -> 0 | GD17: =IF($H17=$GB$1,AS17,0) -> 0 | GE17: =IF($H17=$GB$1,AT17,0) -> 0 | GF17: =IF($H17=$GB$1,AU17,0) -> 0 | GG17: =IF($H17=$GB$1,AV17,0) -> 0 | GH17: =IF($H17=$GB$1,AW17,0) -> 0 | GI17: =IF($H17=$GB$1,AX17,0) -> 0 | GJ17: =IF($H17=$GB$1,AY17,0) -> 0 | ... GO17: =IF($H17=$GB$1,BD17,0) -> 0 | GP17: =SUM(GC17:GO17) -> 0 | GS17: =IF(Registrering!$B$29="Prosjekter som foregår i UiOs lokaler",IF($B17="Teknisk/adm. bistand/Feltassistent",K17*Tabeller!J$11,K17*Tabeller!J$10),IF($B17="Teknisk/adm. bistand/Feltassistent",K17*Tabeller!J$13,K17*Tabeller!J$12)) -> 0 | GT17: =IF(Registrering!$B$29="Prosjekter som foregår i UiOs lokaler",IF($B17="Teknisk/adm. bistand/Feltassistent",L17*Tabeller!K$11,L17*Tabeller!K$10),IF($B17="Teknisk/adm. bistand/Feltassistent",L17*Tabeller!K$13,L17*Tabeller!K$12)) -> 0 | GU17: =IF(Registrering!$B$29="Prosjekter som foregår i UiOs lokaler",IF($B17="Teknisk/adm. bistand/Feltassistent",M17*Tabeller!L$11,M17*Tabeller!L$10),IF($B17="Teknisk/adm. bistand/Feltassistent",M17*Tabeller!L$13,M17*Tabeller!L$12)) -> 0 | GV17: =IF(Registrering!$B$29="Prosjekter som foregår i UiOs lokaler",IF($B17="Teknisk/adm. bistand/Feltassistent",N17*Tabeller!M$11,N17*Tabeller!M$10),IF($B17="Teknisk/adm. bistand/Feltassistent",N17*Tabeller!M$13,N17*Tabeller!M$12)) -> 0 | GW17: =IF(Registrering!$B$29="Prosjekter som foregår i UiOs lokaler",IF($B17="Teknisk/adm. bistand/Feltassistent",O17*Tabeller!N$11,O17*Tabeller!N$10),IF($B17="Teknisk/adm. bistand/Feltassistent",O17*Tabeller!N$13,O17*Tabeller!N$12)) -> 0 | GX17: =IF(Registrering!$B$29="Prosjekter som foregår i UiOs lokaler",IF($B17="Teknisk/adm. bistand/Feltassistent",P17*Tabeller!O$11,P17*Tabeller!O$10),IF($B17="Teknisk/adm. bistand/Feltassistent",P17*Tabeller!O$13,P17*Tabeller!O$12)) -> 0 | GY17: =IF(Registrering!$B$29="Prosjekter som foregår i UiOs lokaler",IF($B17="Teknisk/adm. bistand/Feltassistent",Q17*Tabeller!P$11,Q17*Tabeller!P$10),IF($B17="Teknisk/adm. bistand/Feltassistent",Q17*Tabeller!P$13,Q17*Tabeller!P$12)) -> 0 | GZ17: =IF(Registrering!$B$29="Prosjekter som foregår i UiOs lokaler",IF($B17="Teknisk/adm. bistand/Feltassistent",R17*Tabeller!Q$11,R17*Tabeller!Q$10),IF($B17="Teknisk/adm. bistand/Feltassistent",R17*Tabeller!Q$13,R17*Tabeller!Q$12)) -> 0 | ... HE17: =IF(Registrering!$B$29="Prosjekter som foregår i UiOs lokaler",IF($B17="Teknisk/adm. bistand/Feltassistent",W17*Tabeller!V$11,W17*Tabeller!V$10),IF($B17="Teknisk/adm. bistand/Feltassistent",W17*Tabeller!V$13,W17*Tabeller!V$12)) -> 0
C18: =DL18 -> 0 | D18: =SUM(AR18:BD18) -> 0 | E18: =IFERROR(SUM(BF18:BR18),0) -> 0 | F18: =SUM(D18:E18) -> 0 | G18: =SUM(K18:W18) -> 0 | H18: Egenandel | AG18: =I18 -> 0 | AH18: =AG18*Tabeller!$I$35 -> 0 | AI18: =IF(AG18>0,(AH18-400)/52*47,0) -> 0 | AJ18: =AI18*Tabeller!$H$26 -> 0 | AK18: =SUM(AI18:AJ18,AL18)*Tabeller!$H$28 -> 0 | AL18: =AH18*Tabeller!$H$27 -> 0 | AM18: =SUM(AI18:AL18) -> 0 | AN18: =AM18+(IF(B18="Teknisk adm bistand",Registrering!$E$51,Registrering!$B$51)) -> 0 | AO18: =AN18/Tabeller!$H$5 -> 0 | AQ18: =AR17*0.67 -> 0 | AR18: =((K18*Budsjett!$AM18)) -> 0 | AS18: =((L18*Budsjett!$AM18)*(Tabeller!J$35)) -> 0 | AT18: =((M18*Budsjett!$AM18)*(Tabeller!K$35)) -> 0 | AU18: =((N18*Budsjett!$AM18)*(Tabeller!L$35)) -> 0 | AV18: =((O18*Budsjett!$AM18)*(Tabeller!M$35)) -> 0 | AW18: =((P18*Budsjett!$AM18)*(Tabeller!N$35)) -> 0 | AX18: =((Q18*Budsjett!$AM18)*(Tabeller!O$35)) -> 0 | AY18: =((R18*Budsjett!$AM18)*(Tabeller!P$35)) -> 0 | AZ18: =((S18*Budsjett!$AM18)*(Tabeller!Q$35)) -> 0 | ... BD18: =((W18*Budsjett!$AM18)*(Tabeller!U$35)) -> 0 | BF18: =GS18 -> 0 | BG18: =GT18 -> 0 | BH18: =GU18 -> 0 | BI18: =GV18 -> 0 | BJ18: =GW18 -> 0 | BK18: =GX18 -> 0 | BL18: =GY18 -> 0 | BM18: =GZ18 -> 0 | ... BR18: =HE18 -> 0 | CJ18: =BF18 -> 0 | CK18: =BG18 -> 0 | CL18: =BH18 -> 0 | CM18: =BI18 -> 0 | CN18: =BJ18 -> 0 | CO18: =BK18 -> 0 | CP18: =BL18 -> 0 | CQ18: =BM18 -> 0 | ... CV18: =BR18 -> 0 | CX18: =B18 -> 0 | DL18: =SUM(CY18:DK18) -> 0 | DO18: =CX18 -> 0 | EC18: =SUM(DP18:EB18) -> 0 | EE18: =DO18 -> 0 | ES18: =SUM(EF18:ER18) -> 0 | EU18: =EE18 -> 0 | FI18: =SUM(EV18:FH18) -> 0 | FK18: =EU18 -> 0 | FY18: =SUM(FL18:FX18) -> 0 | GB18: =FK18 -> 0 | GC18: =IF($H18=$GB$1,AR18,0) -> 0 | GD18: =IF($H18=$GB$1,AS18,0) -> 0 | GE18: =IF($H18=$GB$1,AT18,0) -> 0 | GF18: =IF($H18=$GB$1,AU18,0) -> 0 | GG18: =IF($H18=$GB$1,AV18,0) -> 0 | GH18: =IF($H18=$GB$1,AW18,0) -> 0 | GI18: =IF($H18=$GB$1,AX18,0) -> 0 | GJ18: =IF($H18=$GB$1,AY18,0) -> 0 | ... GO18: =IF($H18=$GB$1,BD18,0) -> 0 | GP18: =SUM(GC18:GO18) -> 0 | GS18: =IF(Registrering!$B$29="Prosjekter som foregår i UiOs lokaler",IF($B18="Teknisk/adm. bistand/Feltassistent",K18*Tabeller!J$11,K18*Tabeller!J$10),IF($B18="Teknisk/adm. bistand/Feltassistent",K18*Tabeller!J$13,K18*Tabeller!J$12)) -> 0 | GT18: =IF(Registrering!$B$29="Prosjekter som foregår i UiOs lokaler",IF($B18="Teknisk/adm. bistand/Feltassistent",L18*Tabeller!K$11,L18*Tabeller!K$10),IF($B18="Teknisk/adm. bistand/Feltassistent",L18*Tabeller!K$13,L18*Tabeller!K$12)) -> 0 | GU18: =IF(Registrering!$B$29="Prosjekter som foregår i UiOs lokaler",IF($B18="Teknisk/adm. bistand/Feltassistent",M18*Tabeller!L$11,M18*Tabeller!L$10),IF($B18="Teknisk/adm. bistand/Feltassistent",M18*Tabeller!L$13,M18*Tabeller!L$12)) -> 0 | GV18: =IF(Registrering!$B$29="Prosjekter som foregår i UiOs lokaler",IF($B18="Teknisk/adm. bistand/Feltassistent",N18*Tabeller!M$11,N18*Tabeller!M$10),IF($B18="Teknisk/adm. bistand/Feltassistent",N18*Tabeller!M$13,N18*Tabeller!M$12)) -> 0 | GW18: =IF(Registrering!$B$29="Prosjekter som foregår i UiOs lokaler",IF($B18="Teknisk/adm. bistand/Feltassistent",O18*Tabeller!N$11,O18*Tabeller!N$10),IF($B18="Teknisk/adm. bistand/Feltassistent",O18*Tabeller!N$13,O18*Tabeller!N$12)) -> 0 | GX18: =IF(Registrering!$B$29="Prosjekter som foregår i UiOs lokaler",IF($B18="Teknisk/adm. bistand/Feltassistent",P18*Tabeller!O$11,P18*Tabeller!O$10),IF($B18="Teknisk/adm. bistand/Feltassistent",P18*Tabeller!O$13,P18*Tabeller!O$12)) -> 0 | GY18: =IF(Registrering!$B$29="Prosjekter som foregår i UiOs lokaler",IF($B18="Teknisk/adm. bistand/Feltassistent",Q18*Tabeller!P$11,Q18*Tabeller!P$10),IF($B18="Teknisk/adm. bistand/Feltassistent",Q18*Tabeller!P$13,Q18*Tabeller!P$12)) -> 0 | GZ18: =IF(Registrering!$B$29="Prosjekter som foregår i UiOs lokaler",IF($B18="Teknisk/adm. bistand/Feltassistent",R18*Tabeller!Q$11,R18*Tabeller!Q$10),IF($B18="Teknisk/adm. bistand/Feltassistent",R18*Tabeller!Q$13,R18*Tabeller!Q$12)) -> 0 | ... HE18: =IF(Registrering!$B$29="Prosjekter som foregår i UiOs lokaler",IF($B18="Teknisk/adm. bistand/Feltassistent",W18*Tabeller!V$11,W18*Tabeller!V$10),IF($B18="Teknisk/adm. bistand/Feltassistent",W18*Tabeller!V$13,W18*Tabeller!V$12)) -> 0
C19: =DL19 -> 0 | D19: =SUM(AR19:BD19) -> 0 | E19: =IFERROR(SUM(BF19:BR19),0) -> 0 | F19: =SUM(D19:E19) -> 0 | G19: =SUM(K19:W19) -> 0 | H19: Egenandel | AG19: =I19 -> 0 | AH19: =AG19*Tabeller!$I$35 -> 0 | AI19: =IF(AG19>0,(AH19-400)/52*47,0) -> 0 | AJ19: =AI19*Tabeller!$H$26 -> 0 | AK19: =SUM(AI19:AJ19,AL19)*Tabeller!$H$28 -> 0 | AL19: =AH19*Tabeller!$H$27 -> 0 | AM19: =SUM(AI19:AL19) -> 0 | AN19: =AM19+(IF(B19="Teknisk adm bistand",Registrering!$E$51,Registrering!$B$51)) -> 0 | AO19: =AN19/Tabeller!$H$5 -> 0 | AR19: =((K19*Budsjett!$AM19)) -> 0 | AS19: =((L19*Budsjett!$AM19)*(Tabeller!J$35)) -> 0 | AT19: =((M19*Budsjett!$AM19)*(Tabeller!K$35)) -> 0 | AU19: =((N19*Budsjett!$AM19)*(Tabeller!L$35)) -> 0 | AV19: =((O19*Budsjett!$AM19)*(Tabeller!M$35)) -> 0 | AW19: =((P19*Budsjett!$AM19)*(Tabeller!N$35)) -> 0 | AX19: =((Q19*Budsjett!$AM19)*(Tabeller!O$35)) -> 0 | AY19: =((R19*Budsjett!$AM19)*(Tabeller!P$35)) -> 0 | AZ19: =((S19*Budsjett!$AM19)*(Tabeller!Q$35)) -> 0 | ... BD19: =((W19*Budsjett!$AM19)*(Tabeller!U$35)) -> 0 | BF19: =GS19 -> 0 | BG19: =GT19 -> 0 | BH19: =GU19 -> 0 | BI19: =GV19 -> 0 | BJ19: =GW19 -> 0 | BK19: =GX19 -> 0 | BL19: =GY19 -> 0 | BM19: =GZ19 -> 0 | ... BR19: =HE19 -> 0 | CJ19: =BF19 -> 0 | CK19: =BG19 -> 0 | CL19: =BH19 -> 0 | CM19: =BI19 -> 0 | CN19: =BJ19 -> 0 | CO19: =BK19 -> 0 | CP19: =BL19 -> 0 | CQ19: =BM19 -> 0 | ... CV19: =BR19 -> 0 | CX19: =B19 -> 0 | DL19: =SUM(CY19:DK19) -> 0 | DO19: =CX19 -> 0 | EC19: =SUM(DP19:EB19) -> 0 | EE19: =DO19 -> 0 | ES19: =SUM(EF19:ER19) -> 0 | EU19: =EE19 -> 0 | FI19: =SUM(EV19:FH19) -> 0 | FK19: =EU19 -> 0 | FY19: =SUM(FL19:FX19) -> 0 | GB19: =FK19 -> 0 | GC19: =IF($H19=$GB$1,AR19,0) -> 0 | GD19: =IF($H19=$GB$1,AS19,0) -> 0 | GE19: =IF($H19=$GB$1,AT19,0) -> 0 | GF19: =IF($H19=$GB$1,AU19,0) -> 0 | GG19: =IF($H19=$GB$1,AV19,0) -> 0 | GH19: =IF($H19=$GB$1,AW19,0) -> 0 | GI19: =IF($H19=$GB$1,AX19,0) -> 0 | GJ19: =IF($H19=$GB$1,AY19,0) -> 0 | ... GO19: =IF($H19=$GB$1,BD19,0) -> 0 | GP19: =SUM(GC19:GO19) -> 0 | GS19: =IF(Registrering!$B$29="Prosjekter som foregår i UiOs lokaler",IF($B19="Teknisk/adm. bistand/Feltassistent",K19*Tabeller!J$11,K19*Tabeller!J$10),IF($B19="Teknisk/adm. bistand/Feltassistent",K19*Tabeller!J$13,K19*Tabeller!J$12)) -> 0 | GT19: =IF(Registrering!$B$29="Prosjekter som foregår i UiOs lokaler",IF($B19="Teknisk/adm. bistand/Feltassistent",L19*Tabeller!K$11,L19*Tabeller!K$10),IF($B19="Teknisk/adm. bistand/Feltassistent",L19*Tabeller!K$13,L19*Tabeller!K$12)) -> 0 | GU19: =IF(Registrering!$B$29="Prosjekter som foregår i UiOs lokaler",IF($B19="Teknisk/adm. bistand/Feltassistent",M19*Tabeller!L$11,M19*Tabeller!L$10),IF($B19="Teknisk/adm. bistand/Feltassistent",M19*Tabeller!L$13,M19*Tabeller!L$12)) -> 0 | GV19: =IF(Registrering!$B$29="Prosjekter som foregår i UiOs lokaler",IF($B19="Teknisk/adm. bistand/Feltassistent",N19*Tabeller!M$11,N19*Tabeller!M$10),IF($B19="Teknisk/adm. bistand/Feltassistent",N19*Tabeller!M$13,N19*Tabeller!M$12)) -> 0 | GW19: =IF(Registrering!$B$29="Prosjekter som foregår i UiOs lokaler",IF($B19="Teknisk/adm. bistand/Feltassistent",O19*Tabeller!N$11,O19*Tabeller!N$10),IF($B19="Teknisk/adm. bistand/Feltassistent",O19*Tabeller!N$13,O19*Tabeller!N$12)) -> 0 | GX19: =IF(Registrering!$B$29="Prosjekter som foregår i UiOs lokaler",IF($B19="Teknisk/adm. bistand/Feltassistent",P19*Tabeller!O$11,P19*Tabeller!O$10),IF($B19="Teknisk/adm. bistand/Feltassistent",P19*Tabeller!O$13,P19*Tabeller!O$12)) -> 0 | GY19: =IF(Registrering!$B$29="Prosjekter som foregår i UiOs lokaler",IF($B19="Teknisk/adm. bistand/Feltassistent",Q19*Tabeller!P$11,Q19*Tabeller!P$10),IF($B19="Teknisk/adm. bistand/Feltassistent",Q19*Tabeller!P$13,Q19*Tabeller!P$12)) -> 0 | GZ19: =IF(Registrering!$B$29="Prosjekter som foregår i UiOs lokaler",IF($B19="Teknisk/adm. bistand/Feltassistent",R19*Tabeller!Q$11,R19*Tabeller!Q$10),IF($B19="Teknisk/adm. bistand/Feltassistent",R19*Tabeller!Q$13,R19*Tabeller!Q$12)) -> 0 | ... HE19: =IF(Registrering!$B$29="Prosjekter som foregår i UiOs lokaler",IF($B19="Teknisk/adm. bistand/Feltassistent",W19*Tabeller!V$11,W19*Tabeller!V$10),IF($B19="Teknisk/adm. bistand/Feltassistent",W19*Tabeller!V$13,W19*Tabeller!V$12)) -> 0
C20: =DL20 -> 0 | D20: =SUM(AR20:BD20) -> 0 | E20: =IFERROR(SUM(BF20:BR20),0) -> 0 | F20: =SUM(D20:E20) -> 0 | G20: =SUM(K20:W20) -> 0 | H20: Egenandel | AG20: =I20 -> 0 | AH20: =AG20*Tabeller!$I$35 -> 0 | AI20: =IF(AG20>0,(AH20-400)/52*47,0) -> 0 | AJ20: =AI20*Tabeller!$H$26 -> 0 | AK20: =SUM(AI20:AJ20,AL20)*Tabeller!$H$28 -> 0 | AL20: =AH20*Tabeller!$H$27 -> 0 | AM20: =SUM(AI20:AL20) -> 0 | AN20: =AM20+(IF(B20="Teknisk adm bistand",Registrering!$E$51,Registrering!$B$51)) -> 0 | AO20: =AN20/Tabeller!$H$5 -> 0 | AR20: =((K20*Budsjett!$AM20)) -> 0 | AS20: =((L20*Budsjett!$AM20)*(Tabeller!J$35)) -> 0 | AT20: =((M20*Budsjett!$AM20)*(Tabeller!K$35)) -> 0 | AU20: =((N20*Budsjett!$AM20)*(Tabeller!L$35)) -> 0 | AV20: =((O20*Budsjett!$AM20)*(Tabeller!M$35)) -> 0 | AW20: =((P20*Budsjett!$AM20)*(Tabeller!N$35)) -> 0 | AX20: =((Q20*Budsjett!$AM20)*(Tabeller!O$35)) -> 0 | AY20: =((R20*Budsjett!$AM20)*(Tabeller!P$35)) -> 0 | AZ20: =((S20*Budsjett!$AM20)*(Tabeller!Q$35)) -> 0 | ... BD20: =((W20*Budsjett!$AM20)*(Tabeller!U$35)) -> 0 | BF20: =GS20 -> 0 | BG20: =GT20 -> 0 | BH20: =GU20 -> 0 | BI20: =GV20 -> 0 | BJ20: =GW20 -> 0 | BK20: =GX20 -> 0 | BL20: =GY20 -> 0 | BM20: =GZ20 -> 0 | ... BR20: =HE20 -> 0 | CJ20: =BF20 -> 0 | CK20: =BG20 -> 0 | CL20: =BH20 -> 0 | CM20: =BI20 -> 0 | CN20: =BJ20 -> 0 | CO20: =BK20 -> 0 | CP20: =BL20 -> 0 | CQ20: =BM20 -> 0 | ... CV20: =BR20 -> 0 | CX20: =B20 -> 0 | DL20: =SUM(CY20:DK20) -> 0 | DO20: =CX20 -> 0 | EC20: =SUM(DP20:EB20) -> 0 | EE20: =DO20 -> 0 | ES20: =SUM(EF20:ER20) -> 0 | EU20: =EE20 -> 0 | FI20: =SUM(EV20:FH20) -> 0 | FK20: =EU20 -> 0 | FY20: =SUM(FL20:FX20) -> 0 | GB20: =FK20 -> 0 | GC20: =IF($H20=$GB$1,AR20,0) -> 0 | GD20: =IF($H20=$GB$1,AS20,0) -> 0 | GE20: =IF($H20=$GB$1,AT20,0) -> 0 | GF20: =IF($H20=$GB$1,AU20,0) -> 0 | GG20: =IF($H20=$GB$1,AV20,0) -> 0 | GH20: =IF($H20=$GB$1,AW20,0) -> 0 | GI20: =IF($H20=$GB$1,AX20,0) -> 0 | GJ20: =IF($H20=$GB$1,AY20,0) -> 0 | ... GO20: =IF($H20=$GB$1,BD20,0) -> 0 | GP20: =SUM(GC20:GO20) -> 0 | GS20: =IF(Registrering!$B$29="Prosjekter som foregår i UiOs lokaler",IF($B20="Teknisk/adm. bistand/Feltassistent",K20*Tabeller!J$11,K20*Tabeller!J$10),IF($B20="Teknisk/adm. bistand/Feltassistent",K20*Tabeller!J$13,K20*Tabeller!J$12)) -> 0 | GT20: =IF(Registrering!$B$29="Prosjekter som foregår i UiOs lokaler",IF($B20="Teknisk/adm. bistand/Feltassistent",L20*Tabeller!K$11,L20*Tabeller!K$10),IF($B20="Teknisk/adm. bistand/Feltassistent",L20*Tabeller!K$13,L20*Tabeller!K$12)) -> 0 | GU20: =IF(Registrering!$B$29="Prosjekter som foregår i UiOs lokaler",IF($B20="Teknisk/adm. bistand/Feltassistent",M20*Tabeller!L$11,M20*Tabeller!L$10),IF($B20="Teknisk/adm. bistand/Feltassistent",M20*Tabeller!L$13,M20*Tabeller!L$12)) -> 0 | GV20: =IF(Registrering!$B$29="Prosjekter som foregår i UiOs lokaler",IF($B20="Teknisk/adm. bistand/Feltassistent",N20*Tabeller!M$11,N20*Tabeller!M$10),IF($B20="Teknisk/adm. bistand/Feltassistent",N20*Tabeller!M$13,N20*Tabeller!M$12)) -> 0 | GW20: =IF(Registrering!$B$29="Prosjekter som foregår i UiOs lokaler",IF($B20="Teknisk/adm. bistand/Feltassistent",O20*Tabeller!N$11,O20*Tabeller!N$10),IF($B20="Teknisk/adm. bistand/Feltassistent",O20*Tabeller!N$13,O20*Tabeller!N$12)) -> 0 | GX20: =IF(Registrering!$B$29="Prosjekter som foregår i UiOs lokaler",IF($B20="Teknisk/adm. bistand/Feltassistent",P20*Tabeller!O$11,P20*Tabeller!O$10),IF($B20="Teknisk/adm. bistand/Feltassistent",P20*Tabeller!O$13,P20*Tabeller!O$12)) -> 0 | GY20: =IF(Registrering!$B$29="Prosjekter som foregår i UiOs lokaler",IF($B20="Teknisk/adm. bistand/Feltassistent",Q20*Tabeller!P$11,Q20*Tabeller!P$10),IF($B20="Teknisk/adm. bistand/Feltassistent",Q20*Tabeller!P$13,Q20*Tabeller!P$12)) -> 0 | GZ20: =IF(Registrering!$B$29="Prosjekter som foregår i UiOs lokaler",IF($B20="Teknisk/adm. bistand/Feltassistent",R20*Tabeller!Q$11,R20*Tabeller!Q$10),IF($B20="Teknisk/adm. bistand/Feltassistent",R20*Tabeller!Q$13,R20*Tabeller!Q$12)) -> 0 | ... HE20: =IF(Registrering!$B$29="Prosjekter som foregår i UiOs lokaler",IF($B20="Teknisk/adm. bistand/Feltassistent",W20*Tabeller!V$11,W20*Tabeller!V$10),IF($B20="Teknisk/adm. bistand/Feltassistent",W20*Tabeller!V$13,W20*Tabeller!V$12)) -> 0
B21: Sum frikjøp art 5896 | C21: =SUM(C17:C20) -> 0 | D21: =SUM(D17:D20) -> 0 | E21: =SUM(E17:E20) -> 0 | F21: =SUM(F17:F20) -> 0 | G21: =SUM(G17:G20) -> 0 | K21: =SUM(K17:K20) -> 0 | L21: =SUM(L17:L20) -> 0 | M21: =SUM(M17:M20) -> 0 | N21: =SUM(N17:N20) -> 0 | O21: =SUM(O17:O20) -> 0 | P21: =SUM(P17:P20) -> 0 | Q21: =SUM(Q17:Q20) -> 0 | R21: =SUM(R17:R20) -> 0 | ... W21: =SUM(W17:W20) -> 0 | AR21: =SUM(AR17:AR20) -> 0 | AS21: =SUM(AS17:AS20) -> 0 | AT21: =SUM(AT17:AT20) -> 0 | AU21: =SUM(AU17:AU20) -> 0 | AV21: =SUM(AV17:AV20) -> 0 | AW21: =SUM(AW17:AW20) -> 0 | AX21: =SUM(AX17:AX20) -> 0 | AY21: =SUM(AY17:AY20) -> 0 | ... BD21: =SUM(BD17:BD20) -> 0 | BE21: =SUM(AR21:BD21) -> 0 | BF21: =SUM(BF17:BF20) -> 0 | BG21: =SUM(BG17:BG20) -> 0 | BH21: =SUM(BH17:BH20) -> 0 | BI21: =SUM(BI17:BI20) -> 0 | BJ21: =SUM(BJ17:BJ20) -> 0 | BK21: =SUM(BK17:BK20) -> 0 | BL21: =SUM(BL17:BL20) -> 0 | BM21: =SUM(BM17:BM20) -> 0 | ... BR21: =SUM(BR17:BR20) -> 0 | BS21: =SUM(BF21:BR21) -> 0 | BU21: =SUM(BU17:BU20) -> 0 | BV21: =SUM(BV17:BV20) -> 0 | BW21: =SUM(BW17:BW20) -> 0 | BX21: =SUM(BX17:BX20) -> 0 | BY21: =SUM(BY17:BY20) -> 0 | BZ21: =SUM(BZ17:BZ20) -> 0 | CA21: =SUM(CA17:CA20) -> 0 | CB21: =SUM(CB17:CB20) -> 0 | ... CG21: =SUM(CG17:CG20) -> 0 | CJ21: =SUM(CJ17:CJ20) -> 0 | CK21: =SUM(CK17:CK20) -> 0 | CL21: =SUM(CL17:CL20) -> 0 | CM21: =SUM(CM17:CM20) -> 0 | CN21: =SUM(CN17:CN20) -> 0 | CO21: =SUM(CO17:CO20) -> 0 | CP21: =SUM(CP17:CP20) -> 0 | CQ21: =SUM(CQ17:CQ20) -> 0 | ... CV21: =SUM(CV17:CV20) -> 0 | CX21: =B21 -> Sum frikjøp art 5896 | DL21: =SUM(CY21:DK21) -> 0 | DO21: =CX21 -> Sum frikjøp art 5896 | EC21: =SUM(DP21:EB21) -> 0 | EE21: =DO21 -> Sum frikjøp art 5896 | ES21: =SUM(EF21:ER21) -> 0 | EU21: =EE21 -> Sum frikjøp art 5896 | FI21: =SUM(EV21:FH21) -> 0 | FK21: =EU21 -> Sum frikjøp art 5896 | FY21: =SUM(FL21:FX21) -> 0 | GB21: =FK21 -> Sum frikjøp art 5896 | GC21: =SUM(GC17:GC20) -> 0 | GD21: =SUM(GD17:GD20) -> 0 | GE21: =SUM(GE17:GE20) -> 0 | GF21: =SUM(GF17:GF20) -> 0 | GG21: =SUM(GG17:GG20) -> 0 | GH21: =SUM(GH17:GH20) -> 0 | GI21: =SUM(GI17:GI20) -> 0 | GJ21: =SUM(GJ17:GJ20) -> 0 | ... GO21: =SUM(GO17:GO20) -> 0 | GP21: =SUM(GC21:GO21) -> 0 | GS21: =SUM(GS17:GS20) -> 0 | GT21: =SUM(GT17:GT20) -> 0 | GU21: =SUM(GU17:GU20) -> 0 | GV21: =SUM(GV17:GV20) -> 0 | GW21: =SUM(GW17:GW20) -> 0 | GX21: =SUM(GX17:GX20) -> 0 | GY21: =SUM(GY17:GY20) -> 0 | GZ21: =SUM(GZ17:GZ20) -> 0 | ... HE21: =SUM(HE17:HE20) -> 0
K22: TIMER | EE22: =DO22 -> 0 | EU22: =EE22 -> 0 | FK22: =EU22 -> 0 | GB22: =FK22 -> 0
B23: Timelønn | C23: Inntekter | D23: Lønn og sos. kostn. | E23: Overhead | F23: Totalt | G23: Årsv | H23: Finansiør | I23: Årslønn | J23: Navn | K23: =K16 -> 1 | L23: =L16 -> 2 | M23: =M16 -> 3 | N23: =N16 -> 4 | O23: =O16 -> 5 | P23: =P16 -> 6 | Q23: =Q16 -> 7 | R23: =R16 -> 8 | ... W23: =W16 -> 13 | AG23: Bruttolønn | AH23: inkl lønnsv. | AI23: Lønn | AJ23: Feriep | AK23: AGA | AL23: Pensjon | AM23: inkl sos.avg. | AN23: inkl. ind.kost. | AO23: Timesats | AR23: =K23 -> 1 | AS23: =L23 -> 2 | AT23: =M23 -> 3 | AU23: =N23 -> 4 | AV23: =O23 -> 5 | AW23: =P23 -> 6 | AX23: =Q23 -> 7 | AY23: =R23 -> 8 | ... BD23: =W23 -> 13 | BF23: =AR23 -> 1 | BG23: =AS23 -> 2 | BH23: =AT23 -> 3 | BI23: =AU23 -> 4 | BJ23: =AV23 -> 5 | BK23: =AW23 -> 6 | BL23: =AX23 -> 7 | BM23: =AY23 -> 8 | ... BR23: =BD23 -> 13 | BU23: =BF23 -> 1 | BV23: =BG23 -> 2 | BW23: =BH23 -> 3 | BX23: =BI23 -> 4 | BY23: =BJ23 -> 5 | BZ23: =BK23 -> 6 | CA23: =BL23 -> 7 | CB23: =BM23 -> 8 | ... CG23: =BR23 -> 13 | CJ23: =CY23 -> 1 | CK23: =CZ23 -> 2 | CL23: =DA23 -> 3 | CM23: =DB23 -> 4 | CN23: =DC23 -> 5 | CO23: =DD23 -> 6 | CP23: =DE23 -> 7 | CQ23: =DF23 -> 8 | ... CV23: =DK23 -> 13 | CY23: =BU23 -> 1 | CZ23: =BV23 -> 2 | DA23: =BW23 -> 3 | DB23: =BX23 -> 4 | DC23: =BY23 -> 5 | DD23: =BZ23 -> 6 | DE23: =CA23 -> 7 | DF23: =CB23 -> 8 | ... DK23: =CG23 -> 13 | DL23: Totalt | DP23: =BU23 -> 1 | DQ23: =BV23 -> 2 | DR23: =BW23 -> 3 | DS23: =BX23 -> 4 | DT23: =BY23 -> 5 | DU23: =BZ23 -> 6 | DV23: =CA23 -> 7 | DW23: =CB23 -> 8 | ... EB23: =CG23 -> 13 | EC23: =EC3 -> Totalt | EE23: =DO23 -> 0 | EF23: =EF16 -> 1 | EG23: =EG16 -> 2 | EH23: =EH16 -> 3 | EI23: =EI16 -> 4 | EJ23: =EJ16 -> 5 | EK23: =EK16 -> 6 | EL23: =EL16 -> 7 | EM23: =EM16 -> 8 | ... ES23: =ES16 -> Totalt | EU23: =EE23 -> 0 | EV23: =EV16 -> 1 | EW23: =EW16 -> 2 | EX23: =EX16 -> 3 | EY23: =EY16 -> 4 | EZ23: =EZ16 -> 5 | FA23: =FA16 -> 6 | FB23: =FB16 -> 7 | FC23: =FC16 -> 8 | ... FI23: =FI16 -> Totalt | FK23: =EU23 -> 0 | FL23: =FL16 -> 1 | FM23: =FM16 -> 2 | FN23: =FN16 -> 3 | FO23: =FO16 -> 4 | FP23: =FP16 -> 5 | FQ23: =FQ16 -> 6 | FR23: =FR16 -> 7 | FS23: =FS16 -> 8 | ... FY23: =FY16 -> Totalt | GB23: =FK23 -> 0 | GC23: =GC16 -> 1 | GD23: =GD16 -> 2 | GE23: =GE16 -> 3 | GF23: =GF16 -> 4 | GG23: =GG16 -> 5 | GH23: =GH16 -> 6 | GI23: =GI16 -> 7 | GJ23: =GJ16 -> 8 | ... GP23: =GP16 -> Totalt | GS23: =AR23 -> 1 | GT23: =AS23 -> 2 | GU23: =AT23 -> 3 | GV23: =AU23 -> 4 | GW23: =AV23 -> 5 | GX23: =AW23 -> 6 | GY23: =AX23 -> 7 | GZ23: =AY23 -> 8 | ... HE23: =BD23 -> 13
B24: Teknisk/adm. bistand/Feltassistent | C24: =IF(Registrering!$B$28="Fast beløp",0,IF(Registrering!$B$28="Sats for ekst. fin. overhead",0,DL24)) -> -143818.4 | D24: =SUM(AR24:BD24) -> 115054.72 | E24: =IFERROR(SUM(BF24:BR24),0) -> 32995.393 | F24: =SUM(D24:E24) -> 148050.11 | G24: =SUM(K24:W24)/Tabeller!$H$5 -> 0.18427518 | H24: Offentlige | I24: 480000 | J24: Timelønnende studenter IT 8xstk | L24: 300 | AG24: =I24 -> 480000 | AH24: =AG24*Tabeller!$I$35 -> 480000 | AI24: =IF(AG24>0,(AH24-400)/52*47,0) -> 433484.62 | AJ24: =AI24*Tabeller!$H$26 -> 52018.154 | AK24: =SUM(AI24:AJ24,AL24)*Tabeller!$H$28 -> 74547.09 | AL24: =AH24*Tabeller!$H$27 -> 43200 | AM24: =SUM(AI24:AL24) -> 603249.86 | AN24: =AM24+(IF(B24="Teknisk adm bistand",Registrering!$E$51,Registrering!$B$51)) -> 603249.86 | AO24: =AM24/Tabeller!$H$5 -> 370.5466 | AR24: =((K24*Budsjett!$AO24)*(Tabeller!I$37)) -> 0 | AS24: =((L24*Budsjett!$AO24)*(Tabeller!J$35)) -> 115054.72 | AT24: =((M24*Budsjett!$AO24)*(Tabeller!K$35)) -> 0 | AU24: =((N24*Budsjett!$AO24)*(Tabeller!L$35)) -> 0 | AV24: =((O24*Budsjett!$AO24)*(Tabeller!M$35)) -> 0 | AW24: =((P24*Budsjett!$AO24)*(Tabeller!N$35)) -> 0 | AX24: =((Q24*Budsjett!$AO24)*(Tabeller!O$35)) -> 0 | AY24: =((R24*Budsjett!$AO24)*(Tabeller!P$35)) -> 0 | AZ24: =((S24*Budsjett!$AO24)*(Tabeller!Q$35)) -> 0 | ... BD24: =((W24*Budsjett!$AO24)*(Tabeller!U$35)) -> 0 | BF24: =IFERROR(IF($E$83>$E$82,BU24,GS24),0) -> 0 | BG24: =IFERROR(IF($E$83>$E$82,BV24,GT24),0) -> 32995.393 | BH24: =IFERROR(IF($E$83>$E$82,BW24,GU24),0) -> 0 | BI24: =IFERROR(IF($E$83>$E$82,BX24,GV24),0) -> 0 | BJ24: =IFERROR(IF($E$83>$E$82,BY24,GW24),0) -> 0 | BK24: =IFERROR(IF($E$83>$E$82,BZ24,GX24),0) -> 0 | BL24: =IFERROR(IF($E$83>$E$82,CA24,GY24),0) -> 0 | BM24: =IFERROR(IF($E$83>$E$82,CB24,GZ24),0) -> 0 | ... BR24: =IFERROR(IF($E$83>$E$82,CG24,HE24),0) -> 0 | BU24: =IFERROR(IF($F$97=$K$96,AR24*$E$84,AR24*Budsjett!$F$97),0) -> 0 | BV24: =IFERROR(IF($F$97=$K$96,AS24*$E$84,AS24*Budsjett!$F$97),0) -> -402610.4 | BW24: =IFERROR(IF($F$97=$K$96,AT24*$E$84,AT24*Budsjett!$F$97),0) -> 0 | BX24: =IFERROR(IF($F$97=$K$96,AU24*$E$84,AU24*Budsjett!$F$97),0) -> 0 | BY24: =IFERROR(IF($F$97=$K$96,AV24*$E$84,AV24*Budsjett!$F$97),0) -> 0 | BZ24: =IFERROR(IF($F$97=$K$96,AW24*$E$84,AW24*Budsjett!$F$97),0) -> 0 | CA24: =IFERROR(IF($F$97=$K$96,AX24*$E$84,AX24*Budsjett!$F$97),0) -> 0 | CB24: =IFERROR(IF($F$97=$K$96,AY24*$E$84,AY24*Budsjett!$F$97),0) -> 0 | ... CG24: =IFERROR(IF($F$97=$K$96,BD24*$E$84,BD24*Budsjett!$F$97),0) -> 0 | CJ24: =BF24-BU24 -> 0 | CK24: =BG24-BV24 -> 435605.79 | CL24: =BH24-BW24 -> 0 | CM24: =BI24-BX24 -> 0 | CN24: =BJ24-BY24 -> 0 | CO24: =BK24-BZ24 -> 0 | CP24: =BL24-CA24 -> 0 | CQ24: =BM24-CB24 -> 0 | ... CV24: =BR24-CG24 -> 0 | CX24: =B24 -> Teknisk/adm. bistand/Feltassistent | CY24: =-(AR24*(1+Tabeller!$I$68)) -> 0 | CZ24: =-(AS24*(1+Tabeller!$I$68)) -> -143818.4 | DA24: =-(AT24*(1+Tabeller!$I$68)) -> 0 | DB24: =-(AU24*(1+Tabeller!$I$68)) -> 0 | DC24: =-(AV24*(1+Tabeller!$I$68)) -> 0 | DD24: =-(AW24*(1+Tabeller!$I$68)) -> 0 | DE24: =-(AX24*(1+Tabeller!$I$68)) -> 0 | DF24: =-(AY24*(1+Tabeller!$I$68)) -> 0 | ... DK24: =-(BD24*(1+Tabeller!$I$68)) -> 0 | DL24: =SUM(CY24:DK24) -> -143818.4 | DO24: =CX24 -> Teknisk/adm. bistand/Feltassistent | DP24: =IF($H24="NFR",CY24,0) -> 0 | DQ24: =IF($H24="NFR",CZ24,0) -> 0 | DR24: =IF($H24="NFR",DA24,0) -> 0 | DS24: =IF($H24="NFR",DB24,0) -> 0 | DT24: =IF($H24="NFR",DC24,0) -> 0 | DU24: =IF($H24="NFR",DD24,0) -> 0 | DV24: =IF($H24="NFR",DE24,0) -> 0 | DW24: =IF($H24="NFR",DF24,0) -> 0 | ... EB24: =IF($H24="NFR",DK24,0) -> 0 | EC24: =SUM(DP24:EB24) -> 0 | EE24: =DO24 -> Teknisk/adm. bistand/Feltassistent | EF24: =IF($H24=$EE$1,CY24,0) -> 0 | EG24: =IF($H24=$EE$1,CZ24,0) -> 0 | EH24: =IF($H24=$EE$1,DA24,0) -> 0 | EI24: =IF($H24=$EE$1,DB24,0) -> 0 | EJ24: =IF($H24=$EE$1,DC24,0) -> 0 | EK24: =IF($H24=$EE$1,DD24,0) -> 0 | EL24: =IF($H24=$EE$1,DE24,0) -> 0 | EM24: =IF($H24=$EE$1,DF24,0) -> 0 | ... ER24: =IF($H24=$EE$1,DK24,0) -> 0 | ES24: =SUM(EF24:ER24) -> 0 | EU24: =EE24 -> Teknisk/adm. bistand/Feltassistent | EV24: =IF($H24=$EU$1,CY24,0) -> 0 | EW24: =IF($H24=$EU$1,CZ24,0) -> 0 | EX24: =IF($H24=$EU$1,DA24,0) -> 0 | EY24: =IF($H24=$EU$1,DB24,0) -> 0 | EZ24: =IF($H24=$EU$1,DC24,0) -> 0 | FA24: =IF($H24=$EU$1,DD24,0) -> 0 | FB24: =IF($H24=$EU$1,DE24,0) -> 0 | FC24: =IF($H24=$EU$1,DF24,0) -> 0 | ... FH24: =IF($H24=$EU$1,DK24,0) -> 0 | FI24: =SUM(EV24:FH24) -> 0 | FK24: =EU24 -> Teknisk/adm. bistand/Feltassistent | FL24: =IF($H24=$FK$1,CY24,0) -> 0 | FM24: =IF($H24=$FK$1,CZ24,0) -> -143818.4 | FN24: =IF($H24=$FK$1,DA24,0) -> 0 | FO24: =IF($H24=$FK$1,DB24,0) -> 0 | FP24: =IF($H24=$FK$1,DC24,0) -> 0 | FQ24: =IF($H24=$FK$1,DD24,0) -> 0 | FR24: =IF($H24=$FK$1,DE24,0) -> 0 | FS24: =IF($H24=$FK$1,DF24,0) -> 0 | ... FX24: =IF($H24=$FK$1,DK24,0) -> 0 | FY24: =SUM(FL24:FX24) -> -143818.4 | GB24: =FK24 -> Teknisk/adm. bistand/Feltassistent | GP24: =SUM(GC24:GO24) -> 0 | GS24: =IF(Registrering!$B$29="Prosjekter som foregår i UiOs lokaler",IF($B24="Teknisk/adm. bistand/Feltassistent",K24*Tabeller!J$11,K24*Tabeller!J$10)/Tabeller!$H$5,IF($B24="Teknisk/adm. bistand/Feltassistent",K24*Tabeller!J$13,K24*Tabeller!J$12)/Tabeller!$H$5) -> 0 | GT24: =IF(Registrering!$B$29="Prosjekter som foregår i UiOs lokaler",IF($B24="Teknisk/adm. bistand/Feltassistent",L24*Tabeller!K$11,L24*Tabeller!K$10)/Tabeller!$H$5,IF($B24="Teknisk/adm. bistand/Feltassistent",L24*Tabeller!K$13,L24*Tabeller!K$12)/Tabeller!$H$5) -> 32995.393 | GU24: =IF(Registrering!$B$29="Prosjekter som foregår i UiOs lokaler",IF($B24="Teknisk/adm. bistand/Feltassistent",M24*Tabeller!L$11,M24*Tabeller!L$10)/Tabeller!$H$5,IF($B24="Teknisk/adm. bistand/Feltassistent",M24*Tabeller!L$13,M24*Tabeller!L$12)/Tabeller!$H$5) -> 0 | GV24: =IF(Registrering!$B$29="Prosjekter som foregår i UiOs lokaler",IF($B24="Teknisk/adm. bistand/Feltassistent",N24*Tabeller!M$11,N24*Tabeller!M$10)/Tabeller!$H$5,IF($B24="Teknisk/adm. bistand/Feltassistent",N24*Tabeller!M$13,N24*Tabeller!M$12)/Tabeller!$H$5) -> 0 | GW24: =IF(Registrering!$B$29="Prosjekter som foregår i UiOs lokaler",IF($B24="Teknisk/adm. bistand/Feltassistent",O24*Tabeller!N$11,O24*Tabeller!N$10)/Tabeller!$H$5,IF($B24="Teknisk/adm. bistand/Feltassistent",O24*Tabeller!N$13,O24*Tabeller!N$12)/Tabeller!$H$5) -> 0 | GX24: =IF(Registrering!$B$29="Prosjekter som foregår i UiOs lokaler",IF($B24="Teknisk/adm. bistand/Feltassistent",P24*Tabeller!O$11,P24*Tabeller!O$10)/Tabeller!$H$5,IF($B24="Teknisk/adm. bistand/Feltassistent",P24*Tabeller!O$13,P24*Tabeller!O$12)/Tabeller!$H$5) -> 0 | GY24: =IF(Registrering!$B$29="Prosjekter som foregår i UiOs lokaler",IF($B24="Teknisk/adm. bistand/Feltassistent",Q24*Tabeller!P$11,Q24*Tabeller!P$10)/Tabeller!$H$5,IF($B24="Teknisk/adm. bistand/Feltassistent",Q24*Tabeller!P$13,Q24*Tabeller!P$12)/Tabeller!$H$5) -> 0 | GZ24: =IF(Registrering!$B$29="Prosjekter som foregår i UiOs lokaler",IF($B24="Teknisk/adm. bistand/Feltassistent",R24*Tabeller!Q$11,R24*Tabeller!Q$10)/Tabeller!$H$5,IF($B24="Teknisk/adm. bistand/Feltassistent",R24*Tabeller!Q$13,R24*Tabeller!Q$12)/Tabeller!$H$5) -> 0 | ... HE24: =IF(Registrering!$B$29="Prosjekter som foregår i UiOs lokaler",IF($B24="Teknisk/adm. bistand/Feltassistent",W24*Tabeller!V$11,W24*Tabeller!V$10)/Tabeller!$H$5,IF($B24="Teknisk/adm. bistand/Feltassistent",W24*Tabeller!V$13,W24*Tabeller!V$12)/Tabeller!$H$5) -> 0
B25: Teknisk/adm. bistand/Feltassistent | C25: =IF(Registrering!$B$28="Fast beløp",0,IF(Registrering!$B$28="Sats for ekst. fin. overhead",0,DL25)) -> -191757.86 | D25: =SUM(AR25:BD25) -> 153406.29 | E25: =IFERROR(SUM(BF25:BR25),0) -> 43993.857 | F25: =SUM(D25:E25) -> 197400.15 | G25: =SUM(K25:W25)/Tabeller!$H$5 -> 0.24570025 | H25: Offentlige | I25: 480000 | J25: Timelønnende studenter praksisk arbeid 10 stk | L25: 400 | AG25: =I25 -> 480000 | AH25: =AG25*Tabeller!$I$35 -> 480000 | AI25: =IF(AG25>0,(AH25-400)/52*47,0) -> 433484.62 | AJ25: =AI25*Tabeller!$H$26 -> 52018.154 | AK25: =SUM(AI25:AJ25,AL25)*Tabeller!$H$28 -> 74547.09 | AL25: =AH25*Tabeller!$H$27 -> 43200 | AM25: =SUM(AI25:AL25) -> 603249.86 | AN25: =AM25+(IF(B25="Teknisk adm bistand",Registrering!$E$51,Registrering!$B$51)) -> 603249.86 | AO25: =AM25/Tabeller!$H$5 -> 370.5466 | AR25: =((K25*Budsjett!$AO25)*(Tabeller!I$37)) -> 0 | AS25: =((L25*Budsjett!$AO25)*(Tabeller!J$35)) -> 153406.29 | AT25: =((M25*Budsjett!$AO25)*(Tabeller!K$35)) -> 0 | AU25: =((N25*Budsjett!$AO25)*(Tabeller!L$35)) -> 0 | AV25: =((O25*Budsjett!$AO25)*(Tabeller!M$35)) -> 0 | AW25: =((P25*Budsjett!$AO25)*(Tabeller!N$35)) -> 0 | AX25: =((Q25*Budsjett!$AO25)*(Tabeller!O$35)) -> 0 | AY25: =((R25*Budsjett!$AO25)*(Tabeller!P$35)) -> 0 | AZ25: =((S25*Budsjett!$AO25)*(Tabeller!Q$35)) -> 0 | ... BD25: =((W25*Budsjett!$AO25)*(Tabeller!U$35)) -> 0 | BF25: =IFERROR(IF($E$83>$E$82,BU25,GS25),0) -> 0 | BG25: =IFERROR(IF($E$83>$E$82,BV25,GT25),0) -> 43993.857 | BH25: =IFERROR(IF($E$83>$E$82,BW25,GU25),0) -> 0 | BI25: =IFERROR(IF($E$83>$E$82,BX25,GV25),0) -> 0 | BJ25: =IFERROR(IF($E$83>$E$82,BY25,GW25),0) -> 0 | BK25: =IFERROR(IF($E$83>$E$82,BZ25,GX25),0) -> 0 | BL25: =IFERROR(IF($E$83>$E$82,CA25,GY25),0) -> 0 | BM25: =IFERROR(IF($E$83>$E$82,CB25,GZ25),0) -> 0 | ... BR25: =IFERROR(IF($E$83>$E$82,CG25,HE25),0) -> 0 | BU25: =IFERROR(IF($F$97=$K$96,AR25*$E$84,AR25*Budsjett!$F$97),0) -> 0 | BV25: =IFERROR(IF($F$97=$K$96,AS25*$E$84,AS25*Budsjett!$F$97),0) -> -536813.87 | BW25: =IFERROR(IF($F$97=$K$96,AT25*$E$84,AT25*Budsjett!$F$97),0) -> 0 | BX25: =IFERROR(IF($F$97=$K$96,AU25*$E$84,AU25*Budsjett!$F$97),0) -> 0 | BY25: =IFERROR(IF($F$97=$K$96,AV25*$E$84,AV25*Budsjett!$F$97),0) -> 0 | BZ25: =IFERROR(IF($F$97=$K$96,AW25*$E$84,AW25*Budsjett!$F$97),0) -> 0 | CA25: =IFERROR(IF($F$97=$K$96,AX25*$E$84,AX25*Budsjett!$F$97),0) -> 0 | CB25: =IFERROR(IF($F$97=$K$96,AY25*$E$84,AY25*Budsjett!$F$97),0) -> 0 | ... CG25: =IFERROR(IF($F$97=$K$96,BD25*$E$84,BD25*Budsjett!$F$97),0) -> 0 | CJ25: =BF25-BU25 -> 0 | CK25: =BG25-BV25 -> 580807.72 | CL25: =BH25-BW25 -> 0 | CM25: =BI25-BX25 -> 0 | CN25: =BJ25-BY25 -> 0 | CO25: =BK25-BZ25 -> 0 | CP25: =BL25-CA25 -> 0 | CQ25: =BM25-CB25 -> 0 | ... CV25: =BR25-CG25 -> 0 | CX25: =B25 -> Teknisk/adm. bistand/Feltassistent | CY25: =-(AR25*(1+Tabeller!$I$68)) -> 0 | CZ25: =-(AS25*(1+Tabeller!$I$68)) -> -191757.86 | DA25: =-(AT25*(1+Tabeller!$I$68)) -> 0 | DB25: =-(AU25*(1+Tabeller!$I$68)) -> 0 | DC25: =-(AV25*(1+Tabeller!$I$68)) -> 0 | DD25: =-(AW25*(1+Tabeller!$I$68)) -> 0 | DE25: =-(AX25*(1+Tabeller!$I$68)) -> 0 | DF25: =-(AY25*(1+Tabeller!$I$68)) -> 0 | ... DK25: =-(BD25*(1+Tabeller!$I$68)) -> 0 | DL25: =SUM(CY25:DK25) -> -191757.86 | DO25: =CX25 -> Teknisk/adm. bistand/Feltassistent | DP25: =IF($H25="NFR",CY25,0) -> 0 | DQ25: =IF($H25="NFR",CZ25,0) -> 0 | DR25: =IF($H25="NFR",DA25,0) -> 0 | DS25: =IF($H25="NFR",DB25,0) -> 0 | DT25: =IF($H25="NFR",DC25,0) -> 0 | DU25: =IF($H25="NFR",DD25,0) -> 0 | DV25: =IF($H25="NFR",DE25,0) -> 0 | DW25: =IF($H25="NFR",DF25,0) -> 0 | ... EB25: =IF($H25="NFR",DK25,0) -> 0 | EC25: =SUM(DP25:EB25) -> 0 | EE25: =DO25 -> Teknisk/adm. bistand/Feltassistent | EF25: =IF($H25=$EE$1,CY25,0) -> 0 | EG25: =IF($H25=$EE$1,CZ25,0) -> 0 | EH25: =IF($H25=$EE$1,DA25,0) -> 0 | EI25: =IF($H25=$EE$1,DB25,0) -> 0 | EJ25: =IF($H25=$EE$1,DC25,0) -> 0 | EK25: =IF($H25=$EE$1,DD25,0) -> 0 | EL25: =IF($H25=$EE$1,DE25,0) -> 0 | EM25: =IF($H25=$EE$1,DF25,0) -> 0 | ... ER25: =IF($H25=$EE$1,DK25,0) -> 0 | ES25: =SUM(EF25:ER25) -> 0 | EU25: =EE25 -> Teknisk/adm. bistand/Feltassistent | EV25: =IF($H25=$EU$1,CY25,0) -> 0 | EW25: =IF($H25=$EU$1,CZ25,0) -> 0 | EX25: =IF($H25=$EU$1,DA25,0) -> 0 | EY25: =IF($H25=$EU$1,DB25,0) -> 0 | EZ25: =IF($H25=$EU$1,DC25,0) -> 0 | FA25: =IF($H25=$EU$1,DD25,0) -> 0 | FB25: =IF($H25=$EU$1,DE25,0) -> 0 | FC25: =IF($H25=$EU$1,DF25,0) -> 0 | ... FH25: =IF($H25=$EU$1,DK25,0) -> 0 | FI25: =SUM(EV25:FH25) -> 0 | FK25: =EU25 -> Teknisk/adm. bistand/Feltassistent | FL25: =IF($H25=$FK$1,CY25,0) -> 0 | FM25: =IF($H25=$FK$1,CZ25,0) -> -191757.86 | FN25: =IF($H25=$FK$1,DA25,0) -> 0 | FO25: =IF($H25=$FK$1,DB25,0) -> 0 | FP25: =IF($H25=$FK$1,DC25,0) -> 0 | FQ25: =IF($H25=$FK$1,DD25,0) -> 0 | FR25: =IF($H25=$FK$1,DE25,0) -> 0 | FS25: =IF($H25=$FK$1,DF25,0) -> 0 | ... FX25: =IF($H25=$FK$1,DK25,0) -> 0 | FY25: =SUM(FL25:FX25) -> -191757.86 | GB25: =FK25 -> Teknisk/adm. bistand/Feltassistent | GP25: =SUM(GC25:GO25) -> 0 | GS25: =IF(Registrering!$B$29="Prosjekter som foregår i UiOs lokaler",IF($B25="Teknisk/adm. bistand/Feltassistent",K25*Tabeller!J$11,K25*Tabeller!J$10)/Tabeller!$H$5,IF($B25="Teknisk/adm. bistand/Feltassistent",K25*Tabeller!J$13,K25*Tabeller!J$12)/Tabeller!$H$5) -> 0 | GT25: =IF(Registrering!$B$29="Prosjekter som foregår i UiOs lokaler",IF($B25="Teknisk/adm. bistand/Feltassistent",L25*Tabeller!K$11,L25*Tabeller!K$10)/Tabeller!$H$5,IF($B25="Teknisk/adm. bistand/Feltassistent",L25*Tabeller!K$13,L25*Tabeller!K$12)/Tabeller!$H$5) -> 43993.857 | GU25: =IF(Registrering!$B$29="Prosjekter som foregår i UiOs lokaler",IF($B25="Teknisk/adm. bistand/Feltassistent",M25*Tabeller!L$11,M25*Tabeller!L$10)/Tabeller!$H$5,IF($B25="Teknisk/adm. bistand/Feltassistent",M25*Tabeller!L$13,M25*Tabeller!L$12)/Tabeller!$H$5) -> 0 | GV25: =IF(Registrering!$B$29="Prosjekter som foregår i UiOs lokaler",IF($B25="Teknisk/adm. bistand/Feltassistent",N25*Tabeller!M$11,N25*Tabeller!M$10)/Tabeller!$H$5,IF($B25="Teknisk/adm. bistand/Feltassistent",N25*Tabeller!M$13,N25*Tabeller!M$12)/Tabeller!$H$5) -> 0 | GW25: =IF(Registrering!$B$29="Prosjekter som foregår i UiOs lokaler",IF($B25="Teknisk/adm. bistand/Feltassistent",O25*Tabeller!N$11,O25*Tabeller!N$10)/Tabeller!$H$5,IF($B25="Teknisk/adm. bistand/Feltassistent",O25*Tabeller!N$13,O25*Tabeller!N$12)/Tabeller!$H$5) -> 0 | GX25: =IF(Registrering!$B$29="Prosjekter som foregår i UiOs lokaler",IF($B25="Teknisk/adm. bistand/Feltassistent",P25*Tabeller!O$11,P25*Tabeller!O$10)/Tabeller!$H$5,IF($B25="Teknisk/adm. bistand/Feltassistent",P25*Tabeller!O$13,P25*Tabeller!O$12)/Tabeller!$H$5) -> 0 | GY25: =IF(Registrering!$B$29="Prosjekter som foregår i UiOs lokaler",IF($B25="Teknisk/adm. bistand/Feltassistent",Q25*Tabeller!P$11,Q25*Tabeller!P$10)/Tabeller!$H$5,IF($B25="Teknisk/adm. bistand/Feltassistent",Q25*Tabeller!P$13,Q25*Tabeller!P$12)/Tabeller!$H$5) -> 0 | GZ25: =IF(Registrering!$B$29="Prosjekter som foregår i UiOs lokaler",IF($B25="Teknisk/adm. bistand/Feltassistent",R25*Tabeller!Q$11,R25*Tabeller!Q$10)/Tabeller!$H$5,IF($B25="Teknisk/adm. bistand/Feltassistent",R25*Tabeller!Q$13,R25*Tabeller!Q$12)/Tabeller!$H$5) -> 0 | ... HE25: =IF(Registrering!$B$29="Prosjekter som foregår i UiOs lokaler",IF($B25="Teknisk/adm. bistand/Feltassistent",W25*Tabeller!V$11,W25*Tabeller!V$10)/Tabeller!$H$5,IF($B25="Teknisk/adm. bistand/Feltassistent",W25*Tabeller!V$13,W25*Tabeller!V$12)/Tabeller!$H$5) -> 0
C26: =IF(Registrering!$B$28="Fast beløp",0,IF(Registrering!$B$28="Sats for ekst. fin. overhead",0,DL26)) -> 0 | D26: =SUM(AR26:BD26) -> 0 | E26: =IFERROR(SUM(BF26:BR26),0) -> 0 | F26: =SUM(D26:E26) -> 0 | G26: =SUM(K26:W26)/Tabeller!$H$5 -> 0 | AG26: =I26 -> 0 | AH26: =AG26*Tabeller!$I$35 -> 0 | AI26: =IF(AG26>0,(AH26-400)/52*47,0) -> 0 | AJ26: =AI26*Tabeller!$H$26 -> 0 | AK26: =SUM(AI26:AJ26,AL26)*Tabeller!$H$28 -> 0 | AL26: =AH26*Tabeller!$H$27 -> 0 | AM26: =SUM(AI26:AL26) -> 0 | AN26: =AM26+(IF(B26="Teknisk adm bistand",Registrering!$E$51,Registrering!$B$51)) -> 0 | AO26: =AM26/Tabeller!$H$5 -> 0 | AR26: =((K26*Budsjett!$AO26)*(Tabeller!I$37)) -> 0 | AS26: =((L26*Budsjett!$AO26)*(Tabeller!J$35)) -> 0 | AT26: =((M26*Budsjett!$AO26)*(Tabeller!K$35)) -> 0 | AU26: =((N26*Budsjett!$AO26)*(Tabeller!L$35)) -> 0 | AV26: =((O26*Budsjett!$AO26)*(Tabeller!M$35)) -> 0 | AW26: =((P26*Budsjett!$AO26)*(Tabeller!N$35)) -> 0 | AX26: =((Q26*Budsjett!$AO26)*(Tabeller!O$35)) -> 0 | AY26: =((R26*Budsjett!$AO26)*(Tabeller!P$35)) -> 0 | AZ26: =((S26*Budsjett!$AO26)*(Tabeller!Q$35)) -> 0 | ... BD26: =((W26*Budsjett!$AO26)*(Tabeller!U$35)) -> 0 | BF26: =IFERROR(IF($E$83>$E$82,BU26,GS26),0) -> 0 | BG26: =IFERROR(IF($E$83>$E$82,BV26,GT26),0) -> 0 | BH26: =IFERROR(IF($E$83>$E$82,BW26,GU26),0) -> 0 | BI26: =IFERROR(IF($E$83>$E$82,BX26,GV26),0) -> 0 | BJ26: =IFERROR(IF($E$83>$E$82,BY26,GW26),0) -> 0 | BK26: =IFERROR(IF($E$83>$E$82,BZ26,GX26),0) -> 0 | BL26: =IFERROR(IF($E$83>$E$82,CA26,GY26),0) -> 0 | BM26: =IFERROR(IF($E$83>$E$82,CB26,GZ26),0) -> 0 | ... BR26: =IFERROR(IF($E$83>$E$82,CG26,HE26),0) -> 0 | BU26: =IFERROR(IF($F$97=$K$96,AR26*$E$84,AR26*Budsjett!$F$97),0) -> 0 | BV26: =IFERROR(IF($F$97=$K$96,AS26*$E$84,AS26*Budsjett!$F$97),0) -> 0 | BW26: =IFERROR(IF($F$97=$K$96,AT26*$E$84,AT26*Budsjett!$F$97),0) -> 0 | BX26: =IFERROR(IF($F$97=$K$96,AU26*$E$84,AU26*Budsjett!$F$97),0) -> 0 | BY26: =IFERROR(IF($F$97=$K$96,AV26*$E$84,AV26*Budsjett!$F$97),0) -> 0 | BZ26: =IFERROR(IF($F$97=$K$96,AW26*$E$84,AW26*Budsjett!$F$97),0) -> 0 | CA26: =IFERROR(IF($F$97=$K$96,AX26*$E$84,AX26*Budsjett!$F$97),0) -> 0 | CB26: =IFERROR(IF($F$97=$K$96,AY26*$E$84,AY26*Budsjett!$F$97),0) -> 0 | ... CG26: =IFERROR(IF($F$97=$K$96,BD26*$E$84,BD26*Budsjett!$F$97),0) -> 0 | CJ26: =BF26-BU26 -> 0 | CK26: =BG26-BV26 -> 0 | CL26: =BH26-BW26 -> 0 | CM26: =BI26-BX26 -> 0 | CN26: =BJ26-BY26 -> 0 | CO26: =BK26-BZ26 -> 0 | CP26: =BL26-CA26 -> 0 | CQ26: =BM26-CB26 -> 0 | ... CV26: =BR26-CG26 -> 0 | CX26: =B26 -> 0 | CY26: =-(AR26*(1+Tabeller!$I$68)) -> 0 | CZ26: =-(AS26*(1+Tabeller!$I$68)) -> 0 | DA26: =-(AT26*(1+Tabeller!$I$68)) -> 0 | DB26: =-(AU26*(1+Tabeller!$I$68)) -> 0 | DC26: =-(AV26*(1+Tabeller!$I$68)) -> 0 | DD26: =-(AW26*(1+Tabeller!$I$68)) -> 0 | DE26: =-(AX26*(1+Tabeller!$I$68)) -> 0 | DF26: =-(AY26*(1+Tabeller!$I$68)) -> 0 | ... DK26: =-(BD26*(1+Tabeller!$I$68)) -> 0 | DL26: =SUM(CY26:DK26) -> 0 | DO26: =CX26 -> 0 | DP26: =IF($H26="NFR",CY26,0) -> 0 | DQ26: =IF($H26="NFR",CZ26,0) -> 0 | DR26: =IF($H26="NFR",DA26,0) -> 0 | DS26: =IF($H26="NFR",DB26,0) -> 0 | DT26: =IF($H26="NFR",DC26,0) -> 0 | DU26: =IF($H26="NFR",DD26,0) -> 0 | DV26: =IF($H26="NFR",DE26,0) -> 0 | DW26: =IF($H26="NFR",DF26,0) -> 0 | ... EB26: =IF($H26="NFR",DK26,0) -> 0 | EC26: =SUM(DP26:EB26) -> 0 | EE26: =DO26 -> 0 | EF26: =IF($H26=$EE$1,CY26,0) -> 0 | EG26: =IF($H26=$EE$1,CZ26,0) -> 0 | EH26: =IF($H26=$EE$1,DA26,0) -> 0 | EI26: =IF($H26=$EE$1,DB26,0) -> 0 | EJ26: =IF($H26=$EE$1,DC26,0) -> 0 | EK26: =IF($H26=$EE$1,DD26,0) -> 0 | EL26: =IF($H26=$EE$1,DE26,0) -> 0 | EM26: =IF($H26=$EE$1,DF26,0) -> 0 | ... ER26: =IF($H26=$EE$1,DK26,0) -> 0 | ES26: =SUM(EF26:ER26) -> 0 | EU26: =EE26 -> 0 | EV26: =IF($H26=$EU$1,CY26,0) -> 0 | EW26: =IF($H26=$EU$1,CZ26,0) -> 0 | EX26: =IF($H26=$EU$1,DA26,0) -> 0 | EY26: =IF($H26=$EU$1,DB26,0) -> 0 | EZ26: =IF($H26=$EU$1,DC26,0) -> 0 | FA26: =IF($H26=$EU$1,DD26,0) -> 0 | FB26: =IF($H26=$EU$1,DE26,0) -> 0 | FC26: =IF($H26=$EU$1,DF26,0) -> 0 | ... FH26: =IF($H26=$EU$1,DK26,0) -> 0 | FI26: =SUM(EV26:FH26) -> 0 | FK26: =EU26 -> 0 | FL26: =IF($H26=$FK$1,CY26,0) -> 0 | FM26: =IF($H26=$FK$1,CZ26,0) -> 0 | FN26: =IF($H26=$FK$1,DA26,0) -> 0 | FO26: =IF($H26=$FK$1,DB26,0) -> 0 | FP26: =IF($H26=$FK$1,DC26,0) -> 0 | FQ26: =IF($H26=$FK$1,DD26,0) -> 0 | FR26: =IF($H26=$FK$1,DE26,0) -> 0 | FS26: =IF($H26=$FK$1,DF26,0) -> 0 | ... FX26: =IF($H26=$FK$1,DK26,0) -> 0 | FY26: =SUM(FL26:FX26) -> 0 | GB26: =FK26 -> 0 | GP26: =SUM(GC26:GO26) -> 0 | GS26: =IF(Registrering!$B$29="Prosjekter som foregår i UiOs lokaler",IF($B26="Teknisk/adm. bistand/Feltassistent",K26*Tabeller!J$11,K26*Tabeller!J$10)/Tabeller!$H$5,IF($B26="Teknisk/adm. bistand/Feltassistent",K26*Tabeller!J$13,K26*Tabeller!J$12)/Tabeller!$H$5) -> 0 | GT26: =IF(Registrering!$B$29="Prosjekter som foregår i UiOs lokaler",IF($B26="Teknisk/adm. bistand/Feltassistent",L26*Tabeller!K$11,L26*Tabeller!K$10)/Tabeller!$H$5,IF($B26="Teknisk/adm. bistand/Feltassistent",L26*Tabeller!K$13,L26*Tabeller!K$12)/Tabeller!$H$5) -> 0 | GU26: =IF(Registrering!$B$29="Prosjekter som foregår i UiOs lokaler",IF($B26="Teknisk/adm. bistand/Feltassistent",M26*Tabeller!L$11,M26*Tabeller!L$10)/Tabeller!$H$5,IF($B26="Teknisk/adm. bistand/Feltassistent",M26*Tabeller!L$13,M26*Tabeller!L$12)/Tabeller!$H$5) -> 0 | GV26: =IF(Registrering!$B$29="Prosjekter som foregår i UiOs lokaler",IF($B26="Teknisk/adm. bistand/Feltassistent",N26*Tabeller!M$11,N26*Tabeller!M$10)/Tabeller!$H$5,IF($B26="Teknisk/adm. bistand/Feltassistent",N26*Tabeller!M$13,N26*Tabeller!M$12)/Tabeller!$H$5) -> 0 | GW26: =IF(Registrering!$B$29="Prosjekter som foregår i UiOs lokaler",IF($B26="Teknisk/adm. bistand/Feltassistent",O26*Tabeller!N$11,O26*Tabeller!N$10)/Tabeller!$H$5,IF($B26="Teknisk/adm. bistand/Feltassistent",O26*Tabeller!N$13,O26*Tabeller!N$12)/Tabeller!$H$5) -> 0 | GX26: =IF(Registrering!$B$29="Prosjekter som foregår i UiOs lokaler",IF($B26="Teknisk/adm. bistand/Feltassistent",P26*Tabeller!O$11,P26*Tabeller!O$10)/Tabeller!$H$5,IF($B26="Teknisk/adm. bistand/Feltassistent",P26*Tabeller!O$13,P26*Tabeller!O$12)/Tabeller!$H$5) -> 0 | GY26: =IF(Registrering!$B$29="Prosjekter som foregår i UiOs lokaler",IF($B26="Teknisk/adm. bistand/Feltassistent",Q26*Tabeller!P$11,Q26*Tabeller!P$10)/Tabeller!$H$5,IF($B26="Teknisk/adm. bistand/Feltassistent",Q26*Tabeller!P$13,Q26*Tabeller!P$12)/Tabeller!$H$5) -> 0 | GZ26: =IF(Registrering!$B$29="Prosjekter som foregår i UiOs lokaler",IF($B26="Teknisk/adm. bistand/Feltassistent",R26*Tabeller!Q$11,R26*Tabeller!Q$10)/Tabeller!$H$5,IF($B26="Teknisk/adm. bistand/Feltassistent",R26*Tabeller!Q$13,R26*Tabeller!Q$12)/Tabeller!$H$5) -> 0 | ... HE26: =IF(Registrering!$B$29="Prosjekter som foregår i UiOs lokaler",IF($B26="Teknisk/adm. bistand/Feltassistent",W26*Tabeller!V$11,W26*Tabeller!V$10)/Tabeller!$H$5,IF($B26="Teknisk/adm. bistand/Feltassistent",W26*Tabeller!V$13,W26*Tabeller!V$12)/Tabeller!$H$5) -> 0
B27: Sum timelønn | C27: =SUM(C24:C26) -> -335576.26 | D27: =SUM(D24:D26) -> 268461.01 | E27: =SUM(E24:E26) -> 76989.251 | F27: =SUM(F24:F26) -> 345450.26 | G27: =SUM(G24:G26) -> 0.42997543 | K27: =SUM(K24:K26) -> 0 | L27: =SUM(L24:L26) -> 700 | M27: =SUM(M24:M26) -> 0 | N27: =SUM(N24:N26) -> 0 | O27: =SUM(O24:O26) -> 0 | P27: =SUM(P24:P26) -> 0 | Q27: =SUM(Q24:Q26) -> 0 | R27: =SUM(R24:R26) -> 0 | ... W27: =SUM(W24:W26) -> 0 | AR27: =SUM(AR24:AR26) -> 0 | AS27: =SUM(AS24:AS26) -> 268461.01 | AT27: =SUM(AT24:AT26) -> 0 | AU27: =SUM(AU24:AU26) -> 0 | AV27: =SUM(AV24:AV26) -> 0 | AW27: =SUM(AW24:AW26) -> 0 | AX27: =SUM(AX24:AX26) -> 0 | AY27: =SUM(AY24:AY26) -> 0 | ... BD27: =SUM(BD24:BD26) -> 0 | BE27: =SUM(AR27:BD27) -> 268461.01 | BF27: =SUM(BF24:BF26) -> 0 | BG27: =SUM(BG24:BG26) -> 76989.251 | BH27: =SUM(BH24:BH26) -> 0 | BI27: =SUM(BI24:BI26) -> 0 | BJ27: =SUM(BJ24:BJ26) -> 0 | BK27: =SUM(BK24:BK26) -> 0 | BL27: =SUM(BL24:BL26) -> 0 | BM27: =SUM(BM24:BM26) -> 0 | ... BR27: =SUM(BR24:BR26) -> 0 | BS27: =SUM(BF27:BR27) -> 76989.251 | BU27: =SUM(BU24:BU26) -> 0 | BV27: =SUM(BV24:BV26) -> -939424.27 | BW27: =SUM(BW24:BW26) -> 0 | BX27: =SUM(BX24:BX26) -> 0 | BY27: =SUM(BY24:BY26) -> 0 | BZ27: =SUM(BZ24:BZ26) -> 0 | CA27: =SUM(CA24:CA26) -> 0 | CB27: =SUM(CB24:CB26) -> 0 | ... CG27: =SUM(CG24:CG26) -> 0 | CJ27: =SUM(CJ24:CJ26) -> 0 | CK27: =SUM(CK24:CK26) -> 1016413.5 | CL27: =SUM(CL24:CL26) -> 0 | CM27: =SUM(CM24:CM26) -> 0 | CN27: =SUM(CN24:CN26) -> 0 | CO27: =SUM(CO24:CO26) -> 0 | CP27: =SUM(CP24:CP26) -> 0 | CQ27: =SUM(CQ24:CQ26) -> 0 | ... CV27: =SUM(CV24:CV26) -> 0 | CY27: =SUM(CY24:CY26) -> 0 | CZ27: =SUM(CZ24:CZ26) -> -335576.26 | DA27: =SUM(DA24:DA26) -> 0 | DB27: =SUM(DB24:DB26) -> 0 | DC27: =SUM(DC24:DC26) -> 0 | DD27: =SUM(DD24:DD26) -> 0 | DE27: =SUM(DE24:DE26) -> 0 | DF27: =SUM(DF24:DF26) -> 0 | ... DL27: =SUM(DL24:DL26) -> -335576.26 | DP27: =SUM(DP24:DP26) -> 0 | DQ27: =SUM(DQ24:DQ26) -> 0 | DR27: =SUM(DR24:DR26) -> 0 | DS27: =SUM(DS24:DS26) -> 0 | DT27: =SUM(DT24:DT26) -> 0 | DU27: =SUM(DU24:DU26) -> 0 | DV27: =SUM(DV24:DV26) -> 0 | DW27: =SUM(DW24:DW26) -> 0 | ... EC27: =SUM(EC24:EC26) -> 0 | EE27: =DO27 -> 0 | EF27: =SUM(EF24:EF26) -> 0 | EG27: =SUM(EG24:EG26) -> 0 | EH27: =SUM(EH24:EH26) -> 0 | EI27: =SUM(EI24:EI26) -> 0 | EJ27: =SUM(EJ24:EJ26) -> 0 | EK27: =SUM(EK24:EK26) -> 0 | EL27: =SUM(EL24:EL26) -> 0 | EM27: =SUM(EM24:EM26) -> 0 | ... ES27: =SUM(ES24:ES26) -> 0 | EU27: =EE27 -> 0 | EV27: =SUM(EV24:EV26) -> 0 | EW27: =SUM(EW24:EW26) -> 0 | EX27: =SUM(EX24:EX26) -> 0 | EY27: =SUM(EY24:EY26) -> 0 | EZ27: =SUM(EZ24:EZ26) -> 0 | FA27: =SUM(FA24:FA26) -> 0 | FB27: =SUM(FB24:FB26) -> 0 | FC27: =SUM(FC24:FC26) -> 0 | ... FI27: =SUM(FI24:FI26) -> 0 | FK27: =EU27 -> 0 | FL27: =SUM(FL24:FL26) -> 0 | FM27: =SUM(FM24:FM26) -> -335576.26 | FN27: =SUM(FN24:FN26) -> 0 | FO27: =SUM(FO24:FO26) -> 0 | FP27: =SUM(FP24:FP26) -> 0 | FQ27: =SUM(FQ24:FQ26) -> 0 | FR27: =SUM(FR24:FR26) -> 0 | FS27: =SUM(FS24:FS26) -> 0 | ... FY27: =SUM(FY24:FY26) -> -335576.26 | GB27: =FK27 -> 0 | GC27: =SUM(GC24:GC26) -> 0 | GD27: =SUM(GD24:GD26) -> 0 | GE27: =SUM(GE24:GE26) -> 0 | GF27: =SUM(GF24:GF26) -> 0 | GG27: =SUM(GG24:GG26) -> 0 | GH27: =SUM(GH24:GH26) -> 0 | GI27: =SUM(GI24:GI26) -> 0 | GJ27: =SUM(GJ24:GJ26) -> 0 | ... GP27: =SUM(GP24:GP26) -> 0 | GS27: =SUM(GS24:GS26) -> 0 | GT27: =SUM(GT24:GT26) -> 76989.251 | GU27: =SUM(GU24:GU26) -> 0 | GV27: =SUM(GV24:GV26) -> 0 | GW27: =SUM(GW24:GW26) -> 0 | GX27: =SUM(GX24:GX26) -> 0 | GY27: =SUM(GY24:GY26) -> 0 | GZ27: =SUM(GZ24:GZ26) -> 0 | ... HE27: =SUM(HE24:HE26) -> 0
B29: Total arbeidsinnsats | C29: =C21+C14+C8+C27 -> -850045.75 | D29: =D21+D14+D8+D27 -> 704309.42 | E29: =E21+E14+E8+E27 -> 202017.25 | F29: =F21+F14+F8+F27 -> 906326.67 | G29: =G8+G21+G14+G27 -> 0.92997543 | K29: =(K8/12)+K21+K14+(K27/Tabeller!$H$5) -> 0 | L29: =(L8/12)+L21+L14+(L27/Tabeller!$H$5) -> 0.92997543 | M29: =(M8/12)+M21+M14+(M27/Tabeller!$H$5) -> 0 | N29: =(N8/12)+N21+N14+(N27/Tabeller!$H$5) -> 0 | O29: =(O8/12)+O21+O14+(O27/Tabeller!$H$5) -> 0 | P29: =(P8/12)+P21+P14+(P27/Tabeller!$H$5) -> 0 | Q29: =(Q8/12)+Q21+Q14+(Q27/Tabeller!$H$5) -> 0 | R29: =(R8/12)+R21+R14+(R27/Tabeller!$H$5) -> 0 | ... W29: =(W8/12)+W21+W14+(W27/Tabeller!$H$5) -> 0 | AR29: =AR21+AR14+AR8+AR27 -> 0 | AS29: =AS21+AS14+AS8+AS27 -> 704309.42 | AT29: =AT21+AT14+AT8+AT27 -> 0 | AU29: =AU21+AU14+AU8+AU27 -> 0 | AV29: =AV21+AV14+AV8+AV27 -> 0 | AW29: =AW21+AW14+AW8+AW27 -> 0 | AX29: =AX21+AX14+AX8+AX27 -> 0 | AY29: =AY21+AY14+AY8+AY27 -> 0 | ... BD29: =BD21+BD14+BD8+BD27 -> 0 | BE29: =SUM(AR29:BD29) -> 704309.42 | BF29: =BF21+BF14+BF8+BF27 -> 0 | BG29: =BG21+BG14+BG8+BG27 -> 202017.25 | BH29: =BH21+BH14+BH8+BH27 -> 0 | BI29: =BI21+BI14+BI8+BI27 -> 0 | BJ29: =BJ21+BJ14+BJ8+BJ27 -> 0 | BK29: =BK21+BK14+BK8+BK27 -> 0 | BL29: =BL21+BL14+BL8+BL27 -> 0 | BM29: =BM21+BM14+BM8+BM27 -> 0 | ... BR29: =BR21+BR14+BR8+BR27 -> 0 | BS29: =SUM(BF29:BR29) -> 202017.25 | BU29: =BU21+BU14+BU8+BU27 -> 0 | BV29: =BV21+BV14+BV8+BV27 -> -2464586.4 | BW29: =BW21+BW14+BW8+BW27 -> 0 | BX29: =BX21+BX14+BX8+BX27 -> 0 | BY29: =BY21+BY14+BY8+BY27 -> 0 | BZ29: =BZ21+BZ14+BZ8+BZ27 -> 0 | CA29: =CA21+CA14+CA8+CA27 -> 0 | CB29: =CB21+CB14+CB8+CB27 -> 0 | ... CG29: =CG21+CG14+CG8+CG27 -> 0 | CH29: =SUM(BU29:CG29) -> -2464586.4 | CJ29: =CJ21+CJ14+CJ8+CJ27 -> 0 | CK29: =CK21+CK14+CK8+CK27 -> 2666603.7 | CL29: =CL21+CL14+CL8+CL27 -> 0 | CM29: =CM21+CM14+CM8+CM27 -> 0 | CN29: =CN21+CN14+CN8+CN27 -> 0 | CO29: =CO21+CO14+CO8+CO27 -> 0 | CP29: =CP21+CP14+CP8+CP27 -> 0 | CQ29: =CQ21+CQ14+CQ8+CQ27 -> 0 | ... CV29: =CV21+CV14+CV8+CV27 -> 0 | CY29: =CY21+CY14+CY8+CY27 -> 0 | CZ29: =CZ21+CZ14+CZ8+CZ27 -> -850045.75 | DA29: =DA21+DA14+DA8+DA27 -> 0 | DB29: =DB21+DB14+DB8+DB27 -> 0 | DC29: =DC21+DC14+DC8+DC27 -> 0 | DD29: =DD21+DD14+DD8+DD27 -> 0 | DE29: =DE21+DE14+DE8+DE27 -> 0 | DF29: =DF21+DF14+DF8+DF27 -> 0 | ... DL29: =DL21+DL14+DL8+DL27 -> -850045.75 | DP29: =DP21+DP14+DP8+DP27 -> 0 | DQ29: =DQ21+DQ14+DQ8+DQ27 -> 0 | DR29: =DR21+DR14+DR8+DR27 -> 0 | DS29: =DS21+DS14+DS8+DS27 -> 0 | DT29: =DT21+DT14+DT8+DT27 -> 0 | DU29: =DU21+DU14+DU8+DU27 -> 0 | DV29: =DV21+DV14+DV8+DV27 -> 0 | DW29: =DW21+DW14+DW8+DW27 -> 0 | ... EC29: =EC21+EC14+EC8+EC27 -> 0 | EE29: =DO29 -> 0 | EF29: =EF21+EF14+EF8+EF27 -> 0 | EG29: =EG21+EG14+EG8+EG27 -> 0 | EH29: =EH21+EH14+EH8+EH27 -> 0 | EI29: =EI21+EI14+EI8+EI27 -> 0 | EJ29: =EJ21+EJ14+EJ8+EJ27 -> 0 | EK29: =EK21+EK14+EK8+EK27 -> 0 | EL29: =EL21+EL14+EL8+EL27 -> 0 | EM29: =EM21+EM14+EM8+EM27 -> 0 | ... ES29: =ES21+ES14+ES8+ES27 -> 0 | EU29: =EE29 -> 0 | EV29: =EV21+EV14+EV8+EV27 -> 0 | EW29: =EW21+EW14+EW8+EW27 -> 0 | EX29: =EX21+EX14+EX8+EX27 -> 0 | EY29: =EY21+EY14+EY8+EY27 -> 0 | EZ29: =EZ21+EZ14+EZ8+EZ27 -> 0 | FA29: =FA21+FA14+FA8+FA27 -> 0 | FB29: =FB21+FB14+FB8+FB27 -> 0 | FC29: =FC21+FC14+FC8+FC27 -> 0 | ... FI29: =FI21+FI14+FI8+FI27 -> 0 | FK29: =EU29 -> 0 | FL29: =FL21+FL14+FL8+FL27 -> 0 | FM29: =FM21+FM14+FM8+FM27 -> -850045.75 | FN29: =FN21+FN14+FN8+FN27 -> 0 | FO29: =FO21+FO14+FO8+FO27 -> 0 | FP29: =FP21+FP14+FP8+FP27 -> 0 | FQ29: =FQ21+FQ14+FQ8+FQ27 -> 0 | FR29: =FR21+FR14+FR8+FR27 -> 0 | FS29: =FS21+FS14+FS8+FS27 -> 0 | ... FY29: =FY21+FY14+FY8+FY27 -> -850045.75 | GB29: =FK29 -> 0 | GC29: =GC21+GC14+GC8+GC27 -> 0 | GD29: =GD21+GD14+GD8+GD27 -> 0 | GE29: =GE21+GE14+GE8+GE27 -> 0 | GF29: =GF21+GF14+GF8+GF27 -> 0 | GG29: =GG21+GG14+GG8+GG27 -> 0 | GH29: =GH21+GH14+GH8+GH27 -> 0 | GI29: =GI21+GI14+GI8+GI27 -> 0 | GJ29: =GJ21+GJ14+GJ8+GJ27 -> 0 | ... GP29: =GP21+GP14+GP8+GP27 -> 0 | GS29: =GS21+GS14+GS8+GS27 -> 0 | GT29: =GT21+GT14+GT8+GT27 -> 202017.25 | GU29: =GU21+GU14+GU8+GU27 -> 0 | GV29: =GV21+GV14+GV8+GV27 -> 0 | GW29: =GW21+GW14+GW8+GW27 -> 0 | GX29: =GX21+GX14+GX8+GX27 -> 0 | GY29: =GY21+GY14+GY8+GY27 -> 0 | GZ29: =GZ21+GZ14+GZ8+GZ27 -> 0 | ... HE29: =HE21+HE14+HE8+HE27 -> 0
K30: STIPENDER | EE30: =DO30 -> 0 | EU30: =EE30 -> 0 | FK30: =EU30 -> 0 | GB30: =FK30 -> 0
B31: Stipender | C31: Inntekter | D31: Sats | F31: Totalt | G31: Antall måneder | H31: Finansiør | J31: Kommentarfelt | K31: =K23 -> 1 | L31: =L23 -> 2 | M31: =M23 -> 3 | N31: =N23 -> 4 | O31: =O23 -> 5 | P31: =P23 -> 6 | Q31: =Q23 -> 7 | R31: =R23 -> 8 | ... W31: =W23 -> 13 | AJ31: Det i gult låg med link | AR31: =K31 -> 1 | AS31: =L31 -> 2 | AT31: =M31 -> 3 | AU31: =N31 -> 4 | AV31: =O31 -> 5 | AW31: =P31 -> 6 | AX31: =Q31 -> 7 | AY31: =R31 -> 8 | ... BD31: =W31 -> 13 | CY31: =CY23 -> 1 | CZ31: =CZ23 -> 2 | DA31: =DA23 -> 3 | DB31: =DB23 -> 4 | DC31: =DC23 -> 5 | DD31: =DD23 -> 6 | DE31: =DE23 -> 7 | DF31: =DF23 -> 8 | ... DK31: =DK23 -> 13 | DL31: Totalt | DP31: =DP23 -> 1 | DQ31: =DQ23 -> 2 | DR31: =DR23 -> 3 | DS31: =DS23 -> 4 | DT31: =DT23 -> 5 | DU31: =DU23 -> 6 | DV31: =DV23 -> 7 | DW31: =DW23 -> 8 | ... EB31: =EB23 -> 13 | EC31: Totalt | EE31: =DO31 -> 0 | EF31: =EF23 -> 1 | EG31: =EG23 -> 2 | EH31: =EH23 -> 3 | EI31: =EI23 -> 4 | EJ31: =EJ23 -> 5 | EK31: =EK23 -> 6 | EL31: =EL23 -> 7 | EM31: =EM23 -> 8 | ... ES31: =ES23 -> Totalt | EU31: =EE31 -> 0 | EV31: =EV23 -> 1 | EW31: =EW23 -> 2 | EX31: =EX23 -> 3 | EY31: =EY23 -> 4 | EZ31: =EZ23 -> 5 | FA31: =FA23 -> 6 | FB31: =FB23 -> 7 | FC31: =FC23 -> 8 | ... FI31: =FI23 -> Totalt | FK31: =EU31 -> 0 | FL31: =FL23 -> 1 | FM31: =FM23 -> 2 | FN31: =FN23 -> 3 | FO31: =FO23 -> 4 | FP31: =FP23 -> 5 | FQ31: =FQ23 -> 6 | FR31: =FR23 -> 7 | FS31: =FS23 -> 8 | ... FY31: =FY23 -> Totalt | GB31: =FK31 -> 0 | GC31: =GC23 -> 1 | GD31: =GD23 -> 2 | GE31: =GE23 -> 3 | GF31: =GF23 -> 4 | GG31: =GG23 -> 5 | GH31: =GH23 -> 6 | GI31: =GI23 -> 7 | GJ31: =GJ23 -> 8 | ... GP31: =GP23 -> Totalt
C32: =DL32 -> 0 | D32: =IF(B32="",0,VLOOKUP(B32,Tabeller!$G$63:$I$67,3,FALSE)) -> 0 | F32: =IF(C32=0,0,G32*D32) -> 0 | G32: =SUM(K32:W32) -> 0 | AJ32: til feil lønnsmultiplikator | AR32: =K32*$D32 -> 0 | AS32: =L32*$D32 -> 0 | AT32: =M32*$D32 -> 0 | AU32: =N32*$D32 -> 0 | AV32: =O32*$D32 -> 0 | AW32: =P32*$D32 -> 0 | AX32: =Q32*$D32 -> 0 | AY32: =R32*$D32 -> 0 | ... BD32: =W32*$D32 -> 0 | CX32: =B32 -> 0 | CY32: =-AR32 -> 0 | CZ32: =-AS32 -> 0 | DA32: =-AT32 -> 0 | DB32: =-AU32 -> 0 | DC32: =-AV32 -> 0 | DD32: =-AW32 -> 0 | DE32: =-AX32 -> 0 | DF32: =-AY32 -> 0 | ... DK32: =-BD32 -> 0 | DL32: =SUM(CY32:DK32) -> 0 | DO32: =CX32 -> 0 | DP32: =IF($H32="NFR",CY32,0) -> 0 | DQ32: =IF($H32="NFR",CZ32,0) -> 0 | DR32: =IF($H32="NFR",DA32,0) -> 0 | DS32: =IF($H32="NFR",DB32,0) -> 0 | DT32: =IF($H32="NFR",DC32,0) -> 0 | DU32: =IF($H32="NFR",DD32,0) -> 0 | DV32: =IF($H32="NFR",DE32,0) -> 0 | DW32: =IF($H32="NFR",DF32,0) -> 0 | ... EB32: =IF($H32="NFR",DK32,0) -> 0 | EC32: =SUM(DP32:EB32) -> 0 | EE32: =DO32 -> 0 | EF32: =IF($H32=$EE$1,CY32,0) -> 0 | EG32: =IF($H32=$EE$1,CZ32,0) -> 0 | EH32: =IF($H32=$EE$1,DA32,0) -> 0 | EI32: =IF($H32=$EE$1,DB32,0) -> 0 | EJ32: =IF($H32=$EE$1,DC32,0) -> 0 | EK32: =IF($H32=$EE$1,DD32,0) -> 0 | EL32: =IF($H32=$EE$1,DE32,0) -> 0 | EM32: =IF($H32=$EE$1,DF32,0) -> 0 | ... ER32: =IF($H32=$EE$1,DK32,0) -> 0 | ES32: =SUM(EF32:ER32) -> 0 | EU32: =EE32 -> 0 | EV32: =IF($H32=$EU$1,CY32,0) -> 0 | EW32: =IF($H32=$EU$1,CZ32,0) -> 0 | EX32: =IF($H32=$EU$1,DA32,0) -> 0 | EY32: =IF($H32=$EU$1,DB32,0) -> 0 | EZ32: =IF($H32=$EU$1,DC32,0) -> 0 | FA32: =IF($H32=$EU$1,DD32,0) -> 0 | FB32: =IF($H32=$EU$1,DE32,0) -> 0 | FC32: =IF($H32=$EU$1,DF32,0) -> 0 | ... FH32: =IF($H32=$EU$1,DK32,0) -> 0 | FI32: =SUM(EV32:FH32) -> 0 | FK32: =EU32 -> 0 | FL32: =IF($H32=$FK$1,CY32,0) -> 0 | FM32: =IF($H32=$FK$1,CZ32,0) -> 0 | FN32: =IF($H32=$FK$1,DA32,0) -> 0 | FO32: =IF($H32=$FK$1,DB32,0) -> 0 | FP32: =IF($H32=$FK$1,DC32,0) -> 0 | FQ32: =IF($H32=$FK$1,DD32,0) -> 0 | FR32: =IF($H32=$FK$1,DE32,0) -> 0 | FS32: =IF($H32=$FK$1,DF32,0) -> 0 | ... FX32: =IF($H32=$FK$1,DK32,0) -> 0 | FY32: =SUM(FL32:FX32) -> 0 | GB32: =FK32 -> 0 | GP32: =SUM(GC32:GO32) -> 0
C33: =DL33 -> 0 | D33: =IF(B33="",0,VLOOKUP(B33,Tabeller!$G$63:$I$67,3,FALSE)) -> 0 | F33: =IF(C33=0,0,G33*D33) -> 0 | G33: =SUM(K33:W33) -> 0 | AR33: =K33*$D33 -> 0 | AS33: =L33*$D33 -> 0 | AT33: =M33*$D33 -> 0 | AU33: =N33*$D33 -> 0 | AV33: =O33*$D33 -> 0 | AW33: =P33*$D33 -> 0 | AX33: =Q33*$D33 -> 0 | AY33: =R33*$D33 -> 0 | ... BD33: =W33*$D33 -> 0 | CX33: =B33 -> 0 | CY33: =-AR33 -> 0 | CZ33: =-AS33 -> 0 | DA33: =-AT33 -> 0 | DB33: =-AU33 -> 0 | DC33: =-AV33 -> 0 | DD33: =-AW33 -> 0 | DE33: =-AX33 -> 0 | DF33: =-AY33 -> 0 | ... DK33: =-BD33 -> 0 | DL33: =SUM(CY33:DK33) -> 0 | DO33: =CX33 -> 0 | DP33: =IF($H33="NFR",CY33,0) -> 0 | DQ33: =IF($H33="NFR",CZ33,0) -> 0 | DR33: =IF($H33="NFR",DA33,0) -> 0 | DS33: =IF($H33="NFR",DB33,0) -> 0 | DT33: =IF($H33="NFR",DC33,0) -> 0 | DU33: =IF($H33="NFR",DD33,0) -> 0 | DV33: =IF($H33="NFR",DE33,0) -> 0 | DW33: =IF($H33="NFR",DF33,0) -> 0 | ... EB33: =IF($H33="NFR",DK33,0) -> 0 | EC33: =SUM(DP33:EB33) -> 0 | EE33: =DO33 -> 0 | EF33: =IF($H33=$EE$1,CY33,0) -> 0 | EG33: =IF($H33=$EE$1,CZ33,0) -> 0 | EH33: =IF($H33=$EE$1,DA33,0) -> 0 | EI33: =IF($H33=$EE$1,DB33,0) -> 0 | EJ33: =IF($H33=$EE$1,DC33,0) -> 0 | EK33: =IF($H33=$EE$1,DD33,0) -> 0 | EL33: =IF($H33=$EE$1,DE33,0) -> 0 | EM33: =IF($H33=$EE$1,DF33,0) -> 0 | ... ER33: =IF($H33=$EE$1,DK33,0) -> 0 | ES33: =SUM(EF33:ER33) -> 0 | EU33: =EE33 -> 0 | EV33: =IF($H33=$EU$1,CY33,0) -> 0 | EW33: =IF($H33=$EU$1,CZ33,0) -> 0 | EX33: =IF($H33=$EU$1,DA33,0) -> 0 | EY33: =IF($H33=$EU$1,DB33,0) -> 0 | EZ33: =IF($H33=$EU$1,DC33,0) -> 0 | FA33: =IF($H33=$EU$1,DD33,0) -> 0 | FB33: =IF($H33=$EU$1,DE33,0) -> 0 | FC33: =IF($H33=$EU$1,DF33,0) -> 0 | ... FH33: =IF($H33=$EU$1,DK33,0) -> 0 | FI33: =SUM(EV33:FH33) -> 0 | FK33: =EU33 -> 0 | FL33: =IF($H33=$FK$1,CY33,0) -> 0 | FM33: =IF($H33=$FK$1,CZ33,0) -> 0 | FN33: =IF($H33=$FK$1,DA33,0) -> 0 | FO33: =IF($H33=$FK$1,DB33,0) -> 0 | FP33: =IF($H33=$FK$1,DC33,0) -> 0 | FQ33: =IF($H33=$FK$1,DD33,0) -> 0 | FR33: =IF($H33=$FK$1,DE33,0) -> 0 | FS33: =IF($H33=$FK$1,DF33,0) -> 0 | ... FX33: =IF($H33=$FK$1,DK33,0) -> 0 | FY33: =SUM(FL33:FX33) -> 0 | GB33: =FK33 -> 0 | GP33: =SUM(GC33:GO33) -> 0
C34: =DL34 -> 0 | D34: =IF(B34="",0,VLOOKUP(B34,Tabeller!$G$63:$I$67,3,FALSE)) -> 0 | F34: =IF(C34=0,0,G34*D34) -> 0 | G34: =SUM(K34:W34) -> 0 | AJ34: Lønnsmultiplikator i Tabeller er lagt inn | AR34: =K34*$D34 -> 0 | AS34: =L34*$D34 -> 0 | AT34: =M34*$D34 -> 0 | AU34: =N34*$D34 -> 0 | AV34: =O34*$D34 -> 0 | AW34: =P34*$D34 -> 0 | AX34: =Q34*$D34 -> 0 | AY34: =R34*$D34 -> 0 | ... BD34: =W34*$D34 -> 0 | CX34: =B34 -> 0 | CY34: =-AR34 -> 0 | CZ34: =-AS34 -> 0 | DA34: =-AT34 -> 0 | DB34: =-AU34 -> 0 | DC34: =-AV34 -> 0 | DD34: =-AW34 -> 0 | DE34: =-AX34 -> 0 | DF34: =-AY34 -> 0 | ... DK34: =-BD34 -> 0 | DL34: =SUM(CY34:DK34) -> 0 | DO34: =CX34 -> 0 | DP34: =IF($H34="NFR",CY34,0) -> 0 | DQ34: =IF($H34="NFR",CZ34,0) -> 0 | DR34: =IF($H34="NFR",DA34,0) -> 0 | DS34: =IF($H34="NFR",DB34,0) -> 0 | DT34: =IF($H34="NFR",DC34,0) -> 0 | DU34: =IF($H34="NFR",DD34,0) -> 0 | DV34: =IF($H34="NFR",DE34,0) -> 0 | DW34: =IF($H34="NFR",DF34,0) -> 0 | ... EB34: =IF($H34="NFR",DK34,0) -> 0 | EC34: =SUM(DP34:EB34) -> 0 | EE34: =DO34 -> 0 | EF34: =IF($H34=$EE$1,CY34,0) -> 0 | EG34: =IF($H34=$EE$1,CZ34,0) -> 0 | EH34: =IF($H34=$EE$1,DA34,0) -> 0 | EI34: =IF($H34=$EE$1,DB34,0) -> 0 | EJ34: =IF($H34=$EE$1,DC34,0) -> 0 | EK34: =IF($H34=$EE$1,DD34,0) -> 0 | EL34: =IF($H34=$EE$1,DE34,0) -> 0 | EM34: =IF($H34=$EE$1,DF34,0) -> 0 | ... ER34: =IF($H34=$EE$1,DK34,0) -> 0 | ES34: =SUM(EF34:ER34) -> 0 | EU34: =EE34 -> 0 | EV34: =IF($H34=$EU$1,CY34,0) -> 0 | EW34: =IF($H34=$EU$1,CZ34,0) -> 0 | EX34: =IF($H34=$EU$1,DA34,0) -> 0 | EY34: =IF($H34=$EU$1,DB34,0) -> 0 | EZ34: =IF($H34=$EU$1,DC34,0) -> 0 | FA34: =IF($H34=$EU$1,DD34,0) -> 0 | FB34: =IF($H34=$EU$1,DE34,0) -> 0 | FC34: =IF($H34=$EU$1,DF34,0) -> 0 | ... FH34: =IF($H34=$EU$1,DK34,0) -> 0 | FI34: =SUM(EV34:FH34) -> 0 | FK34: =EU34 -> 0 | FL34: =IF($H34=$FK$1,CY34,0) -> 0 | FM34: =IF($H34=$FK$1,CZ34,0) -> 0 | FN34: =IF($H34=$FK$1,DA34,0) -> 0 | FO34: =IF($H34=$FK$1,DB34,0) -> 0 | FP34: =IF($H34=$FK$1,DC34,0) -> 0 | FQ34: =IF($H34=$FK$1,DD34,0) -> 0 | FR34: =IF($H34=$FK$1,DE34,0) -> 0 | FS34: =IF($H34=$FK$1,DF34,0) -> 0 | ... FX34: =IF($H34=$FK$1,DK34,0) -> 0 | FY34: =SUM(FL34:FX34) -> 0 | GB34: =FK34 -> 0 | GP34: =SUM(GC34:GO34) -> 0
B35: Sum stipender | C35: =SUM(C32:C34) -> 0 | D35: =SUM(D32:D34) -> 0 | F35: =SUM(F32:F34) -> 0 | G35: =SUM(G32:G34) -> 0 | K35: =SUM(K32:K34) -> 0 | L35: =SUM(L32:L34) -> 0 | M35: =SUM(M32:M34) -> 0 | N35: =SUM(N32:N34) -> 0 | O35: =SUM(O32:O34) -> 0 | P35: =SUM(P32:P34) -> 0 | Q35: =SUM(Q32:Q34) -> 0 | R35: =SUM(R32:R34) -> 0 | ... W35: =SUM(W32:W34) -> 0 | AJ35: med for få desimaler | AR35: =SUM(AR32:AR34) -> 0 | AS35: =SUM(AS32:AS34) -> 0 | AT35: =SUM(AT32:AT34) -> 0 | AU35: =SUM(AU32:AU34) -> 0 | AV35: =SUM(AV32:AV34) -> 0 | AW35: =SUM(AW32:AW34) -> 0 | AX35: =SUM(AX32:AX34) -> 0 | AY35: =SUM(AY32:AY34) -> 0 | ... BD35: =SUM(BD32:BD34) -> 0 | CY35: =SUM(CY32:CY34) -> 0 | CZ35: =SUM(CZ32:CZ34) -> 0 | DA35: =SUM(DA32:DA34) -> 0 | DB35: =SUM(DB32:DB34) -> 0 | DC35: =SUM(DC32:DC34) -> 0 | DD35: =SUM(DD32:DD34) -> 0 | DE35: =SUM(DE32:DE34) -> 0 | DF35: =SUM(DF32:DF34) -> 0 | ... DL35: =SUM(DL32:DL34) -> 0 | DP35: =SUM(DP32:DP34) -> 0 | DQ35: =SUM(DQ32:DQ34) -> 0 | DR35: =SUM(DR32:DR34) -> 0 | DS35: =SUM(DS32:DS34) -> 0 | DT35: =SUM(DT32:DT34) -> 0 | DU35: =SUM(DU32:DU34) -> 0 | DV35: =SUM(DV32:DV34) -> 0 | DW35: =SUM(DW32:DW34) -> 0 | ... EC35: =SUM(EC32:EC34) -> 0 | EE35: =DO35 -> 0 | EF35: =SUM(EF32:EF34) -> 0 | EG35: =SUM(EG32:EG34) -> 0 | EH35: =SUM(EH32:EH34) -> 0 | EI35: =SUM(EI32:EI34) -> 0 | EJ35: =SUM(EJ32:EJ34) -> 0 | EK35: =SUM(EK32:EK34) -> 0 | EL35: =SUM(EL32:EL34) -> 0 | EM35: =SUM(EM32:EM34) -> 0 | ... ES35: =SUM(ES32:ES34) -> 0 | EU35: =EE35 -> 0 | EV35: =SUM(EV32:EV34) -> 0 | EW35: =SUM(EW32:EW34) -> 0 | EX35: =SUM(EX32:EX34) -> 0 | EY35: =SUM(EY32:EY34) -> 0 | EZ35: =SUM(EZ32:EZ34) -> 0 | FA35: =SUM(FA32:FA34) -> 0 | FB35: =SUM(FB32:FB34) -> 0 | FC35: =SUM(FC32:FC34) -> 0 | ... FH35: =SUM(FH32:FH34) -> 0 | FI35: =SUM(EV35:FH35) -> 0 | FK35: =EU35 -> 0 | FL35: =SUM(FL32:FL34) -> 0 | FM35: =SUM(FM32:FM34) -> 0 | FN35: =SUM(FN32:FN34) -> 0 | FO35: =SUM(FO32:FO34) -> 0 | FP35: =SUM(FP32:FP34) -> 0 | FQ35: =SUM(FQ32:FQ34) -> 0 | FR35: =SUM(FR32:FR34) -> 0 | FS35: =SUM(FS32:FS34) -> 0 | ... FX35: =SUM(FX32:FX34) -> 0 | FY35: =SUM(FL35:FX35) -> 0 | GB35: =FK35 -> 0 | GC35: =SUM(GC32:GC34) -> 0 | GD35: =SUM(GD32:GD34) -> 0 | GE35: =SUM(GE32:GE34) -> 0 | GF35: =SUM(GF32:GF34) -> 0 | GG35: =SUM(GG32:GG34) -> 0 | GH35: =SUM(GH32:GH34) -> 0 | GI35: =SUM(GI32:GI34) -> 0 | GJ35: =SUM(GJ32:GJ34) -> 0 | ... GP35: =SUM(GP32:GP34) -> 0
EE36: =DO36 -> 0 | EU36: =EE36 -> 0 | FK36: =EU36 -> 0 | GB36: =FK36 -> 0
B37: Drift | C37: Inntekter | F37: Totalt | H37: Finansiør | J37: Kommentarfelt | K37: =K31 -> 1 | L37: =L31 -> 2 | M37: =M31 -> 3 | N37: =N31 -> 4 | O37: =O31 -> 5 | P37: =P31 -> 6 | Q37: =Q31 -> 7 | R37: =R31 -> 8 | ... W37: =W31 -> 13 | AR37: =K37 -> 1 | AS37: =L37 -> 2 | AT37: =M37 -> 3 | AU37: =N37 -> 4 | AV37: =O37 -> 5 | AW37: =P37 -> 6 | AX37: =Q37 -> 7 | AY37: =R37 -> 8 | ... BD37: =W37 -> 13 | CY37: =AR37 -> 1 | CZ37: =AS37 -> 2 | DA37: =AT37 -> 3 | DB37: =AU37 -> 4 | DC37: =AV37 -> 5 | DD37: =AW37 -> 6 | DE37: =AX37 -> 7 | DF37: =AY37 -> 8 | ... DK37: =BD37 -> 13 | DL37: Totalt | DP37: =AR37 -> 1 | DQ37: =AS37 -> 2 | DR37: =AT37 -> 3 | DS37: =AU37 -> 4 | DT37: =AV37 -> 5 | DU37: =AW37 -> 6 | DV37: =AX37 -> 7 | DW37: =AY37 -> 8 | ... EB37: =BD37 -> 13 | EC37: =EC3 -> Totalt | EE37: =DO37 -> 0 | EF37: =EF31 -> 1 | EG37: =EG31 -> 2 | EH37: =EH31 -> 3 | EI37: =EI31 -> 4 | EJ37: =EJ31 -> 5 | EK37: =EK31 -> 6 | EL37: =EL31 -> 7 | EM37: =EM31 -> 8 | ... ES37: =ES31 -> Totalt | EU37: =EE37 -> 0 | EV37: =EV31 -> 1 | EW37: =EW31 -> 2 | EX37: =EX31 -> 3 | EY37: =EY31 -> 4 | EZ37: =EZ31 -> 5 | FA37: =FA31 -> 6 | FB37: =FB31 -> 7 | FC37: =FC31 -> 8 | ... FI37: =FI31 -> Totalt | FK37: =EU37 -> 0 | FL37: =FL31 -> 1 | FM37: =FM31 -> 2 | FN37: =FN31 -> 3 | FO37: =FO31 -> 4 | FP37: =FP31 -> 5 | FQ37: =FQ31 -> 6 | FR37: =FR31 -> 7 | FS37: =FS31 -> 8 | ... FY37: =FY31 -> Totalt | GB37: =FK37 -> 0 | GC37: =GC31 -> 1 | GD37: =GD31 -> 2 | GE37: =GE31 -> 3 | GF37: =GF31 -> 4 | GG37: =GG31 -> 5 | GH37: =GH31 -> 6 | GI37: =GI31 -> 7 | GJ37: =GJ31 -> 8 | ... GP37: =GP31 -> Totalt
B38: Generelle driftsmidler (kun NFR) | F38: =SUM(K38:W38) -> 0 | J38: Dekkes fra rundsum | AR38: =K38 -> 0 | AS38: =L38 -> 0 | AT38: =M38 -> 0 | AU38: =N38 -> 0 | AV38: =O38 -> 0 | AW38: =P38 -> 0 | AX38: =Q38 -> 0 | AY38: =R38 -> 0 | ... BD38: =W38 -> 0 | BE38: =SUM(AR38:BD38) -> 0 | EE38: =DO38 -> 0 | EU38: =EE38 -> 0 | FK38: =EU38 -> 0 | GB38: =FK38 -> 0
B39: Andre driftskostnader | C39: =IF(Registrering!$B$28="Fast beløp",0,IF(Registrering!$B$28="Sats for ekst. fin. overhead",0,-F39)) -> -127500 | F39: =SUM(K39:W39) -> 127500 | H39: Private | J39: leie av elektriske artikler, møbler m. MVA | L39: 127500 | AR39: =K39 -> 0 | AS39: =L39 -> 127500 | AT39: =M39 -> 0 | AU39: =N39 -> 0 | AV39: =O39 -> 0 | AW39: =P39 -> 0 | AX39: =Q39 -> 0 | AY39: =R39 -> 0 | ... BD39: =W39 -> 0 | BE39: =SUM(AR39:BD39) -> 127500 | CX39: =B39 -> Andre driftskostnader | CY39: =IF($H39="Egenandel",0,-AR39) -> 0 | CZ39: =IF($H39="Egenandel",0,-AS39) -> -127500 | DA39: =IF($H39="Egenandel",0,-AT39) -> 0 | DB39: =IF($H39="Egenandel",0,-AU39) -> 0 | DC39: =IF($H39="Egenandel",0,-AV39) -> 0 | DD39: =IF($H39="Egenandel",0,-AW39) -> 0 | DE39: =IF($H39="Egenandel",0,-AX39) -> 0 | DF39: =IF($H39="Egenandel",0,-AY39) -> 0 | ... DK39: =IF($H39="Egenandel",0,-BD39) -> 0 | DL39: =SUM(CY39:DK39) -> -127500 | DO39: =CX39 -> Andre driftskostnader | DP39: =IF($H39="NFR",CY39,0) -> 0 | DQ39: =IF($H39="NFR",CZ39,0) -> 0 | DR39: =IF($H39="NFR",DA39,0) -> 0 | DS39: =IF($H39="NFR",DB39,0) -> 0 | DT39: =IF($H39="NFR",DC39,0) -> 0 | DU39: =IF($H39="NFR",DD39,0) -> 0 | DV39: =IF($H39="NFR",DE39,0) -> 0 | DW39: =IF($H39="NFR",DF39,0) -> 0 | ... EB39: =IF($H39="NFR",DK39,0) -> 0 | EC39: =SUM(DP39:EB39) -> 0 | EE39: =DO39 -> Andre driftskostnader | EF39: =IF($H39=$EE$1,CY39,0) -> 0 | EG39: =IF($H39=$EE$1,CZ39,0) -> -127500 | EH39: =IF($H39=$EE$1,DA39,0) -> 0 | EI39: =IF($H39=$EE$1,DB39,0) -> 0 | EJ39: =IF($H39=$EE$1,DC39,0) -> 0 | EK39: =IF($H39=$EE$1,DD39,0) -> 0 | EL39: =IF($H39=$EE$1,DE39,0) -> 0 | EM39: =IF($H39=$EE$1,DF39,0) -> 0 | ... ER39: =IF($H39=$EE$1,DK39,0) -> 0 | ES39: =SUM(EF39:ER39) -> -127500 | EU39: =EE39 -> Andre driftskostnader | EV39: =IF($H39=$EU$1,CY39,0) -> 0 | EW39: =IF($H39=$EU$1,CZ39,0) -> 0 | EX39: =IF($H39=$EU$1,DA39,0) -> 0 | EY39: =IF($H39=$EU$1,DB39,0) -> 0 | EZ39: =IF($H39=$EU$1,DC39,0) -> 0 | FA39: =IF($H39=$EU$1,DD39,0) -> 0 | FB39: =IF($H39=$EU$1,DE39,0) -> 0 | FC39: =IF($H39=$EU$1,DF39,0) -> 0 | ... FH39: =IF($H39=$EU$1,DK39,0) -> 0 | FI39: =SUM(EV39:FH39) -> 0 | FK39: =EU39 -> Andre driftskostnader | FL39: =IF($H39=$FK$1,CY39,0) -> 0 | FM39: =IF($H39=$FK$1,CZ39,0) -> 0 | FN39: =IF($H39=$FK$1,DA39,0) -> 0 | FO39: =IF($H39=$FK$1,DB39,0) -> 0 | FP39: =IF($H39=$FK$1,DC39,0) -> 0 | FQ39: =IF($H39=$FK$1,DD39,0) -> 0 | FR39: =IF($H39=$FK$1,DE39,0) -> 0 | FS39: =IF($H39=$FK$1,DF39,0) -> 0 | ... FX39: =IF($H39=$FK$1,DK39,0) -> 0 | FY39: =SUM(FL39:FX39) -> 0 | GB39: =FK39 -> Andre driftskostnader | GC39: =IF($H39=$GB$1,AR39,0) -> 0 | GD39: =IF($H39=$GB$1,-AS39,0) -> 0 | GE39: =IF($H39=$GB$1,-AT39,0) -> 0 | GF39: =IF($H39=$GB$1,-AU39,0) -> 0 | GG39: =IF($H39=$GB$1,-AV39,0) -> 0 | GH39: =IF($H39=$GB$1,-AW39,0) -> 0 | GI39: =IF($H39=$GB$1,-AX39,0) -> 0 | GJ39: =IF($H39=$GB$1,-AY39,0) -> 0 | GK39: =IF($H39=$GB$1,-AZ39,0) -> 0 | ... GO39: =IF($H39=$GB$1,-BD39,0) -> 0 | GP39: =SUM(GC39:GO39) -> 0
B40: Andre driftskostnader | C40: =IF(Registrering!$B$28="Fast beløp",0,IF(Registrering!$B$28="Sats for ekst. fin. overhead",0,-F40)) -> -124997.5 | F40: =SUM(K40:W40) -> 124997.5 | H40: Private | J40: Webplatform and registration Playroom m. MVA | L40: 124997.5 | AR40: =K40 -> 0 | AS40: =L40 -> 124997.5 | AT40: =M40 -> 0 | AU40: =N40 -> 0 | AV40: =O40 -> 0 | AW40: =P40 -> 0 | AX40: =Q40 -> 0 | AY40: =R40 -> 0 | ... BD40: =W40 -> 0 | BE40: =SUM(AR40:BD40) -> 124997.5 | CX40: =B40 -> Andre driftskostnader | CY40: =IF($H40="Egenandel",0,-AR40) -> 0 | CZ40: =IF($H40="Egenandel",0,-AS40) -> -124997.5 | DA40: =IF($H40="Egenandel",0,-AT40) -> 0 | DB40: =IF($H40="Egenandel",0,-AU40) -> 0 | DC40: =IF($H40="Egenandel",0,-AV40) -> 0 | DD40: =IF($H40="Egenandel",0,-AW40) -> 0 | DE40: =IF($H40="Egenandel",0,-AX40) -> 0 | DF40: =IF($H40="Egenandel",0,-AY40) -> 0 | ... DK40: =IF($H40="Egenandel",0,-BD40) -> 0 | DL40: =SUM(CY40:DK40) -> -124997.5 | DO40: =CX40 -> Andre driftskostnader | DP40: =IF($H40="NFR",CY40,0) -> 0 | DQ40: =IF($H40="NFR",CZ40,0) -> 0 | DR40: =IF($H40="NFR",DA40,0) -> 0 | DS40: =IF($H40="NFR",DB40,0) -> 0 | DT40: =IF($H40="NFR",DC40,0) -> 0 | DU40: =IF($H40="NFR",DD40,0) -> 0 | DV40: =IF($H40="NFR",DE40,0) -> 0 | DW40: =IF($H40="NFR",DF40,0) -> 0 | ... EB40: =IF($H40="NFR",DK40,0) -> 0 | EC40: =SUM(DP40:EB40) -> 0 | EE40: =DO40 -> Andre driftskostnader | EF40: =IF($H40=$EE$1,CY40,0) -> 0 | EG40: =IF($H40=$EE$1,CZ40,0) -> -124997.5 | EH40: =IF($H40=$EE$1,DA40,0) -> 0 | EI40: =IF($H40=$EE$1,DB40,0) -> 0 | EJ40: =IF($H40=$EE$1,DC40,0) -> 0 | EK40: =IF($H40=$EE$1,DD40,0) -> 0 | EL40: =IF($H40=$EE$1,DE40,0) -> 0 | EM40: =IF($H40=$EE$1,DF40,0) -> 0 | ... ER40: =IF($H40=$EE$1,DK40,0) -> 0 | ES40: =SUM(EF40:ER40) -> -124997.5 | EU40: =EE40 -> Andre driftskostnader | EV40: =IF($H40=$EU$1,CY40,0) -> 0 | EW40: =IF($H40=$EU$1,CZ40,0) -> 0 | EX40: =IF($H40=$EU$1,DA40,0) -> 0 | EY40: =IF($H40=$EU$1,DB40,0) -> 0 | EZ40: =IF($H40=$EU$1,DC40,0) -> 0 | FA40: =IF($H40=$EU$1,DD40,0) -> 0 | FB40: =IF($H40=$EU$1,DE40,0) -> 0 | FC40: =IF($H40=$EU$1,DF40,0) -> 0 | ... FH40: =IF($H40=$EU$1,DK40,0) -> 0 | FI40: =SUM(EV40:FH40) -> 0 | FK40: =EU40 -> Andre driftskostnader | FL40: =IF($H40=$FK$1,CY40,0) -> 0 | FM40: =IF($H40=$FK$1,CZ40,0) -> 0 | FN40: =IF($H40=$FK$1,DA40,0) -> 0 | FO40: =IF($H40=$FK$1,DB40,0) -> 0 | FP40: =IF($H40=$FK$1,DC40,0) -> 0 | FQ40: =IF($H40=$FK$1,DD40,0) -> 0 | FR40: =IF($H40=$FK$1,DE40,0) -> 0 | FS40: =IF($H40=$FK$1,DF40,0) -> 0 | ... FX40: =IF($H40=$FK$1,DK40,0) -> 0 | FY40: =SUM(FL40:FX40) -> 0 | GB40: =FK40 -> Andre driftskostnader | GC40: =IF($H40=$GB$1,AR40,0) -> 0 | GD40: =IF($H40=$GB$1,-AS40,0) -> 0 | GE40: =IF($H40=$GB$1,-AT40,0) -> 0 | GF40: =IF($H40=$GB$1,-AU40,0) -> 0 | GG40: =IF($H40=$GB$1,-AV40,0) -> 0 | GH40: =IF($H40=$GB$1,-AW40,0) -> 0 | GI40: =IF($H40=$GB$1,-AX40,0) -> 0 | GJ40: =IF($H40=$GB$1,-AY40,0) -> 0 | GK40: =IF($H40=$GB$1,-AZ40,0) -> 0 | ... GO40: =IF($H40=$GB$1,-BD40,0) -> 0 | GP40: =SUM(GC40:GO40) -> 0
B41: Andre driftskostnader | C41: =IF(Registrering!$B$28="Fast beløp",0,IF(Registrering!$B$28="Sats for ekst. fin. overhead",0,-F41)) -> -375000 | F41: =SUM(K41:W41) -> 375000 | H41: Private | J41: Coffee breaks m.MVA | L41: 375000 | AR41: =K41 -> 0 | AS41: =L41 -> 375000 | AT41: =M41 -> 0 | AU41: =N41 -> 0 | AV41: =O41 -> 0 | AW41: =P41 -> 0 | AX41: =Q41 -> 0 | AY41: =R41 -> 0 | ... BD41: =W41 -> 0 | BE41: =SUM(AR41:BD41) -> 375000 | CX41: =B41 -> Andre driftskostnader | CY41: =IF($H41="Egenandel",0,-AR41) -> 0 | CZ41: =IF($H41="Egenandel",0,-AS41) -> -375000 | DA41: =IF($H41="Egenandel",0,-AT41) -> 0 | DB41: =IF($H41="Egenandel",0,-AU41) -> 0 | DC41: =IF($H41="Egenandel",0,-AV41) -> 0 | DD41: =IF($H41="Egenandel",0,-AW41) -> 0 | DE41: =IF($H41="Egenandel",0,-AX41) -> 0 | DF41: =IF($H41="Egenandel",0,-AY41) -> 0 | ... DK41: =IF($H41="Egenandel",0,-BD41) -> 0 | DL41: =SUM(CY41:DK41) -> -375000 | DO41: =CX41 -> Andre driftskostnader | DP41: =IF($H41="NFR",CY41,0) -> 0 | DQ41: =IF($H41="NFR",CZ41,0) -> 0 | DR41: =IF($H41="NFR",DA41,0) -> 0 | DS41: =IF($H41="NFR",DB41,0) -> 0 | DT41: =IF($H41="NFR",DC41,0) -> 0 | DU41: =IF($H41="NFR",DD41,0) -> 0 | DV41: =IF($H41="NFR",DE41,0) -> 0 | DW41: =IF($H41="NFR",DF41,0) -> 0 | ... EB41: =IF($H41="NFR",DK41,0) -> 0 | EC41: =SUM(DP41:EB41) -> 0 | EE41: =DO41 -> Andre driftskostnader | EF41: =IF($H41=$EE$1,CY41,0) -> 0 | EG41: =IF($H41=$EE$1,CZ41,0) -> -375000 | EH41: =IF($H41=$EE$1,DA41,0) -> 0 | EI41: =IF($H41=$EE$1,DB41,0) -> 0 | EJ41: =IF($H41=$EE$1,DC41,0) -> 0 | EK41: =IF($H41=$EE$1,DD41,0) -> 0 | EL41: =IF($H41=$EE$1,DE41,0) -> 0 | EM41: =IF($H41=$EE$1,DF41,0) -> 0 | ... ER41: =IF($H41=$EE$1,DK41,0) -> 0 | ES41: =SUM(EF41:ER41) -> -375000 | EU41: =EE41 -> Andre driftskostnader | EV41: =IF($H41=$EU$1,CY41,0) -> 0 | EW41: =IF($H41=$EU$1,CZ41,0) -> 0 | EX41: =IF($H41=$EU$1,DA41,0) -> 0 | EY41: =IF($H41=$EU$1,DB41,0) -> 0 | EZ41: =IF($H41=$EU$1,DC41,0) -> 0 | FA41: =IF($H41=$EU$1,DD41,0) -> 0 | FB41: =IF($H41=$EU$1,DE41,0) -> 0 | FC41: =IF($H41=$EU$1,DF41,0) -> 0 | ... FH41: =IF($H41=$EU$1,DK41,0) -> 0 | FI41: =SUM(EV41:FH41) -> 0 | FK41: =EU41 -> Andre driftskostnader | FL41: =IF($H41=$FK$1,CY41,0) -> 0 | FM41: =IF($H41=$FK$1,CZ41,0) -> 0 | FN41: =IF($H41=$FK$1,DA41,0) -> 0 | FO41: =IF($H41=$FK$1,DB41,0) -> 0 | FP41: =IF($H41=$FK$1,DC41,0) -> 0 | FQ41: =IF($H41=$FK$1,DD41,0) -> 0 | FR41: =IF($H41=$FK$1,DE41,0) -> 0 | FS41: =IF($H41=$FK$1,DF41,0) -> 0 | ... FX41: =IF($H41=$FK$1,DK41,0) -> 0 | FY41: =SUM(FL41:FX41) -> 0 | GB41: =FK41 -> Andre driftskostnader | GC41: =IF($H41=$GB$1,AR41,0) -> 0 | GD41: =IF($H41=$GB$1,-AS41,0) -> 0 | GE41: =IF($H41=$GB$1,-AT41,0) -> 0 | GF41: =IF($H41=$GB$1,-AU41,0) -> 0 | GG41: =IF($H41=$GB$1,-AV41,0) -> 0 | GH41: =IF($H41=$GB$1,-AW41,0) -> 0 | GI41: =IF($H41=$GB$1,-AX41,0) -> 0 | GJ41: =IF($H41=$GB$1,-AY41,0) -> 0 | GK41: =IF($H41=$GB$1,-AZ41,0) -> 0 | ... GO41: =IF($H41=$GB$1,-BD41,0) -> 0 | GP41: =SUM(GC41:GO41) -> 0
B42: Andre driftskostnader | C42: =IF(Registrering!$B$28="Fast beløp",0,IF(Registrering!$B$28="Sats for ekst. fin. overhead",0,-F42)) -> -200000 | F42: =SUM(K42:W42) -> 200000 | H42: Private | J42: Welcome party m MVA | L42: 200000 | AR42: =K42 -> 0 | AS42: =L42 -> 200000 | AT42: =M42 -> 0 | AU42: =N42 -> 0 | AV42: =O42 -> 0 | AW42: =P42 -> 0 | AX42: =Q42 -> 0 | AY42: =R42 -> 0 | ... BD42: =W42 -> 0 | BE42: =SUM(AR42:BD42) -> 200000 | CX42: =B42 -> Andre driftskostnader | CY42: =IF($H42="Egenandel",0,-AR42) -> 0 | CZ42: =IF($H42="Egenandel",0,-AS42) -> -200000 | DA42: =IF($H42="Egenandel",0,-AT42) -> 0 | DB42: =IF($H42="Egenandel",0,-AU42) -> 0 | DC42: =IF($H42="Egenandel",0,-AV42) -> 0 | DD42: =IF($H42="Egenandel",0,-AW42) -> 0 | DE42: =IF($H42="Egenandel",0,-AX42) -> 0 | DF42: =IF($H42="Egenandel",0,-AY42) -> 0 | ... DK42: =IF($H42="Egenandel",0,-BD42) -> 0 | DL42: =SUM(CY42:DK42) -> -200000 | DO42: =CX42 -> Andre driftskostnader | DP42: =IF($H42="NFR",CY42,0) -> 0 | DQ42: =IF($H42="NFR",CZ42,0) -> 0 | DR42: =IF($H42="NFR",DA42,0) -> 0 | DS42: =IF($H42="NFR",DB42,0) -> 0 | DT42: =IF($H42="NFR",DC42,0) -> 0 | DU42: =IF($H42="NFR",DD42,0) -> 0 | DV42: =IF($H42="NFR",DE42,0) -> 0 | DW42: =IF($H42="NFR",DF42,0) -> 0 | ... EB42: =IF($H42="NFR",DK42,0) -> 0 | EC42: =SUM(DP42:EB42) -> 0 | EE42: =DO42 -> Andre driftskostnader | EF42: =IF($H42=$EE$1,CY42,0) -> 0 | EG42: =IF($H42=$EE$1,CZ42,0) -> -200000 | EH42: =IF($H42=$EE$1,DA42,0) -> 0 | EI42: =IF($H42=$EE$1,DB42,0) -> 0 | EJ42: =IF($H42=$EE$1,DC42,0) -> 0 | EK42: =IF($H42=$EE$1,DD42,0) -> 0 | EL42: =IF($H42=$EE$1,DE42,0) -> 0 | EM42: =IF($H42=$EE$1,DF42,0) -> 0 | ... ER42: =IF($H42=$EE$1,DK42,0) -> 0 | ES42: =SUM(EF42:ER42) -> -200000 | EU42: =EE42 -> Andre driftskostnader | EV42: =IF($H42=$EU$1,CY42,0) -> 0 | EW42: =IF($H42=$EU$1,CZ42,0) -> 0 | EX42: =IF($H42=$EU$1,DA42,0) -> 0 | EY42: =IF($H42=$EU$1,DB42,0) -> 0 | EZ42: =IF($H42=$EU$1,DC42,0) -> 0 | FA42: =IF($H42=$EU$1,DD42,0) -> 0 | FB42: =IF($H42=$EU$1,DE42,0) -> 0 | FC42: =IF($H42=$EU$1,DF42,0) -> 0 | ... FH42: =IF($H42=$EU$1,DK42,0) -> 0 | FI42: =SUM(EV42:FH42) -> 0 | FK42: =EU42 -> Andre driftskostnader | FL42: =IF($H42=$FK$1,CY42,0) -> 0 | FM42: =IF($H42=$FK$1,CZ42,0) -> 0 | FN42: =IF($H42=$FK$1,DA42,0) -> 0 | FO42: =IF($H42=$FK$1,DB42,0) -> 0 | FP42: =IF($H42=$FK$1,DC42,0) -> 0 | FQ42: =IF($H42=$FK$1,DD42,0) -> 0 | FR42: =IF($H42=$FK$1,DE42,0) -> 0 | FS42: =IF($H42=$FK$1,DF42,0) -> 0 | ... FX42: =IF($H42=$FK$1,DK42,0) -> 0 | FY42: =SUM(FL42:FX42) -> 0 | GB42: =FK42 -> Andre driftskostnader | GC42: =IF($H42=$GB$1,AR42,0) -> 0 | GD42: =IF($H42=$GB$1,-AS42,0) -> 0 | GE42: =IF($H42=$GB$1,-AT42,0) -> 0 | GF42: =IF($H42=$GB$1,-AU42,0) -> 0 | GG42: =IF($H42=$GB$1,-AV42,0) -> 0 | GH42: =IF($H42=$GB$1,-AW42,0) -> 0 | GI42: =IF($H42=$GB$1,-AX42,0) -> 0 | GJ42: =IF($H42=$GB$1,-AY42,0) -> 0 | GK42: =IF($H42=$GB$1,-AZ42,0) -> 0 | ... GO42: =IF($H42=$GB$1,-BD42,0) -> 0 | GP42: =SUM(GC42:GO42) -> 0
B43: Andre driftskostnader | C43: =IF(Registrering!$B$28="Fast beløp",0,IF(Registrering!$B$28="Sats for ekst. fin. overhead",0,-F43)) -> -350000 | F43: =SUM(K43:W43) -> 350000 | H43: Private | J43: Lunch 4 days m. MVA | L43: =280000*1.25 -> 350000 | AR43: =K43 -> 0 | AS43: =L43 -> 350000 | AT43: =M43 -> 0 | AU43: =N43 -> 0 | AV43: =O43 -> 0 | AW43: =P43 -> 0 | AX43: =Q43 -> 0 | AY43: =R43 -> 0 | ... BD43: =W43 -> 0 | BE43: =SUM(AR43:BD43) -> 350000 | CX43: =B43 -> Andre driftskostnader | CY43: =IF($H43="Egenandel",0,-AR43) -> 0 | CZ43: =IF($H43="Egenandel",0,-AS43) -> -350000 | DA43: =IF($H43="Egenandel",0,-AT43) -> 0 | DB43: =IF($H43="Egenandel",0,-AU43) -> 0 | DC43: =IF($H43="Egenandel",0,-AV43) -> 0 | DD43: =IF($H43="Egenandel",0,-AW43) -> 0 | DE43: =IF($H43="Egenandel",0,-AX43) -> 0 | DF43: =IF($H43="Egenandel",0,-AY43) -> 0 | ... DK43: =IF($H43="Egenandel",0,-BD43) -> 0 | DL43: =SUM(CY43:DK43) -> -350000 | DO43: =CX43 -> Andre driftskostnader | DP43: =IF($H43="NFR",CY43,0) -> 0 | DQ43: =IF($H43="NFR",CZ43,0) -> 0 | DR43: =IF($H43="NFR",DA43,0) -> 0 | DS43: =IF($H43="NFR",DB43,0) -> 0 | DT43: =IF($H43="NFR",DC43,0) -> 0 | DU43: =IF($H43="NFR",DD43,0) -> 0 | DV43: =IF($H43="NFR",DE43,0) -> 0 | DW43: =IF($H43="NFR",DF43,0) -> 0 | ... EB43: =IF($H43="NFR",DK43,0) -> 0 | EC43: =SUM(DP43:EB43) -> 0 | EE43: =DO43 -> Andre driftskostnader | EF43: =IF($H43=$EE$1,CY43,0) -> 0 | EG43: =IF($H43=$EE$1,CZ43,0) -> -350000 | EH43: =IF($H43=$EE$1,DA43,0) -> 0 | EI43: =IF($H43=$EE$1,DB43,0) -> 0 | EJ43: =IF($H43=$EE$1,DC43,0) -> 0 | EK43: =IF($H43=$EE$1,DD43,0) -> 0 | EL43: =IF($H43=$EE$1,DE43,0) -> 0 | EM43: =IF($H43=$EE$1,DF43,0) -> 0 | ... ER43: =IF($H43=$EE$1,DK43,0) -> 0 | ES43: =SUM(EF43:ER43) -> -350000 | EU43: =EE43 -> Andre driftskostnader | EV43: =IF($H43=$EU$1,CY43,0) -> 0 | EW43: =IF($H43=$EU$1,CZ43,0) -> 0 | EX43: =IF($H43=$EU$1,DA43,0) -> 0 | EY43: =IF($H43=$EU$1,DB43,0) -> 0 | EZ43: =IF($H43=$EU$1,DC43,0) -> 0 | FA43: =IF($H43=$EU$1,DD43,0) -> 0 | FB43: =IF($H43=$EU$1,DE43,0) -> 0 | FC43: =IF($H43=$EU$1,DF43,0) -> 0 | ... FH43: =IF($H43=$EU$1,DK43,0) -> 0 | FI43: =SUM(EV43:FH43) -> 0 | FK43: =EU43 -> Andre driftskostnader | FL43: =IF($H43=$FK$1,CY43,0) -> 0 | FM43: =IF($H43=$FK$1,CZ43,0) -> 0 | FN43: =IF($H43=$FK$1,DA43,0) -> 0 | FO43: =IF($H43=$FK$1,DB43,0) -> 0 | FP43: =IF($H43=$FK$1,DC43,0) -> 0 | FQ43: =IF($H43=$FK$1,DD43,0) -> 0 | FR43: =IF($H43=$FK$1,DE43,0) -> 0 | FS43: =IF($H43=$FK$1,DF43,0) -> 0 | ... FX43: =IF($H43=$FK$1,DK43,0) -> 0 | FY43: =SUM(FL43:FX43) -> 0 | GB43: =FK43 -> Andre driftskostnader | GC43: =IF($H43=$GB$1,AR43,0) -> 0 | GD43: =IF($H43=$GB$1,-AS43,0) -> 0 | GE43: =IF($H43=$GB$1,-AT43,0) -> 0 | GF43: =IF($H43=$GB$1,-AU43,0) -> 0 | GG43: =IF($H43=$GB$1,-AV43,0) -> 0 | GH43: =IF($H43=$GB$1,-AW43,0) -> 0 | GI43: =IF($H43=$GB$1,-AX43,0) -> 0 | GJ43: =IF($H43=$GB$1,-AY43,0) -> 0 | GK43: =IF($H43=$GB$1,-AZ43,0) -> 0 | ... GO43: =IF($H43=$GB$1,-BD43,0) -> 0 | GP43: =SUM(GC43:GO43) -> 0
B44: Andre driftskostnader | C44: =IF(Registrering!$B$28="Fast beløp",0,IF(Registrering!$B$28="Sats for ekst. fin. overhead",0,-F44)) -> -132632.5 | F44: =SUM(K44:W44) -> 132632.5 | H44: Internasjonale | J44: Reise og opphold 7 plenary foredragsholdere uten MVA | L44: =106106*1.25 -> 132632.5 | AR44: =K44 -> 0 | AS44: =L44 -> 132632.5 | AT44: =M44 -> 0 | AU44: =N44 -> 0 | AV44: =O44 -> 0 | AW44: =P44 -> 0 | AX44: =Q44 -> 0 | AY44: =R44 -> 0 | ... BD44: =W44 -> 0 | BE44: =SUM(AR44:BD44) -> 132632.5 | CX44: =B44 -> Andre driftskostnader | CY44: =IF($H44="Egenandel",0,-AR44) -> 0 | CZ44: =IF($H44="Egenandel",0,-AS44) -> -132632.5 | DA44: =IF($H44="Egenandel",0,-AT44) -> 0 | DB44: =IF($H44="Egenandel",0,-AU44) -> 0 | DC44: =IF($H44="Egenandel",0,-AV44) -> 0 | DD44: =IF($H44="Egenandel",0,-AW44) -> 0 | DE44: =IF($H44="Egenandel",0,-AX44) -> 0 | DF44: =IF($H44="Egenandel",0,-AY44) -> 0 | ... DK44: =IF($H44="Egenandel",0,-BD44) -> 0 | DL44: =SUM(CY44:DK44) -> -132632.5 | DO44: =CX44 -> Andre driftskostnader | DP44: =IF($H44="NFR",CY44,0) -> 0 | DQ44: =IF($H44="NFR",CZ44,0) -> 0 | DR44: =IF($H44="NFR",DA44,0) -> 0 | DS44: =IF($H44="NFR",DB44,0) -> 0 | DT44: =IF($H44="NFR",DC44,0) -> 0 | DU44: =IF($H44="NFR",DD44,0) -> 0 | DV44: =IF($H44="NFR",DE44,0) -> 0 | DW44: =IF($H44="NFR",DF44,0) -> 0 | ... EB44: =IF($H44="NFR",DK44,0) -> 0 | EC44: =SUM(DP44:EB44) -> 0 | EE44: =DO44 -> Andre driftskostnader | EF44: =IF($H44=$EE$1,CY44,0) -> 0 | EG44: =IF($H44=$EE$1,CZ44,0) -> 0 | EH44: =IF($H44=$EE$1,DA44,0) -> 0 | EI44: =IF($H44=$EE$1,DB44,0) -> 0 | EJ44: =IF($H44=$EE$1,DC44,0) -> 0 | EK44: =IF($H44=$EE$1,DD44,0) -> 0 | EL44: =IF($H44=$EE$1,DE44,0) -> 0 | EM44: =IF($H44=$EE$1,DF44,0) -> 0 | ... ER44: =IF($H44=$EE$1,DK44,0) -> 0 | ES44: =SUM(EF44:ER44) -> 0 | EU44: =EE44 -> Andre driftskostnader | EV44: =IF($H44=$EU$1,CY44,0) -> 0 | EW44: =IF($H44=$EU$1,CZ44,0) -> -132632.5 | EX44: =IF($H44=$EU$1,DA44,0) -> 0 | EY44: =IF($H44=$EU$1,DB44,0) -> 0 | EZ44: =IF($H44=$EU$1,DC44,0) -> 0 | FA44: =IF($H44=$EU$1,DD44,0) -> 0 | FB44: =IF($H44=$EU$1,DE44,0) -> 0 | FC44: =IF($H44=$EU$1,DF44,0) -> 0 | ... FH44: =IF($H44=$EU$1,DK44,0) -> 0 | FI44: =SUM(EV44:FH44) -> -132632.5 | FK44: =EU44 -> Andre driftskostnader | FL44: =IF($H44=$FK$1,CY44,0) -> 0 | FM44: =IF($H44=$FK$1,CZ44,0) -> 0 | FN44: =IF($H44=$FK$1,DA44,0) -> 0 | FO44: =IF($H44=$FK$1,DB44,0) -> 0 | FP44: =IF($H44=$FK$1,DC44,0) -> 0 | FQ44: =IF($H44=$FK$1,DD44,0) -> 0 | FR44: =IF($H44=$FK$1,DE44,0) -> 0 | FS44: =IF($H44=$FK$1,DF44,0) -> 0 | ... FX44: =IF($H44=$FK$1,DK44,0) -> 0 | FY44: =SUM(FL44:FX44) -> 0 | GB44: =FK44 -> Andre driftskostnader | GC44: =IF($H44=$GB$1,AR44,0) -> 0 | GD44: =IF($H44=$GB$1,-AS44,0) -> 0 | GE44: =IF($H44=$GB$1,-AT44,0) -> 0 | GF44: =IF($H44=$GB$1,-AU44,0) -> 0 | GG44: =IF($H44=$GB$1,-AV44,0) -> 0 | GH44: =IF($H44=$GB$1,-AW44,0) -> 0 | GI44: =IF($H44=$GB$1,-AX44,0) -> 0 | GJ44: =IF($H44=$GB$1,-AY44,0) -> 0 | GK44: =IF($H44=$GB$1,-AZ44,0) -> 0 | ... GO44: =IF($H44=$GB$1,-BD44,0) -> 0 | GP44: =SUM(GC44:GO44) -> 0
B45: Andre driftskostnader | C45: =IF(Registrering!$B$28="Fast beløp",0,IF(Registrering!$B$28="Sats for ekst. fin. overhead",0,-F45)) -> -111936 | F45: =SUM(K45:W45) -> 111936 | H45: Internasjonale | J45: Symposium sponsoring uten MVA | L45: =111936 -> 111936 | AR45: =K45 -> 0 | AS45: =L45 -> 111936 | AT45: =M45 -> 0 | AU45: =N45 -> 0 | AV45: =O45 -> 0 | AW45: =P45 -> 0 | AX45: =Q45 -> 0 | AY45: =R45 -> 0 | ... BD45: =W45 -> 0 | BE45: =SUM(AR45:BD45) -> 111936 | CX45: =B45 -> Andre driftskostnader | CY45: =IF($H45="Egenandel",0,-AR45) -> 0 | CZ45: =IF($H45="Egenandel",0,-AS45) -> -111936 | DA45: =IF($H45="Egenandel",0,-AT45) -> 0 | DB45: =IF($H45="Egenandel",0,-AU45) -> 0 | DC45: =IF($H45="Egenandel",0,-AV45) -> 0 | DD45: =IF($H45="Egenandel",0,-AW45) -> 0 | DE45: =IF($H45="Egenandel",0,-AX45) -> 0 | DF45: =IF($H45="Egenandel",0,-AY45) -> 0 | ... DK45: =IF($H45="Egenandel",0,-BD45) -> 0 | DL45: =SUM(CY45:DK45) -> -111936 | DO45: =CX45 -> Andre driftskostnader | DP45: =IF($H45="NFR",CY45,0) -> 0 | DQ45: =IF($H45="NFR",CZ45,0) -> 0 | DR45: =IF($H45="NFR",DA45,0) -> 0 | DS45: =IF($H45="NFR",DB45,0) -> 0 | DT45: =IF($H45="NFR",DC45,0) -> 0 | DU45: =IF($H45="NFR",DD45,0) -> 0 | DV45: =IF($H45="NFR",DE45,0) -> 0 | DW45: =IF($H45="NFR",DF45,0) -> 0 | ... EB45: =IF($H45="NFR",DK45,0) -> 0 | EC45: =SUM(DP45:EB45) -> 0 | EE45: =DO45 -> Andre driftskostnader | EF45: =IF($H45=$EE$1,CY45,0) -> 0 | EG45: =IF($H45=$EE$1,CZ45,0) -> 0 | EH45: =IF($H45=$EE$1,DA45,0) -> 0 | EI45: =IF($H45=$EE$1,DB45,0) -> 0 | EJ45: =IF($H45=$EE$1,DC45,0) -> 0 | EK45: =IF($H45=$EE$1,DD45,0) -> 0 | EL45: =IF($H45=$EE$1,DE45,0) -> 0 | EM45: =IF($H45=$EE$1,DF45,0) -> 0 | ... ER45: =IF($H45=$EE$1,DK45,0) -> 0 | ES45: =SUM(EF45:ER45) -> 0 | EU45: =EE45 -> Andre driftskostnader | EV45: =IF($H45=$EU$1,CY45,0) -> 0 | EW45: =IF($H45=$EU$1,CZ45,0) -> -111936 | EX45: =IF($H45=$EU$1,DA45,0) -> 0 | EY45: =IF($H45=$EU$1,DB45,0) -> 0 | EZ45: =IF($H45=$EU$1,DC45,0) -> 0 | FA45: =IF($H45=$EU$1,DD45,0) -> 0 | FB45: =IF($H45=$EU$1,DE45,0) -> 0 | FC45: =IF($H45=$EU$1,DF45,0) -> 0 | ... FH45: =IF($H45=$EU$1,DK45,0) -> 0 | FI45: =SUM(EV45:FH45) -> -111936 | FK45: =EU45 -> Andre driftskostnader | FL45: =IF($H45=$FK$1,CY45,0) -> 0 | FM45: =IF($H45=$FK$1,CZ45,0) -> 0 | FN45: =IF($H45=$FK$1,DA45,0) -> 0 | FO45: =IF($H45=$FK$1,DB45,0) -> 0 | FP45: =IF($H45=$FK$1,DC45,0) -> 0 | FQ45: =IF($H45=$FK$1,DD45,0) -> 0 | FR45: =IF($H45=$FK$1,DE45,0) -> 0 | FS45: =IF($H45=$FK$1,DF45,0) -> 0 | ... FX45: =IF($H45=$FK$1,DK45,0) -> 0 | FY45: =SUM(FL45:FX45) -> 0 | GB45: =FK45 -> Andre driftskostnader | GC45: =IF($H45=$GB$1,AR45,0) -> 0 | GD45: =IF($H45=$GB$1,-AS45,0) -> 0 | GE45: =IF($H45=$GB$1,-AT45,0) -> 0 | GF45: =IF($H45=$GB$1,-AU45,0) -> 0 | GG45: =IF($H45=$GB$1,-AV45,0) -> 0 | GH45: =IF($H45=$GB$1,-AW45,0) -> 0 | GI45: =IF($H45=$GB$1,-AX45,0) -> 0 | GJ45: =IF($H45=$GB$1,-AY45,0) -> 0 | GK45: =IF($H45=$GB$1,-AZ45,0) -> 0 | ... GO45: =IF($H45=$GB$1,-BD45,0) -> 0 | GP45: =SUM(GC45:GO45) -> 0
B46: Andre driftskostnader | C46: =IF(Registrering!$B$28="Fast beløp",0,IF(Registrering!$B$28="Sats for ekst. fin. overhead",0,-F46)) -> -229515 | F46: =SUM(K46:W46) -> 229515 | H46: Internasjonale | J46: 15 Symposium speakers reise og opphold uten MVA | L46: 229515 | AR46: =K46 -> 0 | AS46: =L46 -> 229515 | AT46: =M46 -> 0 | AU46: =N46 -> 0 | AV46: =O46 -> 0 | AW46: =P46 -> 0 | AX46: =Q46 -> 0 | AY46: =R46 -> 0 | ... BD46: =W46 -> 0 | BE46: =SUM(AR46:BD46) -> 229515 | CX46: =B46 -> Andre driftskostnader | CY46: =IF($H46="Egenandel",0,-AR46) -> 0 | CZ46: =IF($H46="Egenandel",0,-AS46) -> -229515 | DA46: =IF($H46="Egenandel",0,-AT46) -> 0 | DB46: =IF($H46="Egenandel",0,-AU46) -> 0 | DC46: =IF($H46="Egenandel",0,-AV46) -> 0 | DD46: =IF($H46="Egenandel",0,-AW46) -> 0 | DE46: =IF($H46="Egenandel",0,-AX46) -> 0 | DF46: =IF($H46="Egenandel",0,-AY46) -> 0 | ... DK46: =IF($H46="Egenandel",0,-BD46) -> 0 | DL46: =SUM(CY46:DK46) -> -229515 | DO46: =CX46 -> Andre driftskostnader | DP46: =IF($H46="NFR",CY46,0) -> 0 | DQ46: =IF($H46="NFR",CZ46,0) -> 0 | DR46: =IF($H46="NFR",DA46,0) -> 0 | DS46: =IF($H46="NFR",DB46,0) -> 0 | DT46: =IF($H46="NFR",DC46,0) -> 0 | DU46: =IF($H46="NFR",DD46,0) -> 0 | DV46: =IF($H46="NFR",DE46,0) -> 0 | DW46: =IF($H46="NFR",DF46,0) -> 0 | ... EB46: =IF($H46="NFR",DK46,0) -> 0 | EC46: =SUM(DP46:EB46) -> 0 | EE46: =DO46 -> Andre driftskostnader | EF46: =IF($H46=$EE$1,CY46,0) -> 0 | EG46: =IF($H46=$EE$1,CZ46,0) -> 0 | EH46: =IF($H46=$EE$1,DA46,0) -> 0 | EI46: =IF($H46=$EE$1,DB46,0) -> 0 | EJ46: =IF($H46=$EE$1,DC46,0) -> 0 | EK46: =IF($H46=$EE$1,DD46,0) -> 0 | EL46: =IF($H46=$EE$1,DE46,0) -> 0 | EM46: =IF($H46=$EE$1,DF46,0) -> 0 | ... ER46: =IF($H46=$EE$1,DK46,0) -> 0 | ES46: =SUM(EF46:ER46) -> 0 | EU46: =EE46 -> Andre driftskostnader | EV46: =IF($H46=$EU$1,CY46,0) -> 0 | EW46: =IF($H46=$EU$1,CZ46,0) -> -229515 | EX46: =IF($H46=$EU$1,DA46,0) -> 0 | EY46: =IF($H46=$EU$1,DB46,0) -> 0 | EZ46: =IF($H46=$EU$1,DC46,0) -> 0 | FA46: =IF($H46=$EU$1,DD46,0) -> 0 | FB46: =IF($H46=$EU$1,DE46,0) -> 0 | FC46: =IF($H46=$EU$1,DF46,0) -> 0 | ... FH46: =IF($H46=$EU$1,DK46,0) -> 0 | FI46: =SUM(EV46:FH46) -> -229515 | FK46: =EU46 -> Andre driftskostnader | FL46: =IF($H46=$FK$1,CY46,0) -> 0 | FM46: =IF($H46=$FK$1,CZ46,0) -> 0 | FN46: =IF($H46=$FK$1,DA46,0) -> 0 | FO46: =IF($H46=$FK$1,DB46,0) -> 0 | FP46: =IF($H46=$FK$1,DC46,0) -> 0 | FQ46: =IF($H46=$FK$1,DD46,0) -> 0 | FR46: =IF($H46=$FK$1,DE46,0) -> 0 | FS46: =IF($H46=$FK$1,DF46,0) -> 0 | ... FX46: =IF($H46=$FK$1,DK46,0) -> 0 | FY46: =SUM(FL46:FX46) -> 0 | GB46: =FK46 -> Andre driftskostnader | GC46: =IF($H46=$GB$1,AR46,0) -> 0 | GD46: =IF($H46=$GB$1,-AS46,0) -> 0 | GE46: =IF($H46=$GB$1,-AT46,0) -> 0 | GF46: =IF($H46=$GB$1,-AU46,0) -> 0 | GG46: =IF($H46=$GB$1,-AV46,0) -> 0 | GH46: =IF($H46=$GB$1,-AW46,0) -> 0 | GI46: =IF($H46=$GB$1,-AX46,0) -> 0 | GJ46: =IF($H46=$GB$1,-AY46,0) -> 0 | GK46: =IF($H46=$GB$1,-AZ46,0) -> 0 | ... GO46: =IF($H46=$GB$1,-BD46,0) -> 0 | GP46: =SUM(GC46:GO46) -> 0
B47: Andre driftskostnader | C47: =IF(Registrering!$B$28="Fast beløp",0,IF(Registrering!$B$28="Sats for ekst. fin. overhead",0,-F47)) -> -68654 | F47: =SUM(K47:W47) -> 68654 | H47: Internasjonale | J47: reisestipend uten MVA | L47: 68654 | AR47: =K47 -> 0 | AS47: =L47 -> 68654 | AT47: =M47 -> 0 | AU47: =N47 -> 0 | AV47: =O47 -> 0 | AW47: =P47 -> 0 | AX47: =Q47 -> 0 | AY47: =R47 -> 0 | ... BD47: =W47 -> 0 | BE47: =SUM(AR47:BD47) -> 68654 | CX47: =B47 -> Andre driftskostnader | CY47: =IF($H47="Egenandel",0,-AR47) -> 0 | CZ47: =IF($H47="Egenandel",0,-AS47) -> -68654 | DA47: =IF($H47="Egenandel",0,-AT47) -> 0 | DB47: =IF($H47="Egenandel",0,-AU47) -> 0 | DC47: =IF($H47="Egenandel",0,-AV47) -> 0 | DD47: =IF($H47="Egenandel",0,-AW47) -> 0 | DE47: =IF($H47="Egenandel",0,-AX47) -> 0 | DF47: =IF($H47="Egenandel",0,-AY47) -> 0 | ... DK47: =IF($H47="Egenandel",0,-BD47) -> 0 | DL47: =SUM(CY47:DK47) -> -68654 | DO47: =CX47 -> Andre driftskostnader | DP47: =IF($H47="NFR",CY47,0) -> 0 | DQ47: =IF($H47="NFR",CZ47,0) -> 0 | DR47: =IF($H47="NFR",DA47,0) -> 0 | DS47: =IF($H47="NFR",DB47,0) -> 0 | DT47: =IF($H47="NFR",DC47,0) -> 0 | DU47: =IF($H47="NFR",DD47,0) -> 0 | DV47: =IF($H47="NFR",DE47,0) -> 0 | DW47: =IF($H47="NFR",DF47,0) -> 0 | ... EB47: =IF($H47="NFR",DK47,0) -> 0 | EC47: =SUM(DP47:EB47) -> 0 | EE47: =DO47 -> Andre driftskostnader | EF47: =IF($H47=$EE$1,CY47,0) -> 0 | EG47: =IF($H47=$EE$1,CZ47,0) -> 0 | EH47: =IF($H47=$EE$1,DA47,0) -> 0 | EI47: =IF($H47=$EE$1,DB47,0) -> 0 | EJ47: =IF($H47=$EE$1,DC47,0) -> 0 | EK47: =IF($H47=$EE$1,DD47,0) -> 0 | EL47: =IF($H47=$EE$1,DE47,0) -> 0 | EM47: =IF($H47=$EE$1,DF47,0) -> 0 | ... ER47: =IF($H47=$EE$1,DK47,0) -> 0 | ES47: =SUM(EF47:ER47) -> 0 | EU47: =EE47 -> Andre driftskostnader | EV47: =IF($H47=$EU$1,CY47,0) -> 0 | EW47: =IF($H47=$EU$1,CZ47,0) -> -68654 | EX47: =IF($H47=$EU$1,DA47,0) -> 0 | EY47: =IF($H47=$EU$1,DB47,0) -> 0 | EZ47: =IF($H47=$EU$1,DC47,0) -> 0 | FA47: =IF($H47=$EU$1,DD47,0) -> 0 | FB47: =IF($H47=$EU$1,DE47,0) -> 0 | FC47: =IF($H47=$EU$1,DF47,0) -> 0 | ... FH47: =IF($H47=$EU$1,DK47,0) -> 0 | FI47: =SUM(EV47:FH47) -> -68654 | FK47: =EU47 -> Andre driftskostnader | FL47: =IF($H47=$FK$1,CY47,0) -> 0 | FM47: =IF($H47=$FK$1,CZ47,0) -> 0 | FN47: =IF($H47=$FK$1,DA47,0) -> 0 | FO47: =IF($H47=$FK$1,DB47,0) -> 0 | FP47: =IF($H47=$FK$1,DC47,0) -> 0 | FQ47: =IF($H47=$FK$1,DD47,0) -> 0 | FR47: =IF($H47=$FK$1,DE47,0) -> 0 | FS47: =IF($H47=$FK$1,DF47,0) -> 0 | ... FX47: =IF($H47=$FK$1,DK47,0) -> 0 | FY47: =SUM(FL47:FX47) -> 0 | GB47: =FK47 -> Andre driftskostnader | GC47: =IF($H47=$GB$1,AR47,0) -> 0 | GD47: =IF($H47=$GB$1,-AS47,0) -> 0 | GE47: =IF($H47=$GB$1,-AT47,0) -> 0 | GF47: =IF($H47=$GB$1,-AU47,0) -> 0 | GG47: =IF($H47=$GB$1,-AV47,0) -> 0 | GH47: =IF($H47=$GB$1,-AW47,0) -> 0 | GI47: =IF($H47=$GB$1,-AX47,0) -> 0 | GJ47: =IF($H47=$GB$1,-AY47,0) -> 0 | GK47: =IF($H47=$GB$1,-AZ47,0) -> 0 | ... GO47: =IF($H47=$GB$1,-BD47,0) -> 0 | GP47: =SUM(GC47:GO47) -> 0
B48: Andre driftskostnader | C48: =IF(Registrering!$B$28="Fast beløp",0,IF(Registrering!$B$28="Sats for ekst. fin. overhead",0,-F48)) -> -40042 | F48: =SUM(K48:W48) -> 40042 | H48: Internasjonale | J48: IBRO symposium uten MVA | L48: 40042 | AR48: =K48 -> 0 | AS48: =L48 -> 40042 | AT48: =M48 -> 0 | AU48: =N48 -> 0 | AV48: =O48 -> 0 | AW48: =P48 -> 0 | AX48: =Q48 -> 0 | AY48: =R48 -> 0 | ... BD48: =W48 -> 0 | BE48: =SUM(AR48:BD48) -> 40042 | CX48: =B48 -> Andre driftskostnader | CY48: =IF($H48="Egenandel",0,-AR48) -> 0 | CZ48: =IF($H48="Egenandel",0,-AS48) -> -40042 | DA48: =IF($H48="Egenandel",0,-AT48) -> 0 | DB48: =IF($H48="Egenandel",0,-AU48) -> 0 | DC48: =IF($H48="Egenandel",0,-AV48) -> 0 | DD48: =IF($H48="Egenandel",0,-AW48) -> 0 | DE48: =IF($H48="Egenandel",0,-AX48) -> 0 | DF48: =IF($H48="Egenandel",0,-AY48) -> 0 | ... DK48: =IF($H48="Egenandel",0,-BD48) -> 0 | DL48: =SUM(CY48:DK48) -> -40042 | DO48: =CX48 -> Andre driftskostnader | DP48: =IF($H48="NFR",CY48,0) -> 0 | DQ48: =IF($H48="NFR",CZ48,0) -> 0 | DR48: =IF($H48="NFR",DA48,0) -> 0 | DS48: =IF($H48="NFR",DB48,0) -> 0 | DT48: =IF($H48="NFR",DC48,0) -> 0 | DU48: =IF($H48="NFR",DD48,0) -> 0 | DV48: =IF($H48="NFR",DE48,0) -> 0 | DW48: =IF($H48="NFR",DF48,0) -> 0 | ... EB48: =IF($H48="NFR",DK48,0) -> 0 | EC48: =SUM(DP48:EB48) -> 0 | EE48: =DO48 -> Andre driftskostnader | EF48: =IF($H48=$EE$1,CY48,0) -> 0 | EG48: =IF($H48=$EE$1,CZ48,0) -> 0 | EH48: =IF($H48=$EE$1,DA48,0) -> 0 | EI48: =IF($H48=$EE$1,DB48,0) -> 0 | EJ48: =IF($H48=$EE$1,DC48,0) -> 0 | EK48: =IF($H48=$EE$1,DD48,0) -> 0 | EL48: =IF($H48=$EE$1,DE48,0) -> 0 | EM48: =IF($H48=$EE$1,DF48,0) -> 0 | ... ER48: =IF($H48=$EE$1,DK48,0) -> 0 | ES48: =SUM(EF48:ER48) -> 0 | EU48: =EE48 -> Andre driftskostnader | EV48: =IF($H48=$EU$1,CY48,0) -> 0 | EW48: =IF($H48=$EU$1,CZ48,0) -> -40042 | EX48: =IF($H48=$EU$1,DA48,0) -> 0 | EY48: =IF($H48=$EU$1,DB48,0) -> 0 | EZ48: =IF($H48=$EU$1,DC48,0) -> 0 | FA48: =IF($H48=$EU$1,DD48,0) -> 0 | FB48: =IF($H48=$EU$1,DE48,0) -> 0 | FC48: =IF($H48=$EU$1,DF48,0) -> 0 | ... FH48: =IF($H48=$EU$1,DK48,0) -> 0 | FI48: =SUM(EV48:FH48) -> -40042 | FK48: =EU48 -> Andre driftskostnader | FL48: =IF($H48=$FK$1,CY48,0) -> 0 | FM48: =IF($H48=$FK$1,CZ48,0) -> 0 | FN48: =IF($H48=$FK$1,DA48,0) -> 0 | FO48: =IF($H48=$FK$1,DB48,0) -> 0 | FP48: =IF($H48=$FK$1,DC48,0) -> 0 | FQ48: =IF($H48=$FK$1,DD48,0) -> 0 | FR48: =IF($H48=$FK$1,DE48,0) -> 0 | FS48: =IF($H48=$FK$1,DF48,0) -> 0 | ... FX48: =IF($H48=$FK$1,DK48,0) -> 0 | FY48: =SUM(FL48:FX48) -> 0 | GB48: =FK48 -> Andre driftskostnader | GC48: =IF($H48=$GB$1,AR48,0) -> 0 | GD48: =IF($H48=$GB$1,-AS48,0) -> 0 | GE48: =IF($H48=$GB$1,-AT48,0) -> 0 | GF48: =IF($H48=$GB$1,-AU48,0) -> 0 | GG48: =IF($H48=$GB$1,-AV48,0) -> 0 | GH48: =IF($H48=$GB$1,-AW48,0) -> 0 | GI48: =IF($H48=$GB$1,-AX48,0) -> 0 | GJ48: =IF($H48=$GB$1,-AY48,0) -> 0 | GK48: =IF($H48=$GB$1,-AZ48,0) -> 0 | ... GO48: =IF($H48=$GB$1,-BD48,0) -> 0 | GP48: =SUM(GC48:GO48) -> 0
B49: Andre driftskostnader | C49: =IF(Registrering!$B$28="Fast beløp",0,IF(Registrering!$B$28="Sats for ekst. fin. overhead",0,-F49)) -> -100000 | F49: =SUM(K49:W49) -> 100000 | H49: Private | J49: Andre kostnader | L49: 100000 | AR49: =K49 -> 0 | AS49: =L49 -> 100000 | AT49: =M49 -> 0 | AU49: =N49 -> 0 | AV49: =O49 -> 0 | AW49: =P49 -> 0 | AX49: =Q49 -> 0 | AY49: =R49 -> 0 | ... BD49: =W49 -> 0 | BE49: =SUM(AR49:BD49) -> 100000 | CX49: =B49 -> Andre driftskostnader | CY49: =IF($H49="Egenandel",0,-AR49) -> 0 | CZ49: =IF($H49="Egenandel",0,-AS49) -> -100000 | DA49: =IF($H49="Egenandel",0,-AT49) -> 0 | DB49: =IF($H49="Egenandel",0,-AU49) -> 0 | DC49: =IF($H49="Egenandel",0,-AV49) -> 0 | DD49: =IF($H49="Egenandel",0,-AW49) -> 0 | DE49: =IF($H49="Egenandel",0,-AX49) -> 0 | DF49: =IF($H49="Egenandel",0,-AY49) -> 0 | ... DK49: =IF($H49="Egenandel",0,-BD49) -> 0 | DL49: =SUM(CY49:DK49) -> -100000 | DO49: =CX49 -> Andre driftskostnader | DP49: =IF($H49="NFR",CY49,0) -> 0 | DQ49: =IF($H49="NFR",CZ49,0) -> 0 | DR49: =IF($H49="NFR",DA49,0) -> 0 | DS49: =IF($H49="NFR",DB49,0) -> 0 | DT49: =IF($H49="NFR",DC49,0) -> 0 | DU49: =IF($H49="NFR",DD49,0) -> 0 | DV49: =IF($H49="NFR",DE49,0) -> 0 | DW49: =IF($H49="NFR",DF49,0) -> 0 | ... EB49: =IF($H49="NFR",DK49,0) -> 0 | EC49: =SUM(DP49:EB49) -> 0 | EE49: =DO49 -> Andre driftskostnader | EF49: =IF($H49=$EE$1,CY49,0) -> 0 | EG49: =IF($H49=$EE$1,CZ49,0) -> -100000 | EH49: =IF($H49=$EE$1,DA49,0) -> 0 | EI49: =IF($H49=$EE$1,DB49,0) -> 0 | EJ49: =IF($H49=$EE$1,DC49,0) -> 0 | EK49: =IF($H49=$EE$1,DD49,0) -> 0 | EL49: =IF($H49=$EE$1,DE49,0) -> 0 | EM49: =IF($H49=$EE$1,DF49,0) -> 0 | ... ER49: =IF($H49=$EE$1,DK49,0) -> 0 | ES49: =SUM(EF49:ER49) -> -100000 | EU49: =EE49 -> Andre driftskostnader | EV49: =IF($H49=$EU$1,CY49,0) -> 0 | EW49: =IF($H49=$EU$1,CZ49,0) -> 0 | EX49: =IF($H49=$EU$1,DA49,0) -> 0 | EY49: =IF($H49=$EU$1,DB49,0) -> 0 | EZ49: =IF($H49=$EU$1,DC49,0) -> 0 | FA49: =IF($H49=$EU$1,DD49,0) -> 0 | FB49: =IF($H49=$EU$1,DE49,0) -> 0 | FC49: =IF($H49=$EU$1,DF49,0) -> 0 | ... FH49: =IF($H49=$EU$1,DK49,0) -> 0 | FI49: =SUM(EV49:FH49) -> 0 | FK49: =EU49 -> Andre driftskostnader | FL49: =IF($H49=$FK$1,CY49,0) -> 0 | FM49: =IF($H49=$FK$1,CZ49,0) -> 0 | FN49: =IF($H49=$FK$1,DA49,0) -> 0 | FO49: =IF($H49=$FK$1,DB49,0) -> 0 | FP49: =IF($H49=$FK$1,DC49,0) -> 0 | FQ49: =IF($H49=$FK$1,DD49,0) -> 0 | FR49: =IF($H49=$FK$1,DE49,0) -> 0 | FS49: =IF($H49=$FK$1,DF49,0) -> 0 | ... FX49: =IF($H49=$FK$1,DK49,0) -> 0 | FY49: =SUM(FL49:FX49) -> 0 | GB49: =FK49 -> Andre driftskostnader | GC49: =IF($H49=$GB$1,AR49,0) -> 0 | GD49: =IF($H49=$GB$1,-AS49,0) -> 0 | GE49: =IF($H49=$GB$1,-AT49,0) -> 0 | GF49: =IF($H49=$GB$1,-AU49,0) -> 0 | GG49: =IF($H49=$GB$1,-AV49,0) -> 0 | GH49: =IF($H49=$GB$1,-AW49,0) -> 0 | GI49: =IF($H49=$GB$1,-AX49,0) -> 0 | GJ49: =IF($H49=$GB$1,-AY49,0) -> 0 | GK49: =IF($H49=$GB$1,-AZ49,0) -> 0 | ... GO49: =IF($H49=$GB$1,-BD49,0) -> 0 | GP49: =SUM(GC49:GO49) -> 0
C50: =IF(Registrering!$B$28="Fast beløp",0,IF(Registrering!$B$28="Sats for ekst. fin. overhead",0,-F50)) -> 0 | F50: =SUM(K50:W50) -> 0 | AR50: =K50 -> 0 | AS50: =L50 -> 0 | AT50: =M50 -> 0 | AU50: =N50 -> 0 | AV50: =O50 -> 0 | AW50: =P50 -> 0 | AX50: =Q50 -> 0 | AY50: =R50 -> 0 | ... BD50: =W50 -> 0 | BE50: =SUM(AR50:BD50) -> 0 | CX50: =B50 -> 0 | CY50: =IF($H50="Egenandel",0,-AR50) -> 0 | CZ50: =IF($H50="Egenandel",0,-AS50) -> 0 | DA50: =IF($H50="Egenandel",0,-AT50) -> 0 | DB50: =IF($H50="Egenandel",0,-AU50) -> 0 | DC50: =IF($H50="Egenandel",0,-AV50) -> 0 | DD50: =IF($H50="Egenandel",0,-AW50) -> 0 | DE50: =IF($H50="Egenandel",0,-AX50) -> 0 | DF50: =IF($H50="Egenandel",0,-AY50) -> 0 | ... DK50: =IF($H50="Egenandel",0,-BD50) -> 0 | DL50: =SUM(CY50:DK50) -> 0 | DO50: =CX50 -> 0 | DP50: =IF($H50="NFR",CY50,0) -> 0 | DQ50: =IF($H50="NFR",CZ50,0) -> 0 | DR50: =IF($H50="NFR",DA50,0) -> 0 | DS50: =IF($H50="NFR",DB50,0) -> 0 | DT50: =IF($H50="NFR",DC50,0) -> 0 | DU50: =IF($H50="NFR",DD50,0) -> 0 | DV50: =IF($H50="NFR",DE50,0) -> 0 | DW50: =IF($H50="NFR",DF50,0) -> 0 | ... EB50: =IF($H50="NFR",DK50,0) -> 0 | EC50: =SUM(DP50:EB50) -> 0 | EE50: =DO50 -> 0 | EF50: =IF($H50=$EE$1,CY50,0) -> 0 | EG50: =IF($H50=$EE$1,CZ50,0) -> 0 | EH50: =IF($H50=$EE$1,DA50,0) -> 0 | EI50: =IF($H50=$EE$1,DB50,0) -> 0 | EJ50: =IF($H50=$EE$1,DC50,0) -> 0 | EK50: =IF($H50=$EE$1,DD50,0) -> 0 | EL50: =IF($H50=$EE$1,DE50,0) -> 0 | EM50: =IF($H50=$EE$1,DF50,0) -> 0 | ... ER50: =IF($H50=$EE$1,DK50,0) -> 0 | ES50: =SUM(EF50:ER50) -> 0 | EU50: =EE50 -> 0 | EV50: =IF($H50=$EU$1,CY50,0) -> 0 | EW50: =IF($H50=$EU$1,CZ50,0) -> 0 | EX50: =IF($H50=$EU$1,DA50,0) -> 0 | EY50: =IF($H50=$EU$1,DB50,0) -> 0 | EZ50: =IF($H50=$EU$1,DC50,0) -> 0 | FA50: =IF($H50=$EU$1,DD50,0) -> 0 | FB50: =IF($H50=$EU$1,DE50,0) -> 0 | FC50: =IF($H50=$EU$1,DF50,0) -> 0 | ... FH50: =IF($H50=$EU$1,DK50,0) -> 0 | FI50: =SUM(EV50:FH50) -> 0 | FK50: =EU50 -> 0 | FL50: =IF($H50=$FK$1,CY50,0) -> 0 | FM50: =IF($H50=$FK$1,CZ50,0) -> 0 | FN50: =IF($H50=$FK$1,DA50,0) -> 0 | FO50: =IF($H50=$FK$1,DB50,0) -> 0 | FP50: =IF($H50=$FK$1,DC50,0) -> 0 | FQ50: =IF($H50=$FK$1,DD50,0) -> 0 | FR50: =IF($H50=$FK$1,DE50,0) -> 0 | FS50: =IF($H50=$FK$1,DF50,0) -> 0 | ... FX50: =IF($H50=$FK$1,DK50,0) -> 0 | FY50: =SUM(FL50:FX50) -> 0 | GB50: =FK50 -> 0 | GC50: =IF($H50=$GB$1,AR50,0) -> 0 | GD50: =IF($H50=$GB$1,-AS50,0) -> 0 | GE50: =IF($H50=$GB$1,-AT50,0) -> 0 | GF50: =IF($H50=$GB$1,-AU50,0) -> 0 | GG50: =IF($H50=$GB$1,-AV50,0) -> 0 | GH50: =IF($H50=$GB$1,-AW50,0) -> 0 | GI50: =IF($H50=$GB$1,-AX50,0) -> 0 | GJ50: =IF($H50=$GB$1,-AY50,0) -> 0 | GK50: =IF($H50=$GB$1,-AZ50,0) -> 0 | ... GO50: =IF($H50=$GB$1,-BD50,0) -> 0 | GP50: =SUM(GC50:GO50) -> 0
C51: =IF(Registrering!$B$28="Fast beløp",0,IF(Registrering!$B$28="Sats for ekst. fin. overhead",0,-F51)) -> 0 | F51: =SUM(K51:W51) -> 0 | AR51: =K51 -> 0 | AS51: =L51 -> 0 | AT51: =M51 -> 0 | AU51: =N51 -> 0 | AV51: =O51 -> 0 | AW51: =P51 -> 0 | AX51: =Q51 -> 0 | AY51: =R51 -> 0 | ... BD51: =W51 -> 0 | BE51: =SUM(AR51:BD51) -> 0 | CX51: =B51 -> 0 | CY51: =IF($H51="Egenandel",0,-AR51) -> 0 | CZ51: =IF($H51="Egenandel",0,-AS51) -> 0 | DA51: =IF($H51="Egenandel",0,-AT51) -> 0 | DB51: =IF($H51="Egenandel",0,-AU51) -> 0 | DC51: =IF($H51="Egenandel",0,-AV51) -> 0 | DD51: =IF($H51="Egenandel",0,-AW51) -> 0 | DE51: =IF($H51="Egenandel",0,-AX51) -> 0 | DF51: =IF($H51="Egenandel",0,-AY51) -> 0 | ... DK51: =IF($H51="Egenandel",0,-BD51) -> 0 | DL51: =SUM(CY51:DK51) -> 0 | DO51: =CX51 -> 0 | DP51: =IF($H51="NFR",CY51,0) -> 0 | DQ51: =IF($H51="NFR",CZ51,0) -> 0 | DR51: =IF($H51="NFR",DA51,0) -> 0 | DS51: =IF($H51="NFR",DB51,0) -> 0 | DT51: =IF($H51="NFR",DC51,0) -> 0 | DU51: =IF($H51="NFR",DD51,0) -> 0 | DV51: =IF($H51="NFR",DE51,0) -> 0 | DW51: =IF($H51="NFR",DF51,0) -> 0 | ... EB51: =IF($H51="NFR",DK51,0) -> 0 | EC51: =SUM(DP51:EB51) -> 0 | EE51: =DO51 -> 0 | EF51: =IF($H51=$EE$1,CY51,0) -> 0 | EG51: =IF($H51=$EE$1,CZ51,0) -> 0 | EH51: =IF($H51=$EE$1,DA51,0) -> 0 | EI51: =IF($H51=$EE$1,DB51,0) -> 0 | EJ51: =IF($H51=$EE$1,DC51,0) -> 0 | EK51: =IF($H51=$EE$1,DD51,0) -> 0 | EL51: =IF($H51=$EE$1,DE51,0) -> 0 | EM51: =IF($H51=$EE$1,DF51,0) -> 0 | ... ER51: =IF($H51=$EE$1,DK51,0) -> 0 | ES51: =SUM(EF51:ER51) -> 0 | EU51: =EE51 -> 0 | EV51: =IF($H51=$EU$1,CY51,0) -> 0 | EW51: =IF($H51=$EU$1,CZ51,0) -> 0 | EX51: =IF($H51=$EU$1,DA51,0) -> 0 | EY51: =IF($H51=$EU$1,DB51,0) -> 0 | EZ51: =IF($H51=$EU$1,DC51,0) -> 0 | FA51: =IF($H51=$EU$1,DD51,0) -> 0 | FB51: =IF($H51=$EU$1,DE51,0) -> 0 | FC51: =IF($H51=$EU$1,DF51,0) -> 0 | ... FH51: =IF($H51=$EU$1,DK51,0) -> 0 | FI51: =SUM(EV51:FH51) -> 0 | FK51: =EU51 -> 0 | FL51: =IF($H51=$FK$1,CY51,0) -> 0 | FM51: =IF($H51=$FK$1,CZ51,0) -> 0 | FN51: =IF($H51=$FK$1,DA51,0) -> 0 | FO51: =IF($H51=$FK$1,DB51,0) -> 0 | FP51: =IF($H51=$FK$1,DC51,0) -> 0 | FQ51: =IF($H51=$FK$1,DD51,0) -> 0 | FR51: =IF($H51=$FK$1,DE51,0) -> 0 | FS51: =IF($H51=$FK$1,DF51,0) -> 0 | ... FX51: =IF($H51=$FK$1,DK51,0) -> 0 | FY51: =SUM(FL51:FX51) -> 0 | GB51: =FK51 -> 0 | GC51: =IF($H51=$GB$1,AR51,0) -> 0 | GD51: =IF($H51=$GB$1,-AS51,0) -> 0 | GE51: =IF($H51=$GB$1,-AT51,0) -> 0 | GF51: =IF($H51=$GB$1,-AU51,0) -> 0 | GG51: =IF($H51=$GB$1,-AV51,0) -> 0 | GH51: =IF($H51=$GB$1,-AW51,0) -> 0 | GI51: =IF($H51=$GB$1,-AX51,0) -> 0 | GJ51: =IF($H51=$GB$1,-AY51,0) -> 0 | GK51: =IF($H51=$GB$1,-AZ51,0) -> 0 | ... GO51: =IF($H51=$GB$1,-BD51,0) -> 0 | GP51: =SUM(GC51:GO51) -> 0
